Workbook

Sheet invoices
D1: Total | H1: Previous | K1: Paid | L1: Total Previous | M1: Initial | N1: Additional
A2: Agency | D2: Assessment | F2: Assessment | H2: Payment | J2: Invoiced | K2: License | L2: Payment | M2: License's | N2: License's | O2: License | P2: License | Q2: Invoice
A3: Code | B3: Name | D3: Percentage | F3: Amount | H3: Amount | J3: Amount | K3: Fees | L3: Amount | M3: Requested | N3: Requested | O3: Fee | P3: Subtotal | Q3: Amount Due
A5: A101 | B5: Texas Senate | D5: =+assessment!H5 -> 0.00071848859 | F5: =+assessment!J5 -> 37598.688 | H5: -32348.953 | J5: =SUM(F5:H5) -> 5249.7355 | K5: -225 | L5: =H5+K5 -> -32573.953 | M5: 1 | N5: 0 | O5: 225 | P5: =O5*N5 -> 0 | Q5: =P5+J5 -> 5249.7355
A6: A102 | B6: Texas House of Representatives | D6: =+assessment!H6 -> 0.00093692565 | F6: =+assessment!J6 -> 49029.555 | H6: -42183.381 | J6: =SUM(F6:H6) -> 6846.1732 | K6: -225 | L6: =H6+K6 -> -42408.381 | M6: 1 | N6: 0 | O6: 225 | P6: =O6*N6 -> 0 | Q6: =P6+J6 -> 6846.1732
A7: A103 | B7: Legislative Council | D7: =+assessment!H7 -> 0.00058928431 | F7: =+assessment!J7 -> 30837.396 | H7: -26531.822 | J7: =SUM(F7:H7) -> 4305.5734 | K7: -225 | L7: =H7+K7 -> -26756.822 | M7: 1 | N7: 0 | O7: 225 | P7: =O7*N7 -> 0 | Q7: =P7+J7 -> 4305.5734
A8: A104 | B8: Legislative Budget Board | D8: =+assessment!H8 -> 0.00023408977 | F8: =+assessment!J8 -> 12249.976 | H8: -10539.718 | J8: =SUM(F8:H8) -> 1710.2586 | K8: -225 | L8: =H8+K8 -> -10764.718 | M8: 1 | N8: 0 | O8: 225 | P8: =O8*N8 -> 0 | Q8: =P8+J8 -> 1710.2586
A9: A105 | B9: Legislative Reference Library | D9: =+assessment!H9 -> 3.0545676e-05 | F9: =+assessment!J9 -> 1598.4629 | H9: -1375.2673 | J9: =SUM(F9:H9) -> 223.19553 | K9: 0 | L9: =H9+K9 -> -1375.2673 | M9: 0 | N9: 0 | O9: 225 | P9: =O9*N9 -> 0 | Q9: =P9+J9 -> 223.19553
A10: A116 | B10: Sunset Advisory Commission | D10: =+assessment!H10 -> 4.4365642e-05 | F10: =+assessment!J10 -> 2321.6652 | H10: -1997.5121 | J10: =SUM(F10:H10) -> 324.15312 | K10: -225 | L10: =H10+K10 -> -2222.5121 | M10: 1 | N10: 0 | O10: 225 | P10: =O10*N10 -> 0 | Q10: =P10+J10 -> 324.15312
A11: A201 | B11: Supreme Court of Texas | D11: =+assessment!H11 -> 0.00014616604 | F11: =+assessment!J11 -> 7648.9054 | H11: -6580.9788 | J11: =SUM(F11:H11) -> 1067.9266 | K11: -225 | L11: =H11+K11 -> -6805.9788 | M11: 1 | N11: 0 | O11: 225 | P11: =O11*N11 -> 0 | Q11: =P11+J11 -> 1067.9266
A12: A203 | B12: Law Examiners, Board of | D12: =+assessment!H12 -> 3.5860618e-05 | F12: =+assessment!J12 -> 1876.5952 | H12: -1614.5795 | J12: =SUM(F12:H12) -> 262.0157 | K12: 0 | L12: =H12+K12 -> -1614.5795 | M12: 0 | N12: 0 | O12: 225 | P12: =O12*N12 -> 0 | Q12: =P12+J12 -> 262.0157
A13: A211 | B13: Court of Criminal Appeals | D13: =+assessment!H13 -> 0.0001220749 | F13: =+assessment!J13 -> 6388.2099 | H13: -5496.3299 | J13: =SUM(F13:H13) -> 891.88 | K13: -225 | L13: =H13+K13 -> -5721.3299 | M13: 1 | N13: 0 | O13: 225 | P13: =O13*N13 -> 0 | Q13: =P13+J13 -> 891.88
A14: A212 | B14: Court Administration, Office of | D14: =+assessment!H14 -> 0.00044010938 | F14: =+assessment!J14 -> 23031.034 | H14: -19815.403 | J14: =SUM(F14:H14) -> 3215.6318 | K14: 0 | L14: =H14+K14 -> -19815.403 | M14: 0 | N14: 0 | O14: 225 | P14: =O14*N14 -> 0 | Q14: =P14+J14 -> 3215.6318
A15: A213 | B15: Prosecuting Attorney, State | D15: =+assessment!H15 -> 7.3250211e-06 | F15: =+assessment!J15 -> 383.3202 | H15: -329.80345 | J15: =SUM(F15:H15) -> 53.516748 | K15: -225 | L15: =H15+K15 -> -554.80345 | M15: 1 | N15: 0 | O15: 225 | P15: =O15*N15 -> 0 | Q15: =P15+J15 -> 53.516748
A16: A215 | B16: Office of Capital and Forensic Writs | D16: =+assessment!H16 -> 3.8197546e-05 | F16: =+assessment!J16 -> 1998.8872 | H16: -1719.8058 | J16: =SUM(F16:H16) -> 279.0814 | K16: 0 | L16: =H16+K16 -> -1719.8058 | M16: 0 | N16: 0 | O16: 225 | P16: =O16*N16 -> 0 | Q16: =P16+J16 -> 279.0814
... A261: C252 | B261: Young | D261: =+assessment!H261 -> 8.5616124e-06 | F261: =+assessment!J261 -> 448.03133 | H261: -385.46952 | J261: =SUM(F261:H261) -> 62.56181 | K261: 0 | L261: =H261+K261 -> -385.46952 | M261: 0 | N261: 0 | O261: 225 | P261: =O261*N261 -> 0 | Q261: =P261+J261 -> 62.56181
B262: CSCDs | D262: =SUBTOTAL(9,D140:D261) -> 0.012438586 | F262: =SUBTOTAL(9,F140:F261) -> 650914.32 | H262: =SUBTOTAL(9,H140:H261) -> -560015.54 | J262: =SUBTOTAL(9,J140:J261) -> 90898.775 | K262: =SUBTOTAL(9,K140:K261) -> -5850 | L262: =SUBTOTAL(9,L140:L261) -> -565865.54 | M262: =SUBTOTAL(9,M140:M261) -> 26 | N262: =SUBTOTAL(9,N140:N261) -> 1 | O262: 225 | P262: =SUBTOTAL(9,P140:P261) -> 225 | Q262: =SUBTOTAL(9,Q140:Q261) -> 91123.775
D264: =SUBTOTAL(9,D4:D263) -> 1 | F264: =SUBTOTAL(9,F4:F263) -> 52330251 | H264: =SUBTOTAL(9,H4:H263) -> -45020544 | J264: =SUBTOTAL(9,J4:J263) -> 7309707.2 | K264: =SUBTOTAL(9,K4:K263) -> -43875 | L264: =SUBTOTAL(9,L4:L263) -> -45064419 | M264: =SUBTOTAL(9,M4:M263) -> 195 | N264: =SUBTOTAL(9,N4:N263) -> 7 | P264: =SUBTOTAL(9,P4:P263) -> 1575 | Q264: =SUBTOTAL(9,Q4:Q263) -> 7311282.2
D267: Projected Current FY (2026) Claim Payments | F267: =assessment!J267 -> 43000000 | H267: =+$H$264*(F267/$F$272) -> -36993581 | J267: =SUM(F267:H267) -> 6006418.9
D268: Previous FY Collected Shortage (Overage) | F268: =assessment!J268 -> -2966696.8 | H268: =+$H$264*(F268/$F$272) -> 2552296.2 | J268: =SUM(F268:H268) -> -414400.55
D269: Risk Management and Workers' Comp. Administration | F269: =assessment!J269 -> 15757392 | H269: =+$H$264*(F269/$F$272) -> -13556334 | J269: =SUM(F269:H269) -> 2201058.1
D270: Previous FY Collected Shortage (Overage) | F270: =assessment!J270 -> -3460444 | H270: =+$H$264*(F270/$F$272) -> 2977074.8 | J270: =SUM(F270:H270) -> -483369.21
F272: =SUM(F267:F271) -> 52330251 | H272: =SUM(H267:H271) -> -45020544 | J272: =SUM(J267:J271) -> 7309707.2

Sheet assessment
F1: Costs | H1: Total | O1: Initial | R1: Initial
A2: Agency | C2: Payroll * | D2: FTEs | E2: # Claims | F2: (Payouts) | H2: Assessment | J2: Assessment | L2: % of | O2: FY 2026 | R2: FY 2026
A3: Code | B3: Name | C3: 0.125 | D3: 0.125 | E3: 0.15 | F3: 0.6 | H3: Percentage | J3: Amount | L3: Payroll | O3: Assessment | P3: difference | R3: Percentage | S3: difference
A5: A101 | B5: Texas Senate | C5: =+payroll!G5 -> 0.0030468313 | D5: =+IFR!T5 -> 0.0027010775 | E5: =+claims!R5 -> 0 | F5: =+costs!L5 -> 0 | H5: =(C5*$C$3)+(D5*$D$3)+(E5*$E$3)+(F5*$F$3) -> 0.00071848859 | J5: =(+H5*$J$272) -> 37598.688 | L5: =+J5/payroll!F5 -> 0.0010211881 | O5: 43131.937 | P5: =+J5-O5 -> -5533.2489 | R5: 0.00071853759 | S5: =+H5-R5 -> -4.8995217e-08
A6: A102 | B6: Texas House of Representatives | C6: =+payroll!G6 -> 0.0033044859 | D6: =+IFR!T6 -> 0.0039696114 | E6: =+claims!R6 -> 0.00017176125 | F6: =+costs!L6 -> 3.1655143e-06 | H6: =(C6*$C$3)+(D6*$D$3)+(E6*$E$3)+(F6*$F$3) -> 0.00093692565 | J6: =(+H6*$J$272) -> 49029.555 | L6: =+J6/payroll!F6 -> 0.0012278223 | O6: 56244.509 | P6: =+J6-O6 -> -7214.9539 | R6: 0.00093698071 | S6: =+H6-R6 -> -5.5063169e-08
A7: A103 | B7: Legislative Council | C7: =+payroll!G7 -> 0.0026369337 | D7: =+IFR!T7 -> 0.0020773407 | E7: =+claims!R7 -> 0 | F7: =+costs!L7 -> 0 | H7: =(C7*$C$3)+(D7*$D$3)+(E7*$E$3)+(F7*$F$3) -> 0.00058928431 | J7: =(+H7*$J$272) -> 30837.396 | L7: =+J7/payroll!F7 -> 0.0009677428 | O7: 35375.763 | P7: =+J7-O7 -> -4538.3674 | R7: 0.00058932701 | S7: =+H7-R7 -> -4.2699431e-08
A8: A104 | B8: Legislative Budget Board | C8: =+payroll!G8 -> 0.0011759811 | D8: =+IFR!T8 -> 0.00069673699 | E8: =+claims!R8 -> 0 | F8: =+costs!L8 -> 0 | H8: =(C8*$C$3)+(D8*$D$3)+(E8*$E$3)+(F8*$F$3) -> 0.00023408977 | J8: =(+H8*$J$272) -> 12249.976 | L8: =+J8/payroll!F8 -> 0.00086201805 | O8: 14052.957 | P8: =+J8-O8 -> -1802.9806 | R8: 0.00023410907 | S8: =+H8-R8 -> -1.9303298e-08
A9: A105 | B9: Legislative Reference Library | C9: =+payroll!G9 -> 0.00011811767 | D9: =+IFR!T9 -> 0.00012624773 | E9: =+claims!R9 -> 0 | F9: =+costs!L9 -> 0 | H9: =(C9*$C$3)+(D9*$D$3)+(E9*$E$3)+(F9*$F$3) -> 3.0545676e-05 | J9: =(+H9*$J$272) -> 1598.4629 | L9: =+J9/payroll!F9 -> 0.001119874 | O9: 1833.6898 | P9: =+J9-O9 -> -235.22692 | R9: 3.0547551e-05 | S9: =+H9-R9 -> -1.8749623e-09
A10: A116 | B10: Sunset Advisory Commission | C10: =+payroll!G10 -> 0.00020096392 | D10: =+IFR!T10 -> 0.00015396121 | E10: =+claims!R10 -> 0 | F10: =+costs!L10 -> 0 | H10: =(C10*$C$3)+(D10*$D$3)+(E10*$E$3)+(F10*$F$3) -> 4.4365642e-05 | J10: =(+H10*$J$272) -> 2321.6652 | L10: =+J10/payroll!F10 -> 0.00095601114 | O10: 2663.3494 | P10: =+J10-O10 -> -341.68423 | R10: 4.4368901e-05 | S10: =+H10-R10 -> -3.2591216e-09
A11: A201 | B11: Supreme Court of Texas | C11: =+payroll!G11 -> 0.00062476658 | D11: =+IFR!T11 -> 0.00044726982 | E11: =+claims!R11 -> 5.7253749e-05 | F11: =+costs!L11 -> 5.9557072e-06 | H11: =(C11*$C$3)+(D11*$D$3)+(E11*$E$3)+(F11*$F$3) -> 0.00014616604 | J11: =(+H11*$J$272) -> 7648.9054 | L11: =+J11/payroll!F11 -> 0.0010131249 | O11: 8774.6384 | P11: =+J11-O11 -> -1125.733 | R11: 0.00014617724 | S11: =+H11-R11 -> -1.1203025e-08
A12: A203 | B12: Law Examiners, Board of | C12: =+payroll!G12 -> 0.00015795304 | D12: =+IFR!T12 -> 0.0001289319 | E12: =+claims!R12 -> 0 | F12: =+costs!L12 -> 0 | H12: =(C12*$C$3)+(D12*$D$3)+(E12*$E$3)+(F12*$F$3) -> 3.5860618e-05 | J12: =(+H12*$J$272) -> 1876.5952 | L12: =+J12/payroll!F12 -> 0.00098315968 | O12: 2152.7726 | P12: =+J12-O12 -> -276.17745 | R12: 3.5863171e-05 | S12: =+H12-R12 -> -2.5525988e-09
A13: A211 | B13: Court of Criminal Appeals | C13: =+payroll!G13 -> 0.00061148328 | D13: =+IFR!T13 -> 0.00036511588 | E13: =+claims!R13 -> 0 | F13: =+costs!L13 -> 0 | H13: =(C13*$C$3)+(D13*$D$3)+(E13*$E$3)+(F13*$F$3) -> 0.0001220749 | J13: =(+H13*$J$272) -> 6388.2099 | L13: =+J13/payroll!F13 -> 0.00086452202 | O13: 7328.4399 | P13: =+J13-O13 -> -940.22997 | R13: 0.00012208493 | S13: =+H13-R13 -> -1.0034061e-08
A14: A212 | B14: Court Administration, Office of | C14: =+payroll!G14 -> 0.0019733481 | D14: =+IFR!T14 -> 0.001547527 | E14: =+claims!R14 -> 0 | F14: =+costs!L14 -> 0 | H14: =(C14*$C$3)+(D14*$D$3)+(E14*$E$3)+(F14*$F$3) -> 0.00044010938 | J14: =(+H14*$J$272) -> 23031.034 | L14: =+J14/payroll!F14 -> 0.00096580893 | O14: 26420.537 | P14: =+J14-O14 -> -3389.5024 | R14: 0.00044014134 | S14: =+H14-R14 -> -3.1962104e-08
A15: A213 | B15: Prosecuting Attorney, State | C15: =+payroll!G15 -> 3.6576214e-05 | D15: =+IFR!T15 -> 2.2023955e-05 | E15: =+claims!R15 -> 0 | F15: =+costs!L15 -> 0 | H15: =(C15*$C$3)+(D15*$D$3)+(E15*$E$3)+(F15*$F$3) -> 7.3250211e-06 | J15: =(+H15*$J$272) -> 383.3202 | L15: =+J15/payroll!F15 -> 0.00086725022 | O15: 439.73793 | P15: =+J15-O15 -> -56.417734 | R15: 7.3256211e-06 | S15: =+H15-R15 -> -5.9998363e-10
A16: A215 | B16: Office of Capital and Forensic Writs | C16: =+payroll!G16 -> 0.0001793097 | D16: =+IFR!T16 -> 0.00012627067 | E16: =+claims!R16 -> 0 | F16: =+costs!L16 -> 0 | H16: =(C16*$C$3)+(D16*$D$3)+(E16*$E$3)+(F16*$F$3) -> 3.8197546e-05 | J16: =(+H16*$J$272) -> 1998.8872 | L16: =+J16/payroll!F16 -> 0.00092249916 | O16: 2293.0744 | P16: =+J16-O16 -> -294.1872 | R16: 3.8200467e-05 | S16: =+H16-R16 -> -2.9205515e-09
... A261: C252 | B261: Young | C261: =+payroll!G261 -> 2.9950978e-05 | D261: =+IFR!T261 -> 3.8541921e-05 | E261: =+claims!R261 -> 0 | F261: =+costs!L261 -> 0 | H261: =(C261*$C$3)+(D261*$D$3)+(E261*$E$3)+(F261*$F$3) -> 8.5616124e-06 | J261: =(+H261*$J$272) -> 448.03133 | L261: =+J261/payroll!F261 -> 0.0012378808 | O261: 513.95936 | P261: =+J261-O261 -> -65.92803 | R261: 8.5620804e-06 | S261: =+H261-R261 -> -4.6801748e-10
B262: CSCDs | C262: =SUBTOTAL(9,C140:C261) -> 0.023119588 | D262: =SUBTOTAL(9,D140:D261) -> 0.030331574 | E262: =SUBTOTAL(9,E140:E261) -> 0.009103346 | F262: =SUBTOTAL(9,F140:F261) -> 0.0073194811 | H262: =SUBTOTAL(9,H140:H261) -> 0.012438586 | J262: =(+H262*$J$272) -> 650914.32 | L262: =+J262/payroll!F262 -> 0.0023298352 | O262: =SUBTOTAL(9,O140:O261) -> 746687.39 | P262: =SUBTOTAL(9,P140:P261) -> -95773.073 | R262: =SUM(R140:R261) -> 0.012439111 | S262: =SUBTOTAL(9,S140:S261) -> -5.2521967e-07
C264: =SUBTOTAL(9,C4:C263) -> 1 | D264: =SUBTOTAL(9,D4:D263) -> 1 | E264: =SUBTOTAL(9,E4:E263) -> 1 | F264: =SUBTOTAL(9,F4:F263) -> 1 | H264: =SUBTOTAL(9,H4:H263) -> 1 | J264: =SUBTOTAL(9,J4:J261) -> 52330251 | L264: =+J264/payroll!F264 -> 0.0043304626 | O264: =SUBTOTAL(9,O4:O261) -> 60027392 | P264: =SUBTOTAL(9,P4:P263) -> -7697140.8 | R264: =SUBTOTAL(9,R4:R261) -> 1 | S264: =SUBTOTAL(9,S4:S263) -> 2.1426969e-17
H267: Projected Current FY (2026) Claim Payments | J267: 43000000 | O267: 45670000 | P267: =+J267-O267 -> -2670000
H268: Previous FY Collected Shortage (Overage) | J268: -2966696.8 | O268: -1000000 | P268: =+J268-O268 -> -1966696.8
H269: Risk Management and Workers' Comp. Administration(incl.required funding for emp.benefits) | J269: =13160325+2597067 -> 15757392 | O269: =13160325+2597067 -> 15757392 | P269: =+J269-O269 -> 0
H270: Previous FY Collected Shortage (Overage) | J270: -3460444 | O270: -400000 | P270: =+J270-O270 -> -3060444
J272: =SUM(J267:J271) -> 52330251 | O272: =SUM(O267:O271) -> 60027392 | P272: =SUM(P267:P271) -> -7697140.8

Sheet payroll
A2: Agency | F2: weighted | G2: Assessment
A3: Code | B3: Name | C3: FY2022 | D3: FY2023 | E3: FY2024 | F3: average | G3: Percentage
A5: A101 | B5: Texas Senate | C5: 30269078 | D5: 36697632 | E5: 39082362 | F5: =IF(C5>0,(+C5+(D5*2)+(E5*3))/6,IF(D5>0,((D5*2)+(E5*3))/5,E5)) -> 36818571 | G5: =+F5/$F$264 -> 0.0030468313
A6: A102 | B6: Texas House of Representatives | C6: 32615192 | D6: 40407364 | E6: 42054278 | F6: =IF(C6>0,(+C6+(D6*2)+(E6*3))/6,IF(D6>0,((D6*2)+(E6*3))/5,E6)) -> 39932126 | G6: =+F6/$F$264 -> 0.0033044859
A7: A103 | B7: Legislative Council | C7: 27860962 | D7: 32755436 | E7: 32606617 | F7: =IF(C7>0,(+C7+(D7*2)+(E7*3))/6,IF(D7>0,((D7*2)+(E7*3))/5,E7)) -> 31865281 | G7: =+F7/$F$264 -> 0.0026369337
A8: A104 | B8: Legislative Budget Board | C8: 11496805 | D8: 12724952 | E8: 16106054 | F8: =IF(C8>0,(+C8+(D8*2)+(E8*3))/6,IF(D8>0,((D8*2)+(E8*3))/5,E8)) -> 14210812 | G8: =+F8/$F$264 -> 0.0011759811
A9: A105 | B9: Legislative Reference Library | C9: 1311911 | D9: 1381287.9 | E9: 1496557 | F9: =IF(C9>0,(+C9+(D9*2)+(E9*3))/6,IF(D9>0,((D9*2)+(E9*3))/5,E9)) -> 1427359.6 | G9: =+F9/$F$264 -> 0.00011811767
A10: A116 | B10: Sunset Advisory Commission | C10: 2080070.6 | D10: 2044603.2 | E10: 2800557.9 | F10: =IF(C10>0,(+C10+(D10*2)+(E10*3))/6,IF(D10>0,((D10*2)+(E10*3))/5,E10)) -> 2428491.8 | G10: =+F10/$F$264 -> 0.00020096392
A11: A201 | B11: Supreme Court of Texas | C11: 7747179 | D11: 8240720 | E11: 7023424 | F11: =IF(C11>0,(+C11+(D11*2)+(E11*3))/6,IF(D11>0,((D11*2)+(E11*3))/5,E11)) -> 7549815.2 | G11: =+F11/$F$264 -> 0.00062476658
A12: A203 | B12: Law Examiners, Board of | C12: 1874267 | D12: 1554604.8 | E12: 2156319 | F12: =IF(C12>0,(+C12+(D12*2)+(E12*3))/6,IF(D12>0,((D12*2)+(E12*3))/5,E12)) -> 1908738.9 | G12: =+F12/$F$264 -> 0.00015795304
A13: A211 | B13: Court of Criminal Appeals | C13: 7022312.8 | D13: 6902979 | E13: 7835837 | F13: =IF(C13>0,(+C13+(D13*2)+(E13*3))/6,IF(D13>0,((D13*2)+(E13*3))/5,E13)) -> 7389297 | G13: =+F13/$F$264 -> 0.00061148328
A14: A212 | B14: Court Administration, Office of | C14: 23036847 | D14: 23564983 | E14: 24303797 | F14: =IF(C14>0,(+C14+(D14*2)+(E14*3))/6,IF(D14>0,((D14*2)+(E14*3))/5,E14)) -> 23846367 | G14: =+F14/$F$264 -> 0.0019733481
A15: A213 | B15: Prosecuting Attorney, State | C15: 418146.12 | D15: 446491.22 | E15: 446947 | F15: =IF(C15>0,(+C15+(D15*2)+(E15*3))/6,IF(D15>0,((D15*2)+(E15*3))/5,E15)) -> 441994.93 | G15: =+F15/$F$264 -> 3.6576214e-05
A16: A215 | B16: Office of Capital and Forensic Writs | C16: 1821219 | D16: 1745715.1 | E16: 2562751.6 | F16: =IF(C16>0,(+C16+(D16*2)+(E16*3))/6,IF(D16>0,((D16*2)+(E16*3))/5,E16)) -> 2166817.4 | G16: =+F16/$F$264 -> 0.0001793097
... A34: A243 | B34: Law Library, State | C34: 592835.39 | D34: 661271.08 | E34: 723179.27 | F34: =IF(C34>0,(+C34+(D34*2)+(E34*3))/6,IF(D34>0,((D34*2)+(E34*3))/5,E34)) -> 680819.23 | G34: =+F34/$F$264 -> 5.6339538e-05
A35: A301 | B35: Governor's Office & Office of the Governor, Trustee Program | C35: =12246005.12+8172080 -> 20418085 | D35: =14345868.93+9918148.65 -> 24264018 | E35: =15076593+12469777 -> 27546370 | F35: =IF(C35>0,(+C35+(D35*2)+(E35*3))/6,IF(D35>0,((D35*2)+(E35*3))/5,E35)) -> 25264205 | G35: =+F35/$F$264 -> 0.0020906778
A36: A302 | B36: Attorney General, Office of the | C36: 253316825 | D36: 253316825 | E36: 284942274 | F36: =IF(C36>0,(+C36+(D36*2)+(E36*3))/6,IF(D36>0,((D36*2)+(E36*3))/5,E36)) -> 2.6912955e+08 | G36: =+F36/$F$264 -> 0.022271161
A37: A303 | B37: Texas Facilities Commission | C37: 21389984 | D37: =24419585.19 -> 24419585 | E37: 28230766 | F37: =IF(C37>0,(+C37+(D37*2)+(E37*3))/6,IF(D37>0,((D37*2)+(E37*3))/5,E37)) -> 25820242 | G37: =+F37/$F$264 -> 0.0021366913
A38: A304 | B38: Comptroller of Public Accounts, State | C38: 1.7965424e+08 | D38: 1.9535413e+08 | E38: 2.1920153e+08 | F38: =IF(C38>0,(+C38+(D38*2)+(E38*3))/6,IF(D38>0,((D38*2)+(E38*3))/5,E38)) -> 2.0466118e+08 | G38: =+F38/$F$264 -> 0.016936238
A39: A305 | B39: General Land Office | C39: 61292534 | D39: 65667867 | E39: 73486233 | F39: =IF(C39>0,(+C39+(D39*2)+(E39*3))/6,IF(D39>0,((D39*2)+(E39*3))/5,E39)) -> 68847828 | G39: =+F39/$F$264 -> 0.0056973344
A40: A306 | B40: Library and Archives Commission | C40: 9511162 | D40: 8310399 | E40: 9212359 | F40: =IF(C40>0,(+C40+(D40*2)+(E40*3))/6,IF(D40>0,((D40*2)+(E40*3))/5,E40)) -> 8961506.2 | G40: =+F40/$F$264 -> 0.00074158763
A41: A307 | B41: Secretary of State | C41: 11639268 | D41: 12541156 | E41: 16781974 | F41: =IF(C41>0,(+C41+(D41*2)+(E41*3))/6,IF(D41>0,((D41*2)+(E41*3))/5,E41)) -> 14511250 | G41: =+F41/$F$264 -> 0.0012008432
A42: A308 | B42: State Auditor's Office | C42: 15954716 | D42: 16638244 | E42: 17442981 | F42: =IF(C42>0,(+C42+(D42*2)+(E42*3))/6,IF(D42>0,((D42*2)+(E42*3))/5,E42)) -> 16926691 | G42: =+F42/$F$264 -> 0.0014007271
A43: A312 | B43: Securities Board | C43: 6206888 | D43: 6357031 | E43: 6846580 | F43: =IF(C43>0,(+C43+(D43*2)+(E43*3))/6,IF(D43>0,((D43*2)+(E43*3))/5,E43)) -> 6576781.6 | G43: =+F43/$F$264 -> 0.00054424556
A44: A313 | B44: Information Resources, Dept. of | C44: 19477000 | D44: 21945251 | E44: 24648459 | F44: =IF(C44>0,(+C44+(D44*2)+(E44*3))/6,IF(D44>0,((D44*2)+(E44*3))/5,E44)) -> 22885480 | G44: =+F44/$F$264 -> 0.0018938322
A45: A320 | B45: Texas Workforce Commission | C45: 233875100 | D45: 242020827 | E45: 276963600 | F45: =IF(C45>0,(+C45+(D45*2)+(E45*3))/6,IF(D45>0,((D45*2)+(E45*3))/5,E45)) -> 2.5813459e+08 | G45: =+F45/$F$264 -> 0.0213613
A46: A326 | B46: Texas Emergency Services Retirement System | C46: 526706.33 | D46: 450800 | E46: 571733 | F46: =IF(C46>0,(+C46+(D46*2)+(E46*3))/6,IF(D46>0,((D46*2)+(E46*3))/5,E46)) -> 523917.55 | G46: =+F46/$F$264 -> 4.3355522e-05
A47: A329 | B47: Real Estate Commission | C47: 9238696.8 | D47: 11074732 | E47: 12307041 | F47: =IF(C47>0,(+C47+(D47*2)+(E47*3))/6,IF(D47>0,((D47*2)+(E47*3))/5,E47)) -> 11384881 | G47: =+F47/$F$264 -> 0.00094212809
A48: A332 | B48: Housing and Community Affairs, Dept. of | C48: 24632655 | D48: 30216494 | E48: 30771660 | F48: =IF(C48>0,(+C48+(D48*2)+(E48*3))/6,IF(D48>0,((D48*2)+(E48*3))/5,E48)) -> 29563437 | G48: =+F48/$F$264 -> 0.0024464503
A49: A338 | B49: Pension Review Board, State | C49: 847352.63 | D49: 1050064.4 | E49: 1081002 | F49: =IF(C49>0,(+C49+(D49*2)+(E49*3))/6,IF(D49>0,((D49*2)+(E49*3))/5,E49)) -> 1031747.9 | G49: =+F49/$F$264 -> 8.5379785e-05
... A64: A451 | B64: Banking, State Department of | C64: 18505077 | D64: 19550942 | E64: 20988270 | F64: =IF(C64>0,(+C64+(D64*2)+(E64*3))/6,IF(D64>0,((D64*2)+(E64*3))/5,E64)) -> 20095295 | G64: =+F64/$F$264 -> 0.0016629372
A65: A452 | B65: Licensing and Regulation, Dept. of | C65: =32216573.02+22135263.85 -> 54351837 | D65: =31824317.26+22716593.19 -> 54540910 | E65: =24614450.59+34131047.05 -> 58745498 | F65: =IF(C65>0,(+C65+(D65*2)+(E65*3))/6,IF(D65>0,((D65*2)+(E65*3))/5,E65)) -> 56611692 | G65: =+F65/$F$264 -> 0.0046847628
A66: A454 | B66: Insurance, Department of | C66: 80694165 | D66: 84994364 | E66: 89165641 | F66: =IF(C66>0,(+C66+(D66*2)+(E66*3))/6,IF(D66>0,((D66*2)+(E66*3))/5,E66)) -> 86363303 | G66: =+F66/$F$264 -> 0.0071467849
A67: A455 | B67: Railroad Commission | C67: 61300524 | D67: 70710013 | E67: 78451334 | F67: =IF(C67>0,(+C67+(D67*2)+(E67*3))/6,IF(D67>0,((D67*2)+(E67*3))/5,E67)) -> 73012425 | G67: =+F67/$F$264 -> 0.0060419655
A68: A456 | B68: Plumbing Examiners, State Board of | C68: 1825834 | D68: 2047721 | E68: 2205042 | F68: =IF(C68>0,(+C68+(D68*2)+(E68*3))/6,IF(D68>0,((D68*2)+(E68*3))/5,E68)) -> 2089400.3 | G68: =+F68/$F$264 -> 0.00017290324
A69: A457 | B69: Public Accountancy, State Board of | C69: 2963792.7 | D69: 3137655.2 | E69: 3244610.7 | F69: =IF(C69>0,(+C69+(D69*2)+(E69*3))/6,IF(D69>0,((D69*2)+(E69*3))/5,E69)) -> 3162155.9 | G69: =+F69/$F$264 -> 0.00026167651
A70: A458 | B70: Alcoholic Beverage Commission | C70: 37393995 | D70: 36721657 | E70: 39577547 | F70: =IF(C70>0,(+C70+(D70*2)+(E70*3))/6,IF(D70>0,((D70*2)+(E70*3))/5,E70)) -> 38261658 | G70: =+F70/$F$264 -> 0.0031662504
A71: A459 | B71: Architectural Examiners, Board of | C71: 1711501 | D71: 1822197 | E71: 1881802 | F71: =IF(C71>0,(+C71+(D71*2)+(E71*3))/6,IF(D71>0,((D71*2)+(E71*3))/5,E71)) -> 1833550.1 | G71: =+F71/$F$264 -> 0.00015173098
A72: A460 | B72: Professional Engineers and Land Surveyors, Texas Board of | C72: 2660673.7 | D72: 2675787.7 | E72: 2788385.9 | F72: =IF(C72>0,(+C72+(D72*2)+(E72*3))/6,IF(D72>0,((D72*2)+(E72*3))/5,E72)) -> 2729567.8 | G72: =+F72/$F$264 -> 0.00022587874
A73: A466 | B73: Consumer Credit Commissioner, Office of | C73: 4555837 | D73: 4883480.9 | E73: 5043061.1 | F73: =IF(C73>0,(+C73+(D73*2)+(E73*3))/6,IF(D73>0,((D73*2)+(E73*3))/5,E73)) -> 4908663.7 | G73: =+F73/$F$264 -> 0.00040620451
A74: A469 | B74: Credit Union Department | C74: 2518553 | D74: 2718471 | E74: 3022333 | F74: =IF(C74>0,(+C74+(D74*2)+(E74*3))/6,IF(D74>0,((D74*2)+(E74*3))/5,E74)) -> 2837082.3 | G74: =+F74/$F$264 -> 0.00023477584
A75: A473 | B75: Public Utility Commission of Texas | C75: 16113818 | D75: 19697661 | E75: 23596118 | F75: =IF(C75>0,(+C75+(D75*2)+(E75*3))/6,IF(D75>0,((D75*2)+(E75*3))/5,E75)) -> 21049583 | G75: =+F75/$F$264 -> 0.001741907
A76: A475 | B76: Public Utility Counsel, Office of | C76: 987169.98 | D76: 1155484 | E76: 1348432 | F76: =IF(C76>0,(+C76+(D76*2)+(E76*3))/6,IF(D76>0,((D76*2)+(E76*3))/5,E76)) -> 1223905.6 | G76: =+F76/$F$264 -> 0.00010128133
A77: A476 | B77: Racing Commission | C77: 2239636 | D77: 2575528.2 | E77: 2788244.5 | F77: =IF(C77>0,(+C77+(D77*2)+(E77*3))/6,IF(D77>0,((D77*2)+(E77*3))/5,E77)) -> 2625904.3 | G77: =+F77/$F$264 -> 0.00021730032
... A197: C117 | B197: Hutchinson | C197: 238637.85 | D197: 273582.45 | E197: 312539.78 | F197: =IF(C197>0,(+C197+(D197*2)+(E197*3))/6,IF(D197>0,((D197*2)+(E197*3))/5,E197)) -> 287237.02 | G197: =+F197/$F$264 -> 2.37696e-05
A198: C121 | B198: Jasper - Formerly Shelby and Tyler | C198: =898429.06+225473.49 -> 1123902.6 | D198: =1022351.75+38707.14 -> 1061058.9 | E198: 1155484.5 | F198: =IF(C198>0,(+C198+(D198*2)+(E198*3))/6,IF(D198>0,((D198*2)+(E198*3))/5,E198)) -> 1118745.6 | G198: =+F198/$F$264 -> 9.2579072e-05
A199: C123 | B199: Jefferson | C199: 3813103.8 | D199: 3643203.2 | E199: 3822395.6 | F199: =IF(C199>0,(+C199+(D199*2)+(E199*3))/6,IF(D199>0,((D199*2)+(E199*3))/5,E199)) -> 3761116.2 | G199: =+F199/$F$264 -> 0.00031124202
A200: C125 | B200: Jim Wells | C200: 721897.04 | D200: 884472.04 | E200: 753725.29 | F200: =IF(C200>0,(+C200+(D200*2)+(E200*3))/6,IF(D200>0,((D200*2)+(E200*3))/5,E200)) -> 792002.83 | G200: =+F200/$F$264 -> 6.5540267e-05
A201: C126 | B201: Johnson | C201: 2378262.7 | D201: 2469010.5 | E201: 2740494.6 | F201: =IF(C201>0,(+C201+(D201*2)+(E201*3))/6,IF(D201>0,((D201*2)+(E201*3))/5,E201)) -> 2589627.9 | G201: =+F201/$F$264 -> 0.00021429835
A202: C127 | B202: Jones | C202: 225246.86 | D202: 252981.52 | E202: 279546.51 | F202: =IF(C202>0,(+C202+(D202*2)+(E202*3))/6,IF(D202>0,((D202*2)+(E202*3))/5,E202)) -> 261641.57 | G202: =+F202/$F$264 -> 2.1651511e-05
A203: C129 | B203: Kaufman | C203: 1106107 | D203: 1168995.9 | E203: 1479191 | F203: =IF(C203>0,(+C203+(D203*2)+(E203*3))/6,IF(D203>0,((D203*2)+(E203*3))/5,E203)) -> 1313612 | G203: =+F203/$F$264 -> 0.00010870476
A204: C130 | B204: Kendall | C204: 419080.74 | D204: 543856.28 | E204: 536997.42 | F204: =IF(C204>0,(+C204+(D204*2)+(E204*3))/6,IF(D204>0,((D204*2)+(E204*3))/5,E204)) -> 519630.93 | G204: =+F204/$F$264 -> 4.3000793e-05
A205: C133 | B205: Kerr | C205: 1013684.6 | D205: 1128499.3 | E205: 1261432.1 | F205: =IF(C205>0,(+C205+(D205*2)+(E205*3))/6,IF(D205>0,((D205*2)+(E205*3))/5,E205)) -> 1175829.9 | G205: =+F205/$F$264 -> 9.730294e-05
A206: C137 | B206: Kleberg | C206: 531765.93 | D206: 579934.85 | E206: 613831 | F206: =IF(C206>0,(+C206+(D206*2)+(E206*3))/6,IF(D206>0,((D206*2)+(E206*3))/5,E206)) -> 588854.77 | G206: =+F206/$F$264 -> 4.8729243e-05
A207: C139 | B207: Lamar | C207: 522324.69 | D207: 566756.55 | E207: 580302.38 | F207: =IF(C207>0,(+C207+(D207*2)+(E207*3))/6,IF(D207>0,((D207*2)+(E207*3))/5,E207)) -> 566124.16 | G207: =+F207/$F$264 -> 4.6848226e-05
A208: C140 | B208: Lamb | C208: 158640.93 | D208: 163595.08 | E208: 178710.02 | F208: =IF(C208>0,(+C208+(D208*2)+(E208*3))/6,IF(D208>0,((D208*2)+(E208*3))/5,E208)) -> 170326.86 | G208: =+F208/$F$264 -> 1.4094985e-05
A209: C143 | B209: Lavaca | C209: 1705181.8 | D209: 1735501.8 | E209: 1761810.6 | F209: =IF(C209>0,(+C209+(D209*2)+(E209*3))/6,IF(D209>0,((D209*2)+(E209*3))/5,E209)) -> 1743602.9 | G209: =+F209/$F$264 -> 0.00014428761
A210: C146 | B210: Liberty - Merged with Chambers | C210: 798901.32 | D210: 834670.84 | E210: 838243.55 | F210: =IF(C210>0,(+C210+(D210*2)+(E210*3))/6,IF(D210>0,((D210*2)+(E210*3))/5,E210)) -> 830495.61 | G210: =+F210/$F$264 -> 6.8725643e-05
... A261: C252 | B261: Young | C261: 347546.9 | D261: 358671.58 | E261: 368904.91 | F261: =IF(C261>0,(+C261+(D261*2)+(E261*3))/6,IF(D261>0,((D261*2)+(E261*3))/5,E261)) -> 361934.13 | G261: =+F261/$F$264 -> 2.9950978e-05
B262: CSCDs | C262: =SUBTOTAL(9,C140:C261) -> 2.4748415e+08 | D262: =SUBTOTAL(9,D140:D261) -> 2.6965535e+08 | E262: =SUBTOTAL(9,E140:E261) -> 2.964993e+08 | F262: =SUBTOTAL(9,F140:F261) -> 2.7938212e+08 | G262: =SUBTOTAL(9,G140:G261) -> 0.023119588
C264: =SUBTOTAL(9,C5:C263) -> 1.065537e+10 | D264: =SUBTOTAL(9,D5:D263) -> 1.1629112e+10 | E264: =SUBTOTAL(9,E5:E263) -> 1.2857303e+10 | F264: =SUBTOTAL(9,F5:F263) -> 1.2084217e+10 | G264: =SUBTOTAL(9,G5:G261) -> 1

Sheet IFR
T1: FTE | AD1: raw
A2: Agency | C2: 2022 | G2: 2022 Avg. | H2: 2023 | L2: 2023 Avg. | M2: 2024 | Q2: 2024 Avg. | R2: weighted | T2: Assessment | V2: FY2022 | W2: FY2023 | X2: FY2024 | Z2: FY2022 | AA2: FY2023 | AB2: FY2024 | AD2: weighted
A3: Code | B3: Name | C3: 1 | D3: 2 | E3: 3 | F3: 4 | G3: FTE | H3: 1 | I3: 2 | J3: 3 | K3: 4 | L3: FTE | M3: 1 | N3: 2 | O3: 3 | P3: 4 | Q3: FTE | R3: FTE avg. | T3: Percentage | V3: claims | W3: claims | X3: claims | Z3: IFR | AA3: IFR | AB3: IFR | AD3: IFR avg.
A5: A101 | B5: Texas Senate | C5: 474.3 | D5: 451.7 | E5: 440.5 | F5: 444.5 | G5: =AVERAGE(C5:F5) -> 452.75 | H5: 439.1 | I5: 507.4 | J5: 561.1 | K5: 525.8 | L5: =AVERAGE(H5:K5) -> 508.35 | M5: 500.6 | N5: 493.2 | O5: 478.9 | P5: 492.6 | Q5: =AVERAGE(M5:P5) -> 491.325 | R5: =IF(G5>0,(+G5+(L5*2)+(Q5*3))/6,IF(L5>0,((L5*2)+(Q5*3))/5,Q5)) -> 490.57083 | T5: =+R5/$R$264 -> 0.0027010775 | V5: =claims!D5 -> 0 | W5: =claims!E5 -> 0 | X5: =claims!F5 -> 0 | Z5: =IF(G5>100,IF(V5<1,0,+V5/G5),IF(V5<1,0,+V5/100)) -> 0 | AA5: =IF(L5>100,IF(W5<1,0,+W5/L5),IF(W5<1,0,+W5/100)) -> 0 | AB5: =IF(Q5>100,IF(X5<1,0,+X5/Q5),IF(X5<1,0,+X5/100)) -> 0 | AD5: =(+Z5+(AA5*2)+(AB5*3))/6 -> 0
A6: A102 | B6: Texas House of Representatives | C6: 715.6 | D6: 686.2 | E6: 663.8 | F6: 676.8 | G6: =AVERAGE(C6:F6) -> 685.6 | H6: 715.8 | I6: 686.6 | J6: 664.1 | K6: 676.8 | L6: =AVERAGE(H6:K6) -> 685.825 | M6: 764.5 | N6: 754.7 | O6: 744.1 | P6: 761.4 | Q6: =AVERAGE(M6:P6) -> 756.175 | R6: =IF(G6>0,(+G6+(L6*2)+(Q6*3))/6,IF(L6>0,((L6*2)+(Q6*3))/5,Q6)) -> 720.9625 | T6: =+R6/$R$264 -> 0.0039696114 | V6: =claims!D6 -> 1 | W6: =claims!E6 -> 1 | X6: =claims!F6 -> 1 | Z6: =IF(G6>100,IF(V6<1,0,+V6/G6),IF(V6<1,0,+V6/100)) -> 0.0014585764 | AA6: =IF(L6>100,IF(W6<1,0,+W6/L6),IF(W6<1,0,+W6/100)) -> 0.0014580979 | AB6: =IF(Q6>100,IF(X6<1,0,+X6/Q6),IF(X6<1,0,+X6/100)) -> 0.0013224452 | AD6: =(+Z6+(AA6*2)+(AB6*3))/6 -> 0.0013903513
A7: A103 | B7: Legislative Council | C7: 359 | D7: 362 | E7: 363 | F7: 364 | G7: =AVERAGE(C7:F7) -> 362 | H7: 379 | I7: 403 | J7: 402 | K7: 378 | L7: =AVERAGE(H7:K7) -> 390.5 | M7: 370 | N7: 371 | O7: 373 | P7: 380.3 | Q7: =AVERAGE(M7:P7) -> 373.575 | R7: =IF(G7>0,(+G7+(L7*2)+(Q7*3))/6,IF(L7>0,((L7*2)+(Q7*3))/5,Q7)) -> 377.2875 | T7: =+R7/$R$264 -> 0.0020773407 | V7: =claims!D7 -> 0 | W7: =claims!E7 -> 0 | X7: =claims!F7 -> 0 | Z7: =IF(G7>100,IF(V7<1,0,+V7/G7),IF(V7<1,0,+V7/100)) -> 0 | AA7: =IF(L7>100,IF(W7<1,0,+W7/L7),IF(W7<1,0,+W7/100)) -> 0 | AB7: =IF(Q7>100,IF(X7<1,0,+X7/Q7),IF(X7<1,0,+X7/100)) -> 0 | AD7: =(+Z7+(AA7*2)+(AB7*3))/6 -> 0
A8: A104 | B8: Legislative Budget Board | C8: 109 | D8: 110 | E8: 120 | F8: 127 | G8: =AVERAGE(C8:F8) -> 116.5 | H8: 127 | I8: 124 | J8: 128 | K8: 128 | L8: =AVERAGE(H8:K8) -> 126.75 | M8: 129 | N8: 129 | O8: 129 | P8: 132 | Q8: =AVERAGE(M8:P8) -> 129.75 | R8: =IF(G8>0,(+G8+(L8*2)+(Q8*3))/6,IF(L8>0,((L8*2)+(Q8*3))/5,Q8)) -> 126.54167 | T8: =+R8/$R$264 -> 0.00069673699 | V8: =claims!D8 -> 0 | W8: =claims!E8 -> 0 | X8: =claims!F8 -> 0 | Z8: =IF(G8>100,IF(V8<1,0,+V8/G8),IF(V8<1,0,+V8/100)) -> 0 | AA8: =IF(L8>100,IF(W8<1,0,+W8/L8),IF(W8<1,0,+W8/100)) -> 0 | AB8: =IF(Q8>100,IF(X8<1,0,+X8/Q8),IF(X8<1,0,+X8/100)) -> 0 | AD8: =(+Z8+(AA8*2)+(AB8*3))/6 -> 0
A9: A105 | B9: Legislative Reference Library | C9: 22.4 | D9: 23.2 | E9: 22.3 | F9: 22.3 | G9: =AVERAGE(C9:F9) -> 22.55 | H9: 21 | I9: 22.5 | J9: 24.2 | K9: 23.6 | L9: =AVERAGE(H9:K9) -> 22.825 | M9: 23.2 | N9: 22.4 | O9: 22.9 | P9: 24 | Q9: =AVERAGE(M9:P9) -> 23.125 | R9: =IF(G9>0,(+G9+(L9*2)+(Q9*3))/6,IF(L9>0,((L9*2)+(Q9*3))/5,Q9)) -> 22.929167 | T9: =+R9/$R$264 -> 0.00012624773 | V9: =claims!D9 -> 0 | W9: =claims!E9 -> 0 | X9: =claims!F9 -> 0 | Z9: =IF(G9>100,IF(V9<1,0,+V9/G9),IF(V9<1,0,+V9/100)) -> 0 | AA9: =IF(L9>100,IF(W9<1,0,+W9/L9),IF(W9<1,0,+W9/100)) -> 0 | AB9: =IF(Q9>100,IF(X9<1,0,+X9/Q9),IF(X9<1,0,+X9/100)) -> 0 | AD9: =(+Z9+(AA9*2)+(AB9*3))/6 -> 0
A10: A116 | B10: Sunset Advisory Commission | C10: 28.2 | D10: 25 | E10: 24.7 | F10: 25.7 | G10: =AVERAGE(C10:F10) -> 25.9 | H10: 24 | I10: 24 | J10: 23 | K10: 24.5 | L10: =AVERAGE(H10:K10) -> 23.875 | M10: 30.3 | N10: 30.8 | O10: 32 | P10: 32.4 | Q10: =AVERAGE(M10:P10) -> 31.375 | R10: =IF(G10>0,(+G10+(L10*2)+(Q10*3))/6,IF(L10>0,((L10*2)+(Q10*3))/5,Q10)) -> 27.9625 | T10: =+R10/$R$264 -> 0.00015396121 | V10: =claims!D10 -> 0 | W10: =claims!E10 -> 0 | X10: =claims!F10 -> 0 | Z10: =IF(G10>100,IF(V10<1,0,+V10/G10),IF(V10<1,0,+V10/100)) -> 0 | AA10: =IF(L10>100,IF(W10<1,0,+W10/L10),IF(W10<1,0,+W10/100)) -> 0 | AB10: =IF(Q10>100,IF(X10<1,0,+X10/Q10),IF(X10<1,0,+X10/100)) -> 0 | AD10: =(+Z10+(AA10*2)+(AB10*3))/6 -> 0
A11: A201 | B11: Supreme Court of Texas | C11: 80.8 | D11: 82.3 | E11: 83.3 | F11: 80.6 | G11: =AVERAGE(C11:F11) -> 81.75 | H11: 81.2 | I11: 82.1 | J11: 80.9 | K11: 79.9 | L11: =AVERAGE(H11:K11) -> 81.025 | M11: 81.5 | N11: 82 | O11: 82 | P11: 79.3 | Q11: =AVERAGE(M11:P11) -> 81.2 | R11: =IF(G11>0,(+G11+(L11*2)+(Q11*3))/6,IF(L11>0,((L11*2)+(Q11*3))/5,Q11)) -> 81.233333 | T11: =+R11/$R$264 -> 0.00044726982 | V11: =claims!D11 -> 0 | W11: =claims!E11 -> 1 | X11: =claims!F11 -> 0 | Z11: =IF(G11>100,IF(V11<1,0,+V11/G11),IF(V11<1,0,+V11/100)) -> 0 | AA11: =IF(L11>100,IF(W11<1,0,+W11/L11),IF(W11<1,0,+W11/100)) -> 0.01 | AB11: =IF(Q11>100,IF(X11<1,0,+X11/Q11),IF(X11<1,0,+X11/100)) -> 0 | AD11: =(+Z11+(AA11*2)+(AB11*3))/6 -> 0.0033333333
A12: A203 | B12: Law Examiners, Board of | C12: 20 | D12: 19 | E12: 23 | F12: 27 | G12: =AVERAGE(C12:F12) -> 22.25 | H12: 20 | I12: 19.5 | J12: 20 | K12: 30 | L12: =AVERAGE(H12:K12) -> 22.375 | M12: 20.5 | N12: 20.5 | O12: 24 | P12: 33 | Q12: =AVERAGE(M12:P12) -> 24.5 | R12: =IF(G12>0,(+G12+(L12*2)+(Q12*3))/6,IF(L12>0,((L12*2)+(Q12*3))/5,Q12)) -> 23.416667 | T12: =+R12/$R$264 -> 0.0001289319 | V12: =claims!D12 -> 0 | W12: =claims!E12 -> 0 | X12: =claims!F12 -> 0 | Z12: =IF(G12>100,IF(V12<1,0,+V12/G12),IF(V12<1,0,+V12/100)) -> 0 | AA12: =IF(L12>100,IF(W12<1,0,+W12/L12),IF(W12<1,0,+W12/100)) -> 0 | AB12: =IF(Q12>100,IF(X12<1,0,+X12/Q12),IF(X12<1,0,+X12/100)) -> 0 | AD12: =(+Z12+(AA12*2)+(AB12*3))/6 -> 0
A13: A211 | B13: Court of Criminal Appeals | C13: 65.3 | D13: 64.2 | E13: 67.2 | F13: 62.6 | G13: =AVERAGE(C13:F13) -> 64.825 | H13: 67.2 | I13: 68 | J13: 67.4 | K13: 64.2 | L13: =AVERAGE(H13:K13) -> 66.7 | M13: 66.3 | N13: 68.7 | O13: 68.4 | P13: 62.8 | Q13: =AVERAGE(M13:P13) -> 66.55 | R13: =IF(G13>0,(+G13+(L13*2)+(Q13*3))/6,IF(L13>0,((L13*2)+(Q13*3))/5,Q13)) -> 66.3125 | T13: =+R13/$R$264 -> 0.00036511588 | V13: =claims!D13 -> 0 | W13: =claims!E13 -> 0 | X13: =claims!F13 -> 0 | Z13: =IF(G13>100,IF(V13<1,0,+V13/G13),IF(V13<1,0,+V13/100)) -> 0 | AA13: =IF(L13>100,IF(W13<1,0,+W13/L13),IF(W13<1,0,+W13/100)) -> 0 | AB13: =IF(Q13>100,IF(X13<1,0,+X13/Q13),IF(X13<1,0,+X13/100)) -> 0 | AD13: =(+Z13+(AA13*2)+(AB13*3))/6 -> 0
A14: A212 | B14: Court Administration, Office of | C14: 264.2 | D14: 272.2 | E14: 278.2 | F14: 281.2 | G14: =AVERAGE(C14:F14) -> 273.95 | H14: 277.1 | I14: 281.1 | J14: 280.1 | K14: 278.2 | L14: =AVERAGE(H14:K14) -> 279.125 | M14: 279 | N14: 282.6 | O14: 287.1 | P14: 290.2 | Q14: =AVERAGE(M14:P14) -> 284.725 | R14: =IF(G14>0,(+G14+(L14*2)+(Q14*3))/6,IF(L14>0,((L14*2)+(Q14*3))/5,Q14)) -> 281.0625 | T14: =+R14/$R$264 -> 0.001547527 | V14: =claims!D14 -> 0 | W14: =claims!E14 -> 0 | X14: =claims!F14 -> 0 | Z14: =IF(G14>100,IF(V14<1,0,+V14/G14),IF(V14<1,0,+V14/100)) -> 0 | AA14: =IF(L14>100,IF(W14<1,0,+W14/L14),IF(W14<1,0,+W14/100)) -> 0 | AB14: =IF(Q14>100,IF(X14<1,0,+X14/Q14),IF(X14<1,0,+X14/100)) -> 0 | AD14: =(+Z14+(AA14*2)+(AB14*3))/6 -> 0
A15: A213 | B15: Prosecuting Attorney, State | C15: 4 | D15: 4 | E15: 4 | F15: 4 | G15: =AVERAGE(C15:F15) -> 4 | H15: 4 | I15: 4 | J15: 4 | K15: 4 | L15: =AVERAGE(H15:K15) -> 4 | M15: 4 | N15: 4 | O15: 4 | P15: 4 | Q15: =AVERAGE(M15:P15) -> 4 | R15: =IF(G15>0,(+G15+(L15*2)+(Q15*3))/6,IF(L15>0,((L15*2)+(Q15*3))/5,Q15)) -> 4 | T15: =+R15/$R$264 -> 2.2023955e-05 | V15: =claims!D15 -> 0 | W15: =claims!E15 -> 0 | X15: =claims!F15 -> 0 | Z15: =IF(G15>100,IF(V15<1,0,+V15/G15),IF(V15<1,0,+V15/100)) -> 0 | AA15: =IF(L15>100,IF(W15<1,0,+W15/L15),IF(W15<1,0,+W15/100)) -> 0 | AB15: =IF(Q15>100,IF(X15<1,0,+X15/Q15),IF(X15<1,0,+X15/100)) -> 0 | AD15: =(+Z15+(AA15*2)+(AB15*3))/6 -> 0
A16: A215 | B16: Office of Capital and Forensic Writs | C16: 22 | D16: 21.4 | E16: 22.3 | F16: 22.7 | G16: =AVERAGE(C16:F16) -> 22.1 | H16: 21 | I16: 21.4 | J16: 20.6 | K16: 20.4 | L16: =AVERAGE(H16:K16) -> 20.85 | M16: 22.3 | N16: 23.9 | O16: 26.2 | P16: 26 | Q16: =AVERAGE(M16:P16) -> 24.6 | R16: =IF(G16>0,(+G16+(L16*2)+(Q16*3))/6,IF(L16>0,((L16*2)+(Q16*3))/5,Q16)) -> 22.933333 | T16: =+R16/$R$264 -> 0.00012627067 | V16: =claims!D16 -> 0 | W16: =claims!E16 -> 0 | X16: =claims!F16 -> 0 | Z16: =IF(G16>100,IF(V16<1,0,+V16/G16),IF(V16<1,0,+V16/100)) -> 0 | AA16: =IF(L16>100,IF(W16<1,0,+W16/L16),IF(W16<1,0,+W16/100)) -> 0 | AB16: =IF(Q16>100,IF(X16<1,0,+X16/Q16),IF(X16<1,0,+X16/100)) -> 0 | AD16: =(+Z16+(AA16*2)+(AB16*3))/6 -> 0
... A34: A243 | B34: Law Library, State | C34: 10 | D34: 9.1 | E34: 8.5 | F34: 9.3 | G34: =AVERAGE(C34:F34) -> 9.225 | H34: 10 | I34: 10.9 | J34: 11.3 | K34: 10.8 | L34: =AVERAGE(H34:K34) -> 10.75 | M34: 11 | N34: 11.5 | O34: 10.8 | P34: 11 | Q34: =AVERAGE(M34:P34) -> 11.075 | R34: =IF(G34>0,(+G34+(L34*2)+(Q34*3))/6,IF(L34>0,((L34*2)+(Q34*3))/5,Q34)) -> 10.658333 | T34: =+R34/$R$264 -> 5.8684663e-05 | V34: =claims!D34 -> 0 | W34: =claims!E34 -> 0 | X34: =claims!F34 -> 0 | Z34: =IF(G34>100,IF(V34<1,0,+V34/G34),IF(V34<1,0,+V34/100)) -> 0 | AA34: =IF(L34>100,IF(W34<1,0,+W34/L34),IF(W34<1,0,+W34/100)) -> 0 | AB34: =IF(Q34>100,IF(X34<1,0,+X34/Q34),IF(X34<1,0,+X34/100)) -> 0 | AD34: =(+Z34+(AA34*2)+(AB34*3))/6 -> 0
A35: A301 | B35: Governor's Office | C35: =171.8+86.7 -> 258.5 | D35: =167.9+85 -> 252.9 | E35: =171.5+82.8 -> 254.3 | F35: =165.4+89.4 -> 254.8 | G35: =AVERAGE(C35:F35) -> 255.125 | H35: =165.2+86.8 -> 252 | I35: =166.8+100.5 -> 267.3 | J35: =174.6+106.4 -> 281 | K35: =187.8+105.8 -> 293.6 | L35: =AVERAGE(H35:K35) -> 273.475 | M35: =191.2+105.9 -> 297.1 | N35: =190.3+102.9 -> 293.2 | O35: =196.7+102.4 -> 299.1 | P35: =201+102.7 -> 303.7 | Q35: =AVERAGE(M35:P35) -> 298.275 | R35: =IF(G35>0,(+G35+(L35*2)+(Q35*3))/6,IF(L35>0,((L35*2)+(Q35*3))/5,Q35)) -> 282.81667 | T35: =+R35/$R$264 -> 0.0015571854 | V35: =claims!D35 -> 1 | W35: =claims!E35 -> 0 | X35: =claims!F35 -> 0 | Z35: =IF(G35>100,IF(V35<1,0,+V35/G35),IF(V35<1,0,+V35/100)) -> 0.0039196472 | AA35: =IF(L35>100,IF(W35<1,0,+W35/L35),IF(W35<1,0,+W35/100)) -> 0 | AB35: =IF(Q35>100,IF(X35<1,0,+X35/Q35),IF(X35<1,0,+X35/100)) -> 0 | AD35: =(+Z35+(AA35*2)+(AB35*3))/6 -> 0.00065327454
A36: A302 | B36: Attorney General, Office of the | C36: 4043.6 | D36: 4068.5 | E36: 4004 | F36: 3942.7 | G36: =AVERAGE(C36:F36) -> 4014.7 | H36: 3915.3 | I36: 3931.5 | J36: 3938.2 | K36: 4001.1 | L36: =AVERAGE(H36:K36) -> 3946.525 | M36: 4026.8 | N36: 4105.1 | O36: 4165.9 | P36: 4231.8 | Q36: =AVERAGE(M36:P36) -> 4132.4 | R36: =IF(G36>0,(+G36+(L36*2)+(Q36*3))/6,IF(L36>0,((L36*2)+(Q36*3))/5,Q36)) -> 4050.825 | T36: =+R36/$R$264 -> 0.022303797 | V36: =claims!D36 -> 12 | W36: =claims!E36 -> 8 | X36: =claims!F36 -> 16 | Z36: =IF(G36>100,IF(V36<1,0,+V36/G36),IF(V36<1,0,+V36/100)) -> 0.0029890154 | AA36: =IF(L36>100,IF(W36<1,0,+W36/L36),IF(W36<1,0,+W36/100)) -> 0.0020270998 | AB36: =IF(Q36>100,IF(X36<1,0,+X36/Q36),IF(X36<1,0,+X36/100)) -> 0.003871842 | AD36: =(+Z36+(AA36*2)+(AB36*3))/6 -> 0.0031097902
A37: A303 | B37: Texas Facilities Commission | C37: 359.6 | D37: 362.5 | E37: 366.4 | F37: 377.7 | G37: =AVERAGE(C37:F37) -> 366.55 | H37: 390.5 | I37: 390 | J37: 391.7 | K37: 390.2 | L37: =AVERAGE(H37:K37) -> 390.6 | M37: 406.4 | N37: 413 | O37: 416.3 | P37: 435 | Q37: =AVERAGE(M37:P37) -> 417.675 | R37: =IF(G37>0,(+G37+(L37*2)+(Q37*3))/6,IF(L37>0,((L37*2)+(Q37*3))/5,Q37)) -> 400.12917 | T37: =+R37/$R$264 -> 0.0022031067 | V37: =claims!D37 -> 9 | W37: =claims!E37 -> 14 | X37: =claims!F37 -> 5 | Z37: =IF(G37>100,IF(V37<1,0,+V37/G37),IF(V37<1,0,+V37/100)) -> 0.024553267 | AA37: =IF(L37>100,IF(W37<1,0,+W37/L37),IF(W37<1,0,+W37/100)) -> 0.035842294 | AB37: =IF(Q37>100,IF(X37<1,0,+X37/Q37),IF(X37<1,0,+X37/100)) -> 0.01197103 | AD37: =(+Z37+(AA37*2)+(AB37*3))/6 -> 0.022025158
A38: A304 | B38: Comptroller of Public Accounts, State | C38: 2492.6 | D38: 2490.2 | E38: 2476.2 | F38: 2481.8 | G38: =AVERAGE(C38:F38) -> 2485.2 | H38: 2463.7 | I38: 2534.4 | J38: 2580 | K38: 2680.6 | L38: =AVERAGE(H38:K38) -> 2564.675 | M38: 2664.9 | N38: 2702.3 | O38: 2735 | P38: 2799.5 | Q38: =AVERAGE(M38:P38) -> 2725.425 | R38: =IF(G38>0,(+G38+(L38*2)+(Q38*3))/6,IF(L38>0,((L38*2)+(Q38*3))/5,Q38)) -> 2631.8042 | T38: =+R38/$R$264 -> 0.014490684 | V38: =claims!D38 -> 11 | W38: =claims!E38 -> 7 | X38: =claims!F38 -> 6 | Z38: =IF(G38>100,IF(V38<1,0,+V38/G38),IF(V38<1,0,+V38/100)) -> 0.0044262031 | AA38: =IF(L38>100,IF(W38<1,0,+W38/L38),IF(W38<1,0,+W38/100)) -> 0.0027293907 | AB38: =IF(Q38>100,IF(X38<1,0,+X38/Q38),IF(X38<1,0,+X38/100)) -> 0.0022014915 | AD38: =(+Z38+(AA38*2)+(AB38*3))/6 -> 0.0027482432
A39: A305 | B39: General Land Office | C39: 698.1 | D39: 701.2 | E39: 711.7 | F39: 731 | G39: =AVERAGE(C39:F39) -> 710.5 | H39: 736.6 | I39: 739.1 | J39: 733.9 | K39: 750.6 | L39: =AVERAGE(H39:K39) -> 740.05 | M39: 753.1 | N39: 771.3 | O39: 784.5 | P39: 814.2 | Q39: =AVERAGE(M39:P39) -> 780.775 | R39: =IF(G39>0,(+G39+(L39*2)+(Q39*3))/6,IF(L39>0,((L39*2)+(Q39*3))/5,Q39)) -> 755.4875 | T39: =+R39/$R$264 -> 0.0041597056 | V39: =claims!D39 -> 2 | W39: =claims!E39 -> 4 | X39: =claims!F39 -> 6 | Z39: =IF(G39>100,IF(V39<1,0,+V39/G39),IF(V39<1,0,+V39/100)) -> 0.0028149191 | AA39: =IF(L39>100,IF(W39<1,0,+W39/L39),IF(W39<1,0,+W39/100)) -> 0.0054050402 | AB39: =IF(Q39>100,IF(X39<1,0,+X39/Q39),IF(X39<1,0,+X39/100)) -> 0.0076846723 | AD39: =(+Z39+(AA39*2)+(AB39*3))/6 -> 0.0061131694
A40: A306 | B40: Library and Archives Commission | C40: 153.1 | D40: 153.3 | E40: 157 | F40: 151.7 | G40: =AVERAGE(C40:F40) -> 153.775 | H40: 153.1 | I40: 149.6 | J40: 151.5 | K40: 157 | L40: =AVERAGE(H40:K40) -> 152.8 | M40: 153.6 | N40: 155.8 | O40: 156.2 | P40: 163.7 | Q40: =AVERAGE(M40:P40) -> 157.325 | R40: =IF(G40>0,(+G40+(L40*2)+(Q40*3))/6,IF(L40>0,((L40*2)+(Q40*3))/5,Q40)) -> 155.225 | T40: =+R40/$R$264 -> 0.0008546671 | V40: =claims!D40 -> 0 | W40: =claims!E40 -> 1 | X40: =claims!F40 -> 2 | Z40: =IF(G40>100,IF(V40<1,0,+V40/G40),IF(V40<1,0,+V40/100)) -> 0 | AA40: =IF(L40>100,IF(W40<1,0,+W40/L40),IF(W40<1,0,+W40/100)) -> 0.0065445026 | AB40: =IF(Q40>100,IF(X40<1,0,+X40/Q40),IF(X40<1,0,+X40/100)) -> 0.012712538 | AD40: =(+Z40+(AA40*2)+(AB40*3))/6 -> 0.0085377697
A41: A307 | B41: Secretary of State | C41: 168.6 | D41: 176.2 | E41: 190.5 | F41: 190.5 | G41: =AVERAGE(C41:F41) -> 181.45 | H41: 198.1 | I41: 198.5 | J41: 199.3 | K41: 206 | L41: =AVERAGE(H41:K41) -> 200.475 | M41: 206.9 | N41: 217.3 | O41: 239.2 | P41: 257.1 | Q41: =AVERAGE(M41:P41) -> 230.125 | R41: =IF(G41>0,(+G41+(L41*2)+(Q41*3))/6,IF(L41>0,((L41*2)+(Q41*3))/5,Q41)) -> 212.12917 | T41: =+R41/$R$264 -> 0.0011679808 | V41: =claims!D41 -> 1 | W41: =claims!E41 -> 0 | X41: =claims!F41 -> 0 | Z41: =IF(G41>100,IF(V41<1,0,+V41/G41),IF(V41<1,0,+V41/100)) -> 0.0055111601 | AA41: =IF(L41>100,IF(W41<1,0,+W41/L41),IF(W41<1,0,+W41/100)) -> 0 | AB41: =IF(Q41>100,IF(X41<1,0,+X41/Q41),IF(X41<1,0,+X41/100)) -> 0 | AD41: =(+Z41+(AA41*2)+(AB41*3))/6 -> 0.00091852668
A42: A308 | B42: State Auditor's Office | C42: 177 | D42: 181 | E42: 180 | F42: 179 | G42: =AVERAGE(C42:F42) -> 179.25 | H42: 175 | I42: 174 | J42: 174.4 | K42: 176 | L42: =AVERAGE(H42:K42) -> 174.85 | M42: 178.3 | N42: 184.1 | O42: 182.2 | P42: 194.9 | Q42: =AVERAGE(M42:P42) -> 184.875 | R42: =IF(G42>0,(+G42+(L42*2)+(Q42*3))/6,IF(L42>0,((L42*2)+(Q42*3))/5,Q42)) -> 180.59583 | T42: =+R42/$R$264 -> 0.00099435862 | V42: =claims!D42 -> 0 | W42: =claims!E42 -> 1 | X42: =claims!F42 -> 0 | Z42: =IF(G42>100,IF(V42<1,0,+V42/G42),IF(V42<1,0,+V42/100)) -> 0 | AA42: =IF(L42>100,IF(W42<1,0,+W42/L42),IF(W42<1,0,+W42/100)) -> 0.0057191879 | AB42: =IF(Q42>100,IF(X42<1,0,+X42/Q42),IF(X42<1,0,+X42/100)) -> 0 | AD42: =(+Z42+(AA42*2)+(AB42*3))/6 -> 0.001906396
A43: A312 | B43: Securities Board | C43: 81.3 | D43: 80.3 | E43: 78.3 | F43: 77.3 | G43: =AVERAGE(C43:F43) -> 79.3 | H43: 78.3 | I43: 80.3 | J43: 78.3 | K43: 80.3 | L43: =AVERAGE(H43:K43) -> 79.3 | M43: 81.3 | N43: 85.3 | O43: 82.3 | P43: 84.3 | Q43: =AVERAGE(M43:P43) -> 83.3 | R43: =IF(G43>0,(+G43+(L43*2)+(Q43*3))/6,IF(L43>0,((L43*2)+(Q43*3))/5,Q43)) -> 81.3 | T43: =+R43/$R$264 -> 0.00044763688 | V43: =claims!D43 -> 0 | W43: =claims!E43 -> 0 | X43: =claims!F43 -> 0 | Z43: =IF(G43>100,IF(V43<1,0,+V43/G43),IF(V43<1,0,+V43/100)) -> 0 | AA43: =IF(L43>100,IF(W43<1,0,+W43/L43),IF(W43<1,0,+W43/100)) -> 0 | AB43: =IF(Q43>100,IF(X43<1,0,+X43/Q43),IF(X43<1,0,+X43/100)) -> 0 | AD43: =(+Z43+(AA43*2)+(AB43*3))/6 -> 0
A44: A313 | B44: Information Resources, Dept. of | C44: 200.1 | D44: 206.9 | E44: 221.9 | F44: 213.8 | G44: =AVERAGE(C44:F44) -> 210.675 | H44: 213.4 | I44: 212.5 | J44: 220.4 | K44: 225.7 | L44: =AVERAGE(H44:K44) -> 218 | M44: 232.2 | N44: 240.1 | O44: 254 | P44: 250.4 | Q44: =AVERAGE(M44:P44) -> 244.175 | R44: =IF(G44>0,(+G44+(L44*2)+(Q44*3))/6,IF(L44>0,((L44*2)+(Q44*3))/5,Q44)) -> 229.86667 | T44: =+R44/$R$264 -> 0.0012656433 | V44: =claims!D44 -> 0 | W44: =claims!E44 -> 0 | X44: =claims!F44 -> 1 | Z44: =IF(G44>100,IF(V44<1,0,+V44/G44),IF(V44<1,0,+V44/100)) -> 0 | AA44: =IF(L44>100,IF(W44<1,0,+W44/L44),IF(W44<1,0,+W44/100)) -> 0 | AB44: =IF(Q44>100,IF(X44<1,0,+X44/Q44),IF(X44<1,0,+X44/100)) -> 0.0040954234 | AD44: =(+Z44+(AA44*2)+(AB44*3))/6 -> 0.0020477117
A45: A320 | B45: Texas Workforce Commission | C45: 5221 | D45: 4846.6 | E45: 4666.3 | F45: 4703.8 | G45: =AVERAGE(C45:F45) -> 4859.425 | H45: 4674 | I45: 4655.7 | J45: 4761.1 | K45: 4710.5 | L45: =AVERAGE(H45:K45) -> 4700.325 | M45: 4670.5 | N45: 4671.8 | O45: 4675.5 | P45: 4701.2 | Q45: =AVERAGE(M45:P45) -> 4679.75 | R45: =IF(G45>0,(+G45+(L45*2)+(Q45*3))/6,IF(L45>0,((L45*2)+(Q45*3))/5,Q45)) -> 4716.5542 | T45: =+R45/$R$264 -> 0.025969294 | V45: =claims!D45 -> 17 | W45: =claims!E45 -> 25 | X45: =claims!F45 -> 28 | Z45: =IF(G45>100,IF(V45<1,0,+V45/G45),IF(V45<1,0,+V45/100)) -> 0.0034983563 | AA45: =IF(L45>100,IF(W45<1,0,+W45/L45),IF(W45<1,0,+W45/100)) -> 0.0053187811 | AB45: =IF(Q45>100,IF(X45<1,0,+X45/Q45),IF(X45<1,0,+X45/100)) -> 0.0059832256 | AD45: =(+Z45+(AA45*2)+(AB45*3))/6 -> 0.0053475992
A46: A326 | B46: Texas Emergency Services Retirement System | C46: 9 | D46: 9 | E46: 9 | F46: 8 | G46: =AVERAGE(C46:F46) -> 8.75 | H46: 9 | I46: 6 | J46: 7 | K46: 9 | L46: =AVERAGE(H46:K46) -> 7.75 | M46: 9 | N46: 9 | O46: 8 | P46: 8 | Q46: =AVERAGE(M46:P46) -> 8.5 | R46: =IF(G46>0,(+G46+(L46*2)+(Q46*3))/6,IF(L46>0,((L46*2)+(Q46*3))/5,Q46)) -> 8.2916667 | T46: =+R46/$R$264 -> 4.5653823e-05 | V46: =claims!D46 -> 0 | W46: =claims!E46 -> 0 | X46: =claims!F46 -> 0 | Z46: =IF(G46>100,IF(V46<1,0,+V46/G46),IF(V46<1,0,+V46/100)) -> 0 | AA46: =IF(L46>100,IF(W46<1,0,+W46/L46),IF(W46<1,0,+W46/100)) -> 0 | AB46: =IF(Q46>100,IF(X46<1,0,+X46/Q46),IF(X46<1,0,+X46/100)) -> 0 | AD46: =(+Z46+(AA46*2)+(AB46*3))/6 -> 0
A47: A329 | B47: Real Estate Commission | C47: 139 | D47: 138 | E47: 140 | F47: 147 | G47: =AVERAGE(C47:F47) -> 141 | H47: 151 | I47: 159 | J47: 157 | K47: 161 | L47: =AVERAGE(H47:K47) -> 157 | M47: 162 | N47: 163 | O47: 162 | P47: 161 | Q47: =AVERAGE(M47:P47) -> 162 | R47: =IF(G47>0,(+G47+(L47*2)+(Q47*3))/6,IF(L47>0,((L47*2)+(Q47*3))/5,Q47)) -> 156.83333 | T47: =+R47/$R$264 -> 0.00086352256 | V47: =claims!D47 -> 0 | W47: =claims!E47 -> 0 | X47: =claims!F47 -> 0 | Z47: =IF(G47>100,IF(V47<1,0,+V47/G47),IF(V47<1,0,+V47/100)) -> 0 | AA47: =IF(L47>100,IF(W47<1,0,+W47/L47),IF(W47<1,0,+W47/100)) -> 0 | AB47: =IF(Q47>100,IF(X47<1,0,+X47/Q47),IF(X47<1,0,+X47/100)) -> 0 | AD47: =(+Z47+(AA47*2)+(AB47*3))/6 -> 0
... A64: A451 | B64: Banking, State Department of | C64: 165.9 | D64: 163.2 | E64: 173.9 | F64: 164.5 | G64: =AVERAGE(C64:F64) -> 166.875 | H64: 162.4 | I64: 166.4 | J64: 164.8 | K64: 178.1 | L64: =AVERAGE(H64:K64) -> 167.925 | M64: 171.1 | N64: 176.5 | O64: 181.8 | P64: 191.8 | Q64: =AVERAGE(M64:P64) -> 180.3 | R64: =IF(G64>0,(+G64+(L64*2)+(Q64*3))/6,IF(L64>0,((L64*2)+(Q64*3))/5,Q64)) -> 173.9375 | T64: =+R64/$R$264 -> 0.00095769791 | V64: =claims!D64 -> 0 | W64: =claims!E64 -> 0 | X64: =claims!F64 -> 0 | Z64: =IF(G64>100,IF(V64<1,0,+V64/G64),IF(V64<1,0,+V64/100)) -> 0 | AA64: =IF(L64>100,IF(W64<1,0,+W64/L64),IF(W64<1,0,+W64/100)) -> 0 | AB64: =IF(Q64>100,IF(X64<1,0,+X64/Q64),IF(X64<1,0,+X64/100)) -> 0 | AD64: =(+Z64+(AA64*2)+(AB64*3))/6 -> 0
A65: A452 | B65: Licensing and Regulation, Dept. of | C65: =498.6+279.6 -> 778.2 | D65: =499.6+284.6 -> 784.2 | E65: =494.7+286.1 -> 780.8 | F65: =484.6+289.3 -> 773.9 | G65: =AVERAGE(C65:F65) -> 779.275 | H65: =478.2+286 -> 764.2 | I65: =482.2+284.3 -> 766.5 | J65: =484.9+285.7 -> 770.6 | K65: =503.6+286 -> 789.6 | L65: =AVERAGE(H65:K65) -> 772.725 | M65: =507.2+286.7 -> 793.9 | N65: =508.2+295.8 -> 804 | O65: =506.8+297.2 -> 804 | P65: =515+300.6 -> 815.6 | Q65: =AVERAGE(M65:P65) -> 804.375 | R65: =IF(G65>0,(+G65+(L65*2)+(Q65*3))/6,IF(L65>0,((L65*2)+(Q65*3))/5,Q65)) -> 789.64167 | T65: =+R65/$R$264 -> 0.0043477581 | V65: =claims!D65 -> 2 | W65: =claims!E65 -> 7 | X65: =claims!F65 -> 5 | Z65: =IF(G65>100,IF(V65<1,0,+V65/G65),IF(V65<1,0,+V65/100)) -> 0.0025664881 | AA65: =IF(L65>100,IF(W65<1,0,+W65/L65),IF(W65<1,0,+W65/100)) -> 0.0090588502 | AB65: =IF(Q65>100,IF(X65<1,0,+X65/Q65),IF(X65<1,0,+X65/100)) -> 0.0062160062 | AD65: =(+Z65+(AA65*2)+(AB65*3))/6 -> 0.0065553678
A66: A454 | B66: Insurance, Department of | C66: 1229.2 | D66: 1212.3 | E66: 1202.4 | F66: 1194 | G66: =AVERAGE(C66:F66) -> 1209.475 | H66: 1182.9 | I66: 1189.2 | J66: 1214.8 | K66: 1229.6 | L66: =AVERAGE(H66:K66) -> 1204.125 | M66: 1227.4 | N66: 1234.5 | O66: 1226.8 | P66: 1233.2 | Q66: =AVERAGE(M66:P66) -> 1230.475 | R66: =IF(G66>0,(+G66+(L66*2)+(Q66*3))/6,IF(L66>0,((L66*2)+(Q66*3))/5,Q66)) -> 1218.1917 | T66: =+R66/$R$264 -> 0.0067073496 | V66: =claims!D66 -> 5 | W66: =claims!E66 -> 8 | X66: =claims!F66 -> 3 | Z66: =IF(G66>100,IF(V66<1,0,+V66/G66),IF(V66<1,0,+V66/100)) -> 0.0041340251 | AA66: =IF(L66>100,IF(W66<1,0,+W66/L66),IF(W66<1,0,+W66/100)) -> 0.0066438285 | AB66: =IF(Q66>100,IF(X66<1,0,+X66/Q66),IF(X66<1,0,+X66/100)) -> 0.0024380829 | AD66: =(+Z66+(AA66*2)+(AB66*3))/6 -> 0.0041226551
A67: A455 | B67: Railroad Commission | C67: 828.5 | D67: 847.3 | E67: 862.2 | F67: 906.8 | G67: =AVERAGE(C67:F67) -> 861.2 | H67: 938 | I67: 953 | J67: 963.4 | K67: 985.3 | L67: =AVERAGE(H67:K67) -> 959.925 | M67: 993 | N67: 1005.7 | O67: 1013 | P67: 1029.6 | Q67: =AVERAGE(M67:P67) -> 1010.325 | R67: =IF(G67>0,(+G67+(L67*2)+(Q67*3))/6,IF(L67>0,((L67*2)+(Q67*3))/5,Q67)) -> 968.67083 | T67: =+R67/$R$264 -> 0.0053334907 | V67: =claims!D67 -> 3 | W67: =claims!E67 -> 2 | X67: =claims!F67 -> 3 | Z67: =IF(G67>100,IF(V67<1,0,+V67/G67),IF(V67<1,0,+V67/100)) -> 0.0034835114 | AA67: =IF(L67>100,IF(W67<1,0,+W67/L67),IF(W67<1,0,+W67/100)) -> 0.0020834961 | AB67: =IF(Q67>100,IF(X67<1,0,+X67/Q67),IF(X67<1,0,+X67/100)) -> 0.0029693415 | AD67: =(+Z67+(AA67*2)+(AB67*3))/6 -> 0.0027597547
A68: A456 | B68: Plumbing Examiners, State Board of | C68: 33.8 | D68: 32.8 | E68: 34.6 | F68: 35.4 | G68: =AVERAGE(C68:F68) -> 34.15 | H68: 36.4 | I68: 36.4 | J68: 34 | K68: 30.7 | L68: =AVERAGE(H68:K68) -> 34.375 | M68: 36.9 | N68: 36.4 | O68: 38.6 | P68: 39.8 | Q68: =AVERAGE(M68:P68) -> 37.925 | R68: =IF(G68>0,(+G68+(L68*2)+(Q68*3))/6,IF(L68>0,((L68*2)+(Q68*3))/5,Q68)) -> 36.1125 | T68: =+R68/$R$264 -> 0.00019883502 | V68: =claims!D68 -> 0 | W68: =claims!E68 -> 0 | X68: =claims!F68 -> 0 | Z68: =IF(G68>100,IF(V68<1,0,+V68/G68),IF(V68<1,0,+V68/100)) -> 0 | AA68: =IF(L68>100,IF(W68<1,0,+W68/L68),IF(W68<1,0,+W68/100)) -> 0 | AB68: =IF(Q68>100,IF(X68<1,0,+X68/Q68),IF(X68<1,0,+X68/100)) -> 0 | AD68: =(+Z68+(AA68*2)+(AB68*3))/6 -> 0
A69: A457 | B69: Public Accountancy, State Board of | C69: 36.1 | D69: 36.5 | E69: 36.5 | F69: 37.7 | G69: =AVERAGE(C69:F69) -> 36.7 | H69: 38 | I69: 36.3 | J69: 36.2 | K69: 37.4 | L69: =AVERAGE(H69:K69) -> 36.975 | M69: 35.5 | N69: 36.4 | O69: 35.5 | P69: 35.5 | Q69: =AVERAGE(M69:P69) -> 35.725 | R69: =IF(G69>0,(+G69+(L69*2)+(Q69*3))/6,IF(L69>0,((L69*2)+(Q69*3))/5,Q69)) -> 36.304167 | T69: =+R69/$R$264 -> 0.00019989033 | V69: =claims!D69 -> 0 | W69: =claims!E69 -> 1 | X69: =claims!F69 -> 0 | Z69: =IF(G69>100,IF(V69<1,0,+V69/G69),IF(V69<1,0,+V69/100)) -> 0 | AA69: =IF(L69>100,IF(W69<1,0,+W69/L69),IF(W69<1,0,+W69/100)) -> 0.01 | AB69: =IF(Q69>100,IF(X69<1,0,+X69/Q69),IF(X69<1,0,+X69/100)) -> 0 | AD69: =(+Z69+(AA69*2)+(AB69*3))/6 -> 0.0033333333
A70: A458 | B70: Alcoholic Beverage Commission | C70: 548.9 | D70: 530.2 | E70: 524 | F70: 533.4 | G70: =AVERAGE(C70:F70) -> 534.125 | H70: 528.2 | I70: 517.9 | J70: 512.6 | K70: 534.7 | L70: =AVERAGE(H70:K70) -> 523.35 | M70: 529.8 | N70: 532.6 | O70: 528.9 | P70: 535.3 | Q70: =AVERAGE(M70:P70) -> 531.65 | R70: =IF(G70>0,(+G70+(L70*2)+(Q70*3))/6,IF(L70>0,((L70*2)+(Q70*3))/5,Q70)) -> 529.29583 | T70: =+R70/$R$264 -> 0.0029142969 | V70: =claims!D70 -> 12 | W70: =claims!E70 -> 12 | X70: =claims!F70 -> 13 | Z70: =IF(G70>100,IF(V70<1,0,+V70/G70),IF(V70<1,0,+V70/100)) -> 0.022466651 | AA70: =IF(L70>100,IF(W70<1,0,+W70/L70),IF(W70<1,0,+W70/100)) -> 0.022929206 | AB70: =IF(Q70>100,IF(X70<1,0,+X70/Q70),IF(X70<1,0,+X70/100)) -> 0.024452177 | AD70: =(+Z70+(AA70*2)+(AB70*3))/6 -> 0.023613599
A71: A459 | B71: Architectural Examiners, Board of | C71: 20 | D71: 19 | E71: 19 | F71: 20 | G71: =AVERAGE(C71:F71) -> 19.5 | H71: 20 | I71: 20 | J71: 20 | K71: 20 | L71: =AVERAGE(H71:K71) -> 20 | M71: 20 | N71: 20 | O71: 18 | P71: 19 | Q71: =AVERAGE(M71:P71) -> 19.25 | R71: =IF(G71>0,(+G71+(L71*2)+(Q71*3))/6,IF(L71>0,((L71*2)+(Q71*3))/5,Q71)) -> 19.541667 | T71: =+R71/$R$264 -> 0.0001075962 | V71: =claims!D71 -> 0 | W71: =claims!E71 -> 0 | X71: =claims!F71 -> 0 | Z71: =IF(G71>100,IF(V71<1,0,+V71/G71),IF(V71<1,0,+V71/100)) -> 0 | AA71: =IF(L71>100,IF(W71<1,0,+W71/L71),IF(W71<1,0,+W71/100)) -> 0 | AB71: =IF(Q71>100,IF(X71<1,0,+X71/Q71),IF(X71<1,0,+X71/100)) -> 0 | AD71: =(+Z71+(AA71*2)+(AB71*3))/6 -> 0
A72: A460 | B72: Professional Engineers and Land Surveyors, Texas Board of | C72: 33 | D72: 34 | E72: 35 | F72: 37 | G72: =AVERAGE(C72:F72) -> 34.75 | H72: 36 | I72: 36 | J72: 34 | K72: 34 | L72: =AVERAGE(H72:K72) -> 35 | M72: 31 | N72: 33 | O72: 34 | P72: 35 | Q72: =AVERAGE(M72:P72) -> 33.25 | R72: =IF(G72>0,(+G72+(L72*2)+(Q72*3))/6,IF(L72>0,((L72*2)+(Q72*3))/5,Q72)) -> 34.083333 | T72: =+R72/$R$264 -> 0.00018766245 | V72: =claims!D72 -> 0 | W72: =claims!E72 -> 0 | X72: =claims!F72 -> 0 | Z72: =IF(G72>100,IF(V72<1,0,+V72/G72),IF(V72<1,0,+V72/100)) -> 0 | AA72: =IF(L72>100,IF(W72<1,0,+W72/L72),IF(W72<1,0,+W72/100)) -> 0 | AB72: =IF(Q72>100,IF(X72<1,0,+X72/Q72),IF(X72<1,0,+X72/100)) -> 0 | AD72: =(+Z72+(AA72*2)+(AB72*3))/6 -> 0
A73: A466 | B73: Consumer Credit Commissioner, Office of | C73: 70 | D73: 69.1 | E73: 65 | F73: 63.6 | G73: =AVERAGE(C73:F73) -> 66.925 | H73: 69.5 | I73: 71.1 | J73: 70 | K73: 71 | L73: =AVERAGE(H73:K73) -> 70.4 | M73: 69 | N73: 68.2 | O73: 66 | P73: 67.3 | Q73: =AVERAGE(M73:P73) -> 67.625 | R73: =IF(G73>0,(+G73+(L73*2)+(Q73*3))/6,IF(L73>0,((L73*2)+(Q73*3))/5,Q73)) -> 68.433333 | T73: =+R73/$R$264 -> 0.00037679316 | V73: =claims!D73 -> 0 | W73: =claims!E73 -> 0 | X73: =claims!F73 -> 0 | Z73: =IF(G73>100,IF(V73<1,0,+V73/G73),IF(V73<1,0,+V73/100)) -> 0 | AA73: =IF(L73>100,IF(W73<1,0,+W73/L73),IF(W73<1,0,+W73/100)) -> 0 | AB73: =IF(Q73>100,IF(X73<1,0,+X73/Q73),IF(X73<1,0,+X73/100)) -> 0 | AD73: =(+Z73+(AA73*2)+(AB73*3))/6 -> 0
A74: A469 | B74: Credit Union Department | C74: 29 | D74: 29 | E74: 30 | F74: 30 | G74: =AVERAGE(C74:F74) -> 29.5 | H74: 31 | I74: 31 | J74: 32 | K74: 33 | L74: =AVERAGE(H74:K74) -> 31.75 | M74: 32 | N74: 34 | O74: 33 | P74: 34 | Q74: =AVERAGE(M74:P74) -> 33.25 | R74: =IF(G74>0,(+G74+(L74*2)+(Q74*3))/6,IF(L74>0,((L74*2)+(Q74*3))/5,Q74)) -> 32.125 | T74: =+R74/$R$264 -> 0.00017687989 | V74: =claims!D74 -> 0 | W74: =claims!E74 -> 0 | X74: =claims!F74 -> 0 | Z74: =IF(G74>100,IF(V74<1,0,+V74/G74),IF(V74<1,0,+V74/100)) -> 0 | AA74: =IF(L74>100,IF(W74<1,0,+W74/L74),IF(W74<1,0,+W74/100)) -> 0 | AB74: =IF(Q74>100,IF(X74<1,0,+X74/Q74),IF(X74<1,0,+X74/100)) -> 0 | AD74: =(+Z74+(AA74*2)+(AB74*3))/6 -> 0
A75: A473 | B75: Public Utility Commission of Texas | C75: 179.2 | D75: 184 | E75: 184.1 | F75: 188.3 | G75: =AVERAGE(C75:F75) -> 183.9 | H75: 194.9 | I75: 200.9 | J75: 200.1 | K75: 211.1 | L75: =AVERAGE(H75:K75) -> 201.75 | M75: 219.2 | N75: 228.5 | O75: 236.2 | P75: 249.2 | Q75: =AVERAGE(M75:P75) -> 233.275 | R75: =IF(G75>0,(+G75+(L75*2)+(Q75*3))/6,IF(L75>0,((L75*2)+(Q75*3))/5,Q75)) -> 214.5375 | T75: =+R75/$R$264 -> 0.0011812411 | V75: =claims!D75 -> 0 | W75: =claims!E75 -> 0 | X75: =claims!F75 -> 1 | Z75: =IF(G75>100,IF(V75<1,0,+V75/G75),IF(V75<1,0,+V75/100)) -> 0 | AA75: =IF(L75>100,IF(W75<1,0,+W75/L75),IF(W75<1,0,+W75/100)) -> 0 | AB75: =IF(Q75>100,IF(X75<1,0,+X75/Q75),IF(X75<1,0,+X75/100)) -> 0.004286786 | AD75: =(+Z75+(AA75*2)+(AB75*3))/6 -> 0.002143393
A76: A475 | B76: Public Utility Counsel, Office of | C76: 12.7 | D76: 12.5 | E76: 13.5 | F76: 13.2 | G76: =AVERAGE(C76:F76) -> 12.975 | H76: 13.1 | I76: 12.6 | J76: 13 | K76: 13.7 | L76: =AVERAGE(H76:K76) -> 13.1 | M76: 14 | N76: 14.9 | O76: 15.1 | P76: 15.6 | Q76: =AVERAGE(M76:P76) -> 14.9 | R76: =IF(G76>0,(+G76+(L76*2)+(Q76*3))/6,IF(L76>0,((L76*2)+(Q76*3))/5,Q76)) -> 13.979167 | T76: =+R76/$R$264 -> 7.6969134e-05 | V76: =claims!D76 -> 0 | W76: =claims!E76 -> 0 | X76: =claims!F76 -> 0 | Z76: =IF(G76>100,IF(V76<1,0,+V76/G76),IF(V76<1,0,+V76/100)) -> 0 | AA76: =IF(L76>100,IF(W76<1,0,+W76/L76),IF(W76<1,0,+W76/100)) -> 0 | AB76: =IF(Q76>100,IF(X76<1,0,+X76/Q76),IF(X76<1,0,+X76/100)) -> 0 | AD76: =(+Z76+(AA76*2)+(AB76*3))/6 -> 0
A77: A476 | B77: Racing Commission | C77: 30 | D77: 24 | E77: 27 | F77: 29 | G77: =AVERAGE(C77:F77) -> 27.5 | H77: 29.8 | I77: 29 | J77: 27 | K77: 31 | L77: =AVERAGE(H77:K77) -> 29.2 | M77: 29.3 | N77: 31 | O77: 35 | P77: 32 | Q77: =AVERAGE(M77:P77) -> 31.825 | R77: =IF(G77>0,(+G77+(L77*2)+(Q77*3))/6,IF(L77>0,((L77*2)+(Q77*3))/5,Q77)) -> 30.229167 | T77: =+R77/$R$264 -> 0.00016644145 | V77: =claims!D77 -> 0 | W77: =claims!E77 -> 0 | X77: =claims!F77 -> 0 | Z77: =IF(G77>100,IF(V77<1,0,+V77/G77),IF(V77<1,0,+V77/100)) -> 0 | AA77: =IF(L77>100,IF(W77<1,0,+W77/L77),IF(W77<1,0,+W77/100)) -> 0 | AB77: =IF(Q77>100,IF(X77<1,0,+X77/Q77),IF(X77<1,0,+X77/100)) -> 0 | AD77: =(+Z77+(AA77*2)+(AB77*3))/6 -> 0
... A102: A696 | B102: Criminal Justice, Department of | C102: 29676.1 | D102: 28941.4 | E102: 28619.2 | F102: 29072.3 | G102: =AVERAGE(C102:F102) -> 29077.25 | H102: 29363.4 | I102: 29622 | J102: 29896.5 | K102: 30029.3 | L102: =AVERAGE(H102:K102) -> 29727.8 | M102: 30403.3 | N102: 30667.8 | O102: 30779.5 | P102: 31246.4 | Q102: =AVERAGE(M102:P102) -> 30774.25 | R102: =IF(G102>0,(+G102+(L102*2)+(Q102*3))/6,IF(L102>0,((L102*2)+(Q102*3))/5,Q102)) -> 30142.6 | T102: =+R102/$R$264 -> 0.16596482 | V102: =claims!D102 -> 2223 | W102: =claims!E102 -> 1662 | X102: =claims!F102 -> 1717 | Z102: =IF(G102>100,IF(V102<1,0,+V102/G102),IF(V102<1,0,+V102/100)) -> 0.076451521 | AA102: =IF(L102>100,IF(W102<1,0,+W102/L102),IF(W102<1,0,+W102/100)) -> 0.055907265 | AB102: =IF(Q102>100,IF(X102<1,0,+X102/Q102),IF(X102<1,0,+X102/100)) -> 0.055793399 | AD102: =(+Z102+(AA102*2)+(AB102*3))/6 -> 0.059274375
A103: WSD | B103: Windham School District | F103: 875.6 | G103: =AVERAGE(C103:F103) -> 875.6 | K103: 877.5 | L103: =AVERAGE(H103:K103) -> 877.5 | P103: 962.9 | Q103: =AVERAGE(M103:P103) -> 962.9 | R103: =IF(G103>0,(+G103+(L103*2)+(Q103*3))/6,IF(L103>0,((L103*2)+(Q103*3))/5,Q103)) -> 919.88333 | T103: =+R103/$R$264 -> 0.0050648672 | V103: =claims!D103 -> 9 | W103: =claims!E103 -> 6 | X103: =claims!F103 -> 1 | Z103: =IF(G103>100,IF(V103<1,0,+V103/G103),IF(V103<1,0,+V103/100)) -> 0.010278666 | AA103: =IF(L103>100,IF(W103<1,0,+W103/L103),IF(W103<1,0,+W103/100)) -> 0.0068376068 | AB103: =IF(Q103>100,IF(X103<1,0,+X103/Q103),IF(X103<1,0,+X103/100)) -> 0.0010385294 | AD103: =(+Z103+(AA103*2)+(AB103*3))/6 -> 0.004511578
A104: A701 | B104: Education Agency, Texas | C104: 1035.8 | D104: 1062 | E104: 1087.5 | F104: 1115.2 | G104: =AVERAGE(C104:F104) -> 1075.125 | H104: 1136.4 | I104: 1105.7 | J104: 1102.9 | K104: 1138.1 | L104: =AVERAGE(H104:K104) -> 1120.775 | M104: 1163.1 | N104: 1183.1 | O104: 1210.6 | P104: 1230.5 | Q104: =AVERAGE(M104:P104) -> 1196.825 | R104: =IF(G104>0,(+G104+(L104*2)+(Q104*3))/6,IF(L104>0,((L104*2)+(Q104*3))/5,Q104)) -> 1151.1917 | T104: =+R104/$R$264 -> 0.0063384483 | V104: =claims!D104 -> 0 | W104: =claims!E104 -> 3 | X104: =claims!F104 -> 1 | Z104: =IF(G104>100,IF(V104<1,0,+V104/G104),IF(V104<1,0,+V104/100)) -> 0 | AA104: =IF(L104>100,IF(W104<1,0,+W104/L104),IF(W104<1,0,+W104/100)) -> 0.0026767192 | AB104: =IF(Q104>100,IF(X104<1,0,+X104/Q104),IF(X104<1,0,+X104/100)) -> 0.00083554404 | AD104: =(+Z104+(AA104*2)+(AB104*3))/6 -> 0.0013100118
A105: A706 | B105: Texas Permanent School Fund Corporation | C105: 0 | D105: 0 | E105: 0 | F105: 0 | G105: =AVERAGE(C105:F105) -> 0 | I105: 84.8 | J105: 87.9 | K105: 94.6 | L105: =AVERAGE(H105:K105) -> 89.1 | M105: 92.6 | N105: 94.2 | O105: 90.9 | P105: 93.8 | Q105: =AVERAGE(M105:P105) -> 92.875 | R105: =IF(G105>0,(+G105+(L105*2)+(Q105*3))/6,IF(L105>0,((L105*2)+(Q105*3))/5,Q105)) -> 91.365 | T105: =+R105/$R$264 -> 0.00050305466 | V105: =claims!D105 -> 0 | W105: =claims!E105 -> 0 | X105: =claims!F105 -> 0 | Z105: =IF(G105>100,IF(V105<1,0,+V105/G105),IF(V105<1,0,+V105/100)) -> 0 | AA105: =IF(L105>100,IF(W105<1,0,+W105/L105),IF(W105<1,0,+W105/100)) -> 0 | AB105: =IF(Q105>100,IF(X105<1,0,+X105/Q105),IF(X105<1,0,+X105/100)) -> 0 | AD105: =(+Z105+(AA105*2)+(AB105*3))/6 -> 0
A106: A717 | B106: Texas Southern University | C106: 1411.5 | D106: 1322.2 | E106: 1206.1 | F106: 1122.9 | G106: =AVERAGE(C106:F106) -> 1265.675 | H106: 1102.7 | I106: 1197.9 | J106: 1165.5 | K106: 799 | L106: =AVERAGE(H106:K106) -> 1066.275 | M106: 1146.6 | N106: 1138.1 | O106: 1168 | P106: 830.6 | Q106: =AVERAGE(M106:P106) -> 1070.825 | R106: =IF(G106>0,(+G106+(L106*2)+(Q106*3))/6,IF(L106>0,((L106*2)+(Q106*3))/5,Q106)) -> 1101.7833 | T106: =+R106/$R$264 -> 0.0060664066 | V106: =claims!D106 -> 17 | W106: =claims!E106 -> 16 | X106: =claims!F106 -> 8 | Z106: =IF(G106>100,IF(V106<1,0,+V106/G106),IF(V106<1,0,+V106/100)) -> 0.013431568 | AA106: =IF(L106>100,IF(W106<1,0,+W106/L106),IF(W106<1,0,+W106/100)) -> 0.01500551 | AB106: =IF(Q106>100,IF(X106<1,0,+X106/Q106),IF(X106<1,0,+X106/100)) -> 0.0074708753 | AD106: =(+Z106+(AA106*2)+(AB106*3))/6 -> 0.010975869
A107: A719 | B107: Texas State Technical College - System | C107: =42.8+52+82.7+436.5+207.1+621.9+86.4 -> 1529.4 | D107: =41+52.1+78.9+441.9+205+613+84.4 -> 1516.3 | E107: =39.2+54+80+444+201+615+83 -> 1516.2 | F107: 1529.9 | G107: =AVERAGE(C107:F107) -> 1522.95 | H107: =42.2+61.7+85.3+485.5+222.1+658+92.5 -> 1647.3 | I107: =43.7+62.9+89.4+497.3+218.2+660+93.1 -> 1664.6 | J107: =46.6+67+91.3+507.8+216.2+682.7+95.2 -> 1706.8 | K107: =48.4+68.1+92.2+506+214.9+686.6+97.2 -> 1713.4 | L107: =AVERAGE(H107:K107) -> 1683.025 | M107: =48+67.8+92.3+516.3+220+694.4+104.3 -> 1743.1 | N107: =46.9+67.2+94.4+521.2+218.4+710.1+103.1 -> 1761.3 | O107: =47.1+68.4+96.1+523.3+232+723.5+100.2 -> 1790.6 | P107: =46.5+71.2+101.6+557.5+244.5+758.5+102 -> 1881.8 | Q107: =AVERAGE(M107:P107) -> 1794.2 | R107: =IF(G107>0,(+G107+(L107*2)+(Q107*3))/6,IF(L107>0,((L107*2)+(Q107*3))/5,Q107)) -> 1711.9333 | T107: =+R107/$R$264 -> 0.0094258856 | V107: =claims!D107 -> 19 | W107: =claims!E107 -> 23 | X107: =claims!F107 -> 19 | Z107: =IF(G107>100,IF(V107<1,0,+V107/G107),IF(V107<1,0,+V107/100)) -> 0.012475787 | AA107: =IF(L107>100,IF(W107<1,0,+W107/L107),IF(W107<1,0,+W107/100)) -> 0.013665869 | AB107: =IF(Q107>100,IF(X107<1,0,+X107/Q107),IF(X107<1,0,+X107/100)) -> 0.010589678 | AD107: =(+Z107+(AA107*2)+(AB107*3))/6 -> 0.011929427
A108: A730 | B108: University of Houston | C108: 6885.3 | D108: 6714.1 | E108: 6790.7 | F108: 5340.6 | G108: =AVERAGE(C108:F108) -> 6432.675 | H108: 7030.3 | I108: 6858 | J108: 6978.7 | K108: 5550.6 | L108: =AVERAGE(H108:K108) -> 6604.4 | M108: 7364.1 | N108: 7183.4 | O108: 7268.1 | P108: 5747.3 | Q108: =AVERAGE(M108:P108) -> 6890.725 | R108: =IF(G108>0,(+G108+(L108*2)+(Q108*3))/6,IF(L108>0,((L108*2)+(Q108*3))/5,Q108)) -> 6718.9417 | T108: =+R108/$R$264 -> 0.036994417 | V108: =claims!D108 -> 66 | W108: =claims!E108 -> 74 | X108: =claims!F108 -> 80 | Z108: =IF(G108>100,IF(V108<1,0,+V108/G108),IF(V108<1,0,+V108/100)) -> 0.010260117 | AA108: =IF(L108>100,IF(W108<1,0,+W108/L108),IF(W108<1,0,+W108/100)) -> 0.011204651 | AB108: =IF(Q108>100,IF(X108<1,0,+X108/Q108),IF(X108<1,0,+X108/100)) -> 0.011609809 | AD108: =(+Z108+(AA108*2)+(AB108*3))/6 -> 0.011249808
A109: A731 | B109: Texas Woman's University | C109: 1901.5 | D109: 1997.7 | E109: 1888.8 | F109: 1452.2 | G109: =AVERAGE(C109:F109) -> 1810.05 | H109: 1938.5 | I109: 2072.9 | J109: 1977 | K109: 1549.3 | L109: =AVERAGE(H109:K109) -> 1884.425 | M109: 1887.1 | N109: 1977.6 | O109: 1925.5 | P109: 1509.3 | Q109: =AVERAGE(M109:P109) -> 1824.875 | R109: =IF(G109>0,(+G109+(L109*2)+(Q109*3))/6,IF(L109>0,((L109*2)+(Q109*3))/5,Q109)) -> 1842.2542 | T109: =+R109/$R$264 -> 0.010143431 | V109: =claims!D109 -> 29 | W109: =claims!E109 -> 32 | X109: =claims!F109 -> 30 | Z109: =IF(G109>100,IF(V109<1,0,+V109/G109),IF(V109<1,0,+V109/100)) -> 0.016021657 | AA109: =IF(L109>100,IF(W109<1,0,+W109/L109),IF(W109<1,0,+W109/100)) -> 0.016981307 | AB109: =IF(Q109>100,IF(X109<1,0,+X109/Q109),IF(X109<1,0,+X109/100)) -> 0.016439482 | AD109: =(+Z109+(AA109*2)+(AB109*3))/6 -> 0.016550453
A110: A733 | B110: Texas Tech University | C110: =7142.4+248.2 -> 7390.6 | D110: =6851.7+242.2 -> 7093.9 | E110: =7109.9+247 -> 7356.9 | F110: =5596.6+233 -> 5829.6 | G110: =AVERAGE(C110:F110) -> 6917.75 | H110: =7538.5+240.5 -> 7779 | I110: =7247.4+243.4 -> 7490.8 | J110: =7490+248.8 -> 7738.8 | K110: =5954.8+250.2 -> 6205 | L110: =AVERAGE(H110:K110) -> 7303.4 | M110: =7972.4+252.2 -> 8224.6 | N110: =7635.1+255.3 -> 7890.4 | O110: =7805.7+254.4 -> 8060.1 | P110: =6253.4+251.2 -> 6504.6 | Q110: =AVERAGE(M110:P110) -> 7669.925 | R110: =IF(G110>0,(+G110+(L110*2)+(Q110*3))/6,IF(L110>0,((L110*2)+(Q110*3))/5,Q110)) -> 7422.3875 | T110: =+R110/$R$264 -> 0.040867582 | V110: =claims!D110 -> 101 | W110: =claims!E110 -> 105 | X110: =claims!F110 -> 110 | Z110: =IF(G110>100,IF(V110<1,0,+V110/G110),IF(V110<1,0,+V110/100)) -> 0.014600123 | AA110: =IF(L110>100,IF(W110<1,0,+W110/L110),IF(W110<1,0,+W110/100)) -> 0.014376866 | AB110: =IF(Q110>100,IF(X110<1,0,+X110/Q110),IF(X110<1,0,+X110/100)) -> 0.014341731 | AD110: =(+Z110+(AA110*2)+(AB110*3))/6 -> 0.014396508
A111: A734 | B111: Lamar University - Beaumont | C111: 1359.6 | D111: 1373.6 | E111: 1421.2 | F111: 1090 | G111: =AVERAGE(C111:F111) -> 1311.1 | H111: 1455.7 | I111: 1380.5 | J111: 1511.1 | K111: 1149.1 | L111: =AVERAGE(H111:K111) -> 1374.1 | M111: 1495 | N111: 1516.6 | O111: 1508 | P111: 1239.2 | Q111: =AVERAGE(M111:P111) -> 1439.7 | R111: =IF(G111>0,(+G111+(L111*2)+(Q111*3))/6,IF(L111>0,((L111*2)+(Q111*3))/5,Q111)) -> 1396.4 | T111: =+R111/$R$264 -> 0.0076885626 | V111: =claims!D111 -> 10 | W111: =claims!E111 -> 17 | X111: =claims!F111 -> 17 | Z111: =IF(G111>100,IF(V111<1,0,+V111/G111),IF(V111<1,0,+V111/100)) -> 0.0076271833 | AA111: =IF(L111>100,IF(W111<1,0,+W111/L111),IF(W111<1,0,+W111/100)) -> 0.012371734 | AB111: =IF(Q111>100,IF(X111<1,0,+X111/Q111),IF(X111<1,0,+X111/100)) -> 0.011808016 | AD111: =(+Z111+(AA111*2)+(AB111*3))/6 -> 0.011299116
A112: A735 | B112: Midwestern State University | C112: 824.3 | D112: 786.6 | E112: 807.4 | F112: 574.4 | G112: =AVERAGE(C112:F112) -> 748.175 | H112: 819 | I112: 767.6 | J112: 819.2 | K112: 559.8 | L112: =AVERAGE(H112:K112) -> 741.4 | M112: 799.9 | N112: 736.2 | O112: 760 | P112: 498.7 | Q112: =AVERAGE(M112:P112) -> 698.7 | R112: =IF(G112>0,(+G112+(L112*2)+(Q112*3))/6,IF(L112>0,((L112*2)+(Q112*3))/5,Q112)) -> 721.17917 | T112: =+R112/$R$264 -> 0.0039708043 | V112: =claims!D112 -> 9 | W112: =claims!E112 -> 12 | X112: =claims!F112 -> 5 | Z112: =IF(G112>100,IF(V112<1,0,+V112/G112),IF(V112<1,0,+V112/100)) -> 0.012029271 | AA112: =IF(L112>100,IF(W112<1,0,+W112/L112),IF(W112<1,0,+W112/100)) -> 0.016185595 | AB112: =IF(Q112>100,IF(X112<1,0,+X112/Q112),IF(X112<1,0,+X112/100)) -> 0.0071561471 | AD112: =(+Z112+(AA112*2)+(AB112*3))/6 -> 0.01097815
A113: A737 | B113: Angelo State University | C113: 1096.7 | D113: 1040.9 | E113: 1062.5 | F113: 670.2 | G113: =AVERAGE(C113:F113) -> 967.575 | H113: 1107.5 | I113: 1063.3 | J113: 1082.3 | K113: 694.5 | L113: =AVERAGE(H113:K113) -> 986.9 | M113: 1114.9 | N113: 1072.3 | O113: 1084.9 | P113: 723.6 | Q113: =AVERAGE(M113:P113) -> 998.925 | R113: =IF(G113>0,(+G113+(L113*2)+(Q113*3))/6,IF(L113>0,((L113*2)+(Q113*3))/5,Q113)) -> 989.69167 | T113: =+R113/$R$264 -> 0.0054492311 | V113: =claims!D113 -> 6 | W113: =claims!E113 -> 5 | X113: =claims!F113 -> 2 | Z113: =IF(G113>100,IF(V113<1,0,+V113/G113),IF(V113<1,0,+V113/100)) -> 0.0062010697 | AA113: =IF(L113>100,IF(W113<1,0,+W113/L113),IF(W113<1,0,+W113/100)) -> 0.0050663694 | AB113: =IF(Q113>100,IF(X113<1,0,+X113/Q113),IF(X113<1,0,+X113/100)) -> 0.0020021523 | AD113: =(+Z113+(AA113*2)+(AB113*3))/6 -> 0.0037233776
A114: A739 | B114: Texas Tech University Health Sciences Center | C114: 4552.2 | D114: 4595.2 | E114: 4502.9 | F114: 4553.8 | G114: =AVERAGE(C114:F114) -> 4551.025 | H114: 4647.3 | I114: 4737.7 | J114: 4665.8 | K114: 4701 | L114: =AVERAGE(H114:K114) -> 4687.95 | M114: 4801 | N114: 4845.7 | O114: 4864.2 | P114: 4953.2 | Q114: =AVERAGE(M114:P114) -> 4866.025 | R114: =IF(G114>0,(+G114+(L114*2)+(Q114*3))/6,IF(L114>0,((L114*2)+(Q114*3))/5,Q114)) -> 4754.1667 | T114: =+R114/$R$264 -> 0.026176388 | V114: =claims!D114 -> 25 | W114: =claims!E114 -> 38 | X114: =claims!F114 -> 35 | Z114: =IF(G114>100,IF(V114<1,0,+V114/G114),IF(V114<1,0,+V114/100)) -> 0.005493268 | AA114: =IF(L114>100,IF(W114<1,0,+W114/L114),IF(W114<1,0,+W114/100)) -> 0.0081058885 | AB114: =IF(Q114>100,IF(X114<1,0,+X114/Q114),IF(X114<1,0,+X114/100)) -> 0.0071927292 | AD114: =(+Z114+(AA114*2)+(AB114*3))/6 -> 0.0072138721
A115: A752 | B115: University of North Texas | C115: 5994.7 | D115: 5682.9 | E115: 5944.3 | F115: 4241.4 | G115: =AVERAGE(C115:F115) -> 5465.825 | H115: 6452.5 | I115: 6177.9 | J115: 6438 | K115: 4672 | L115: =AVERAGE(H115:K115) -> 5935.1 | M115: 6850.4 | N115: 6583.1 | O115: 6665.7 | P115: 4806.5 | Q115: =AVERAGE(M115:P115) -> 6226.425 | R115: =IF(G115>0,(+G115+(L115*2)+(Q115*3))/6,IF(L115>0,((L115*2)+(Q115*3))/5,Q115)) -> 6002.55 | T115: =+R115/$R$264 -> 0.033049973 | V115: =claims!D115 -> 75 | W115: =claims!E115 -> 80 | X115: =claims!F115 -> 61 | Z115: =IF(G115>100,IF(V115<1,0,+V115/G115),IF(V115<1,0,+V115/100)) -> 0.013721625 | AA115: =IF(L115>100,IF(W115<1,0,+W115/L115),IF(W115<1,0,+W115/100)) -> 0.013479133 | AB115: =IF(Q115>100,IF(X115<1,0,+X115/Q115),IF(X115<1,0,+X115/100)) -> 0.0097969541 | AD115: =(+Z115+(AA115*2)+(AB115*3))/6 -> 0.011678459
A116: A753 | B116: Sam Houston State University | C116: 3047.4 | D116: 2886.6 | E116: 3089.6 | F116: 2262.4 | G116: =AVERAGE(C116:F116) -> 2821.5 | H116: 3168.1 | I116: 2997.6 | J116: 3197.4 | K116: 2349.4 | L116: =AVERAGE(H116:K116) -> 2928.125 | M116: =3163.5+107.4 -> 3270.9 | N116: =2985+111.9 -> 3096.9 | O116: =3168.5+113.7 -> 3282.2 | P116: =2233+114.7 -> 2347.7 | Q116: =AVERAGE(M116:P116) -> 2999.425 | R116: =IF(G116>0,(+G116+(L116*2)+(Q116*3))/6,IF(L116>0,((L116*2)+(Q116*3))/5,Q116)) -> 2946.0042 | T116: =+R116/$R$264 -> 0.016220666 | V116: =claims!D116 -> 21 | W116: =claims!E116 -> 27 | X116: =claims!F116 -> 16 | Z116: =IF(G116>100,IF(V116<1,0,+V116/G116),IF(V116<1,0,+V116/100)) -> 0.0074428495 | AA116: =IF(L116>100,IF(W116<1,0,+W116/L116),IF(W116<1,0,+W116/100)) -> 0.0092209178 | AB116: =IF(Q116>100,IF(X116<1,0,+X116/Q116),IF(X116<1,0,+X116/100)) -> 0.0053343558 | AD116: =(+Z116+(AA116*2)+(AB116*3))/6 -> 0.0069812921
A117: A754 | B117: Texas State University | C117: 4736.7 | D117: 4539.6 | E117: 4672 | F117: 3366 | G117: =AVERAGE(C117:F117) -> 4328.575 | H117: 4925.5 | I117: 4697.2 | J117: 4857.6 | K117: 3520.5 | L117: =AVERAGE(H117:K117) -> 4500.2 | M117: 5193.2 | N117: 5033.9 | O117: 5212 | P117: 3820.8 | Q117: =AVERAGE(M117:P117) -> 4814.975 | R117: =IF(G117>0,(+G117+(L117*2)+(Q117*3))/6,IF(L117>0,((L117*2)+(Q117*3))/5,Q117)) -> 4628.9833 | T117: =+R117/$R$264 -> 0.02548713 | V117: =claims!D117 -> 44 | W117: =claims!E117 -> 45 | X117: =claims!F117 -> 56 | Z117: =IF(G117>100,IF(V117<1,0,+V117/G117),IF(V117<1,0,+V117/100)) -> 0.010165008 | AA117: =IF(L117>100,IF(W117<1,0,+W117/L117),IF(W117<1,0,+W117/100)) -> 0.0099995556 | AB117: =IF(Q117>100,IF(X117<1,0,+X117/Q117),IF(X117<1,0,+X117/100)) -> 0.011630382 | AD117: =(+Z117+(AA117*2)+(AB117*3))/6 -> 0.010842544
A118: A756 | B118: Sul Ross State University | C118: =49.7+363.1 -> 412.8 | D118: =46.1+345.3 -> 391.4 | E118: =51.5+361.2 -> 412.7 | F118: =48.3+233.3 -> 281.6 | G118: =AVERAGE(C118:F118) -> 374.625 | H118: =47.7+353.9 -> 401.6 | I118: =45+300.4 -> 345.4 | J118: =48+374.4 -> 422.4 | K118: =32.8+292.8 -> 325.6 | L118: =AVERAGE(H118:K118) -> 373.75 | M118: =46.1+376 -> 422.1 | N118: =48.5+368.7 -> 417.2 | O118: =52.3+393.8 -> 446.1 | P118: =35.8+305.6 -> 341.4 | Q118: =AVERAGE(M118:P118) -> 406.7 | R118: =IF(G118>0,(+G118+(L118*2)+(Q118*3))/6,IF(L118>0,((L118*2)+(Q118*3))/5,Q118)) -> 390.37083 | T118: =+R118/$R$264 -> 0.0021493774 | V118: =claims!D118 -> 7 | W118: =claims!E118 -> 6 | X118: =claims!F118 -> 6 | Z118: =IF(G118>100,IF(V118<1,0,+V118/G118),IF(V118<1,0,+V118/100)) -> 0.018685352 | AA118: =IF(L118>100,IF(W118<1,0,+W118/L118),IF(W118<1,0,+W118/100)) -> 0.016053512 | AB118: =IF(Q118>100,IF(X118<1,0,+X118/Q118),IF(X118<1,0,+X118/100)) -> 0.014752889 | AD118: =(+Z118+(AA118*2)+(AB118*3))/6 -> 0.01584184
A119: A758 | B119: Texas State University System Administration | C119: 42.1 | D119: 42.1 | E119: 43.8 | F119: 43.7 | G119: =AVERAGE(C119:F119) -> 42.925 | H119: 44.5 | I119: 45.5 | J119: 45.5 | K119: 45 | L119: =AVERAGE(H119:K119) -> 45.125 | M119: 44.2 | N119: 42.9 | O119: 42.4 | P119: 43.2 | Q119: =AVERAGE(M119:P119) -> 43.175 | R119: =IF(G119>0,(+G119+(L119*2)+(Q119*3))/6,IF(L119>0,((L119*2)+(Q119*3))/5,Q119)) -> 43.783333 | T119: =+R119/$R$264 -> 0.00024107054 | V119: =claims!D119 -> 0 | W119: =claims!E119 -> 0 | X119: =claims!F119 -> 0 | Z119: =IF(G119>100,IF(V119<1,0,+V119/G119),IF(V119<1,0,+V119/100)) -> 0 | AA119: =IF(L119>100,IF(W119<1,0,+W119/L119),IF(W119<1,0,+W119/100)) -> 0 | AB119: =IF(Q119>100,IF(X119<1,0,+X119/Q119),IF(X119<1,0,+X119/100)) -> 0 | AD119: =(+Z119+(AA119*2)+(AB119*3))/6 -> 0
A120: A759 | B120: University of Houston - Clear Lake | C120: 1108.5 | D120: 1087.1 | E120: 1120.2 | F120: 795.5 | G120: =AVERAGE(C120:F120) -> 1027.825 | H120: 1152.6 | I120: 1145.9 | J120: 1135.9 | K120: 819.6 | L120: =AVERAGE(H120:K120) -> 1063.5 | M120: 1243.6 | N120: 1180.9 | O120: 1208.5 | P120: 816.4 | Q120: =AVERAGE(M120:P120) -> 1112.35 | R120: =IF(G120>0,(+G120+(L120*2)+(Q120*3))/6,IF(L120>0,((L120*2)+(Q120*3))/5,Q120)) -> 1081.9792 | T120: =+R120/$R$264 -> 0.0059573651 | V120: =claims!D120 -> 15 | W120: =claims!E120 -> 12 | X120: =claims!F120 -> 9 | Z120: =IF(G120>100,IF(V120<1,0,+V120/G120),IF(V120<1,0,+V120/100)) -> 0.014593924 | AA120: =IF(L120>100,IF(W120<1,0,+W120/L120),IF(W120<1,0,+W120/100)) -> 0.011283498 | AB120: =IF(Q120>100,IF(X120<1,0,+X120/Q120),IF(X120<1,0,+X120/100)) -> 0.0080909786 | AD120: =(+Z120+(AA120*2)+(AB120*3))/6 -> 0.010238976
A121: A763 | B121: Univ. of North Texas Health Science Center | C121: 1321.1 | D121: 1334.7 | E121: 1333.2 | F121: 1334.8 | G121: =AVERAGE(C121:F121) -> 1330.95 | H121: 1345 | I121: 1355 | J121: 1357.7 | K121: 1371.2 | L121: =AVERAGE(H121:K121) -> 1357.225 | M121: 1384.3 | N121: 1393 | O121: 1391.7 | P121: 1404.9 | Q121: =AVERAGE(M121:P121) -> 1393.475 | R121: =IF(G121>0,(+G121+(L121*2)+(Q121*3))/6,IF(L121>0,((L121*2)+(Q121*3))/5,Q121)) -> 1370.9708 | T121: =+R121/$R$264 -> 0.0075485499 | V121: =claims!D121 -> 14 | W121: =claims!E121 -> 21 | X121: =claims!F121 -> 21 | Z121: =IF(G121>100,IF(V121<1,0,+V121/G121),IF(V121<1,0,+V121/100)) -> 0.010518802 | AA121: =IF(L121>100,IF(W121<1,0,+W121/L121),IF(W121<1,0,+W121/100)) -> 0.015472748 | AB121: =IF(Q121>100,IF(X121<1,0,+X121/Q121),IF(X121<1,0,+X121/100)) -> 0.015070238 | AD121: =(+Z121+(AA121*2)+(AB121*3))/6 -> 0.014445835
A122: A769 | B122: University of North Texas System Administration | C122: 400.7 | D122: 392.5 | E122: 380.4 | F122: 381.2 | G122: =AVERAGE(C122:F122) -> 388.7 | H122: 351.4 | I122: 355.1 | J122: 362.1 | K122: 368.8 | L122: =AVERAGE(H122:K122) -> 359.35 | M122: 370.4 | N122: 360.7 | O122: 363.3 | P122: 365.4 | Q122: =AVERAGE(M122:P122) -> 364.95 | R122: =IF(G122>0,(+G122+(L122*2)+(Q122*3))/6,IF(L122>0,((L122*2)+(Q122*3))/5,Q122)) -> 367.04167 | T122: =+R122/$R$264 -> 0.0020209273 | V122: =claims!D122 -> 0 | W122: =claims!E122 -> 1 | X122: =claims!F122 -> 0 | Z122: =IF(G122>100,IF(V122<1,0,+V122/G122),IF(V122<1,0,+V122/100)) -> 0 | AA122: =IF(L122>100,IF(W122<1,0,+W122/L122),IF(W122<1,0,+W122/100)) -> 0.0027828023 | AB122: =IF(Q122>100,IF(X122<1,0,+X122/Q122),IF(X122<1,0,+X122/100)) -> 0 | AD122: =(+Z122+(AA122*2)+(AB122*3))/6 -> 0.00092760076
A123: A771 | B123: Blind and Visually Impaired, School for the | C123: 366.2 | D123: 353.5 | E123: 351.3 | F123: 245.8 | G123: =AVERAGE(C123:F123) -> 329.2 | H123: 347.7 | I123: 346.8 | J123: 342.4 | K123: 250.2 | L123: =AVERAGE(H123:K123) -> 321.775 | M123: 360.9 | N123: 346.8 | O123: 352.3 | P123: 247.9 | Q123: =AVERAGE(M123:P123) -> 326.975 | R123: =IF(G123>0,(+G123+(L123*2)+(Q123*3))/6,IF(L123>0,((L123*2)+(Q123*3))/5,Q123)) -> 325.6125 | T123: =+R123/$R$264 -> 0.0017928187 | V123: =claims!D123 -> 8 | W123: =claims!E123 -> 9 | X123: =claims!F123 -> 11 | Z123: =IF(G123>100,IF(V123<1,0,+V123/G123),IF(V123<1,0,+V123/100)) -> 0.024301337 | AA123: =IF(L123>100,IF(W123<1,0,+W123/L123),IF(W123<1,0,+W123/100)) -> 0.027969855 | AB123: =IF(Q123>100,IF(X123<1,0,+X123/Q123),IF(X123<1,0,+X123/100)) -> 0.033641716 | AD123: =(+Z123+(AA123*2)+(AB123*3))/6 -> 0.030194366
A124: A772 | B124: Deaf, School for the | C124: 434.2 | D124: 416.9 | E124: 426.9 | F124: 332.4 | G124: =AVERAGE(C124:F124) -> 402.6 | H124: 439.6 | I124: 427 | J124: 445.5 | K124: 357.8 | L124: =AVERAGE(H124:K124) -> 417.475 | M124: 460.8 | N124: 446.8 | O124: 442.4 | P124: 323.5 | Q124: =AVERAGE(M124:P124) -> 418.375 | R124: =IF(G124>0,(+G124+(L124*2)+(Q124*3))/6,IF(L124>0,((L124*2)+(Q124*3))/5,Q124)) -> 415.44583 | T124: =+R124/$R$264 -> 0.0022874401 | V124: =claims!D124 -> 17 | W124: =claims!E124 -> 21 | X124: =claims!F124 -> 15 | Z124: =IF(G124>100,IF(V124<1,0,+V124/G124),IF(V124<1,0,+V124/100)) -> 0.042225534 | AA124: =IF(L124>100,IF(W124<1,0,+W124/L124),IF(W124<1,0,+W124/100)) -> 0.050302413 | AB124: =IF(Q124>100,IF(X124<1,0,+X124/Q124),IF(X124<1,0,+X124/100)) -> 0.035853003 | AD124: =(+Z124+(AA124*2)+(AB124*3))/6 -> 0.041731561
A125: A773 | B125: University of North Texas Dallas | C125: 485.2 | D125: 488.6 | E125: 498.5 | F125: 391.1 | G125: =AVERAGE(C125:F125) -> 465.85 | H125: 515.2 | I125: 496 | J125: 494 | K125: 376.8 | L125: =AVERAGE(H125:K125) -> 470.5 | M125: 517.8 | N125: 524.6 | O125: 531 | P125: 409 | Q125: =AVERAGE(M125:P125) -> 495.6 | R125: =IF(G125>0,(+G125+(L125*2)+(Q125*3))/6,IF(L125>0,((L125*2)+(Q125*3))/5,Q125)) -> 482.275 | T125: =+R125/$R$264 -> 0.0026554007 | V125: =claims!D125 -> 0 | W125: =claims!E125 -> 3 | X125: =claims!F125 -> 7 | Z125: =IF(G125>100,IF(V125<1,0,+V125/G125),IF(V125<1,0,+V125/100)) -> 0 | AA125: =IF(L125>100,IF(W125<1,0,+W125/L125),IF(W125<1,0,+W125/100)) -> 0.0063761955 | AB125: =IF(Q125>100,IF(X125<1,0,+X125/Q125),IF(X125<1,0,+X125/100)) -> 0.014124294 | AD125: =(+Z125+(AA125*2)+(AB125*3))/6 -> 0.0091875454
A126: A774 | B126: Texas Tech University Health Sciences Center at El Paso | C126: 1709.8 | D126: 1715.5 | E126: 1650.7 | F126: 1651.8 | G126: =AVERAGE(C126:F126) -> 1681.95 | H126: 1676.7 | I126: 1692 | J126: 1654.4 | K126: 1675.9 | L126: =AVERAGE(H126:K126) -> 1674.75 | M126: 1721.9 | N126: 1743.3 | O126: 1714.4 | P126: 1708.6 | Q126: =AVERAGE(M126:P126) -> 1722.05 | R126: =IF(G126>0,(+G126+(L126*2)+(Q126*3))/6,IF(L126>0,((L126*2)+(Q126*3))/5,Q126)) -> 1699.6 | T126: =+R126/$R$264 -> 0.0093579784 | V126: =claims!D126 -> 23 | W126: =claims!E126 -> 35 | X126: =claims!F126 -> 43 | Z126: =IF(G126>100,IF(V126<1,0,+V126/G126),IF(V126<1,0,+V126/100)) -> 0.013674604 | AA126: =IF(L126>100,IF(W126<1,0,+W126/L126),IF(W126<1,0,+W126/100)) -> 0.020898642 | AB126: =IF(Q126>100,IF(X126<1,0,+X126/Q126),IF(X126<1,0,+X126/100)) -> 0.024970239 | AD126: =(+Z126+(AA126*2)+(AB126*3))/6 -> 0.021730434
A127: A781 | B127: Coordinating Board, Higher Education | C127: 273.6 | D127: 278.1 | E127: 280.2 | F127: 258.5 | G127: =AVERAGE(C127:F127) -> 272.6 | H127: 245.8 | I127: 250.5 | J127: 256.1 | K127: 270.7 | L127: =AVERAGE(H127:K127) -> 255.775 | M127: 294.3 | N127: 305 | O127: 321.6 | P127: 312.5 | Q127: =AVERAGE(M127:P127) -> 308.35 | R127: =IF(G127>0,(+G127+(L127*2)+(Q127*3))/6,IF(L127>0,((L127*2)+(Q127*3))/5,Q127)) -> 284.86667 | T127: =+R127/$R$264 -> 0.0015684726 | V127: =claims!D127 -> 0 | W127: =claims!E127 -> 0 | X127: =claims!F127 -> 0 | Z127: =IF(G127>100,IF(V127<1,0,+V127/G127),IF(V127<1,0,+V127/100)) -> 0 | AA127: =IF(L127>100,IF(W127<1,0,+W127/L127),IF(W127<1,0,+W127/100)) -> 0 | AB127: =IF(Q127>100,IF(X127<1,0,+X127/Q127),IF(X127<1,0,+X127/100)) -> 0 | AD127: =(+Z127+(AA127*2)+(AB127*3))/6 -> 0
A128: A783 | B128: University of Houston System Administration | C128: 57.3 | D128: 56.9 | E128: 54.9 | F128: 56.2 | G128: =AVERAGE(C128:F128) -> 56.325 | H128: 57.2 | I128: 56.4 | J128: 53.5 | K128: 54.3 | L128: =AVERAGE(H128:K128) -> 55.35 | M128: 52.5 | N128: 53.9 | O128: 56.4 | P128: 56 | Q128: =AVERAGE(M128:P128) -> 54.7 | R128: =IF(G128>0,(+G128+(L128*2)+(Q128*3))/6,IF(L128>0,((L128*2)+(Q128*3))/5,Q128)) -> 55.1875 | T128: =+R128/$R$264 -> 0.00030386175 | V128: =claims!D128 -> 0 | W128: =claims!E128 -> 2 | X128: =claims!F128 -> 1 | Z128: =IF(G128>100,IF(V128<1,0,+V128/G128),IF(V128<1,0,+V128/100)) -> 0 | AA128: =IF(L128>100,IF(W128<1,0,+W128/L128),IF(W128<1,0,+W128/100)) -> 0.02 | AB128: =IF(Q128>100,IF(X128<1,0,+X128/Q128),IF(X128<1,0,+X128/100)) -> 0.01 | AD128: =(+Z128+(AA128*2)+(AB128*3))/6 -> 0.011666667
A129: A784 | B129: University of Houston - Downtown | C129: 1280.5 | D129: 1221.2 | E129: 1254.3 | F129: 827.6 | G129: =AVERAGE(C129:F129) -> 1145.9 | H129: 1265.7 | I129: 1230.8 | J129: 1263 | K129: 872.4 | L129: =AVERAGE(H129:K129) -> 1157.975 | M129: 1308.6 | N129: 1269.1 | O129: 1283.1 | P129: 882.4 | Q129: =AVERAGE(M129:P129) -> 1185.8 | R129: =IF(G129>0,(+G129+(L129*2)+(Q129*3))/6,IF(L129>0,((L129*2)+(Q129*3))/5,Q129)) -> 1169.875 | T129: =+R129/$R$264 -> 0.0064413185 | V129: =claims!D129 -> 15 | W129: =claims!E129 -> 12 | X129: =claims!F129 -> 5 | Z129: =IF(G129>100,IF(V129<1,0,+V129/G129),IF(V129<1,0,+V129/100)) -> 0.013090147 | AA129: =IF(L129>100,IF(W129<1,0,+W129/L129),IF(W129<1,0,+W129/100)) -> 0.010362918 | AB129: =IF(Q129>100,IF(X129<1,0,+X129/Q129),IF(X129<1,0,+X129/100)) -> 0.0042165627 | AD129: =(+Z129+(AA129*2)+(AB129*3))/6 -> 0.0077442786
A130: A787 | B130: Lamar State College - Orange | C130: 157.1 | D130: 154.5 | E130: 160 | F130: 126.3 | G130: =AVERAGE(C130:F130) -> 149.475 | H130: 164.6 | I130: 159 | J130: 162.8 | K130: 124.4 | L130: =AVERAGE(H130:K130) -> 152.7 | M130: 106.2 | N130: 164.1 | O130: 157.8 | P130: 221.3 | Q130: =AVERAGE(M130:P130) -> 162.35 | R130: =IF(G130>0,(+G130+(L130*2)+(Q130*3))/6,IF(L130>0,((L130*2)+(Q130*3))/5,Q130)) -> 156.9875 | T130: =+R130/$R$264 -> 0.0008643714 | V130: =claims!D130 -> 1 | W130: =claims!E130 -> 3 | X130: =claims!F130 -> 1 | Z130: =IF(G130>100,IF(V130<1,0,+V130/G130),IF(V130<1,0,+V130/100)) -> 0.006690082 | AA130: =IF(L130>100,IF(W130<1,0,+W130/L130),IF(W130<1,0,+W130/100)) -> 0.019646365 | AB130: =IF(Q130>100,IF(X130<1,0,+X130/Q130),IF(X130<1,0,+X130/100)) -> 0.0061595319 | AD130: =(+Z130+(AA130*2)+(AB130*3))/6 -> 0.010743568
... A139: A930 | B139: Texas Treasury Safekeeping Trust Company | C139: 76 | D139: 80 | E139: 80 | F139: 83 | G139: =AVERAGE(C139:F139) -> 79.75 | H139: 80.2 | I139: 80.2 | J139: 80.2 | K139: 80.2 | L139: =AVERAGE(H139:K139) -> 80.2 | M139: 85.3 | N139: 85.3 | O139: 85.3 | P139: 85.3 | Q139: =AVERAGE(M139:P139) -> 85.3 | R139: =IF(G139>0,(+G139+(L139*2)+(Q139*3))/6,IF(L139>0,((L139*2)+(Q139*3))/5,Q139)) -> 82.675 | T139: =+R139/$R$264 -> 0.00045520762 | V139: =claims!D139 -> 0 | W139: =claims!E139 -> 0 | X139: =claims!F139 -> 0 | Z139: =IF(G139>100,IF(V139<1,0,+V139/G139),IF(V139<1,0,+V139/100)) -> 0 | AA139: =IF(L139>100,IF(W139<1,0,+W139/L139),IF(W139<1,0,+W139/100)) -> 0 | AB139: =IF(Q139>100,IF(X139<1,0,+X139/Q139),IF(X139<1,0,+X139/100)) -> 0 | AD139: =(+Z139+(AA139*2)+(AB139*3))/6 -> 0
A140: C001 | B140: Anderson | D140: Anderson | F140: 17 | G140: =AVERAGE(C140:F140) -> 17 | I140: Anderson | K140: 16 | L140: =AVERAGE(H140:K140) -> 16 | N140: Anderson | P140: 15 | Q140: =AVERAGE(M140:P140) -> 15 | R140: =IF(G140>0,(+G140+(L140*2)+(Q140*3))/6,IF(L140>0,((L140*2)+(Q140*3))/5,Q140)) -> 15.666667 | T140: =+R140/$R$264 -> 8.626049e-05 | V140: =claims!D140 -> 0 | W140: =claims!E140 -> 0 | X140: =claims!F140 -> 0 | Z140: =IF(G140>100,IF(V140<1,0,+V140/G140),IF(V140<1,0,+V140/100)) -> 0 | AA140: =IF(L140>100,IF(W140<1,0,+W140/L140),IF(W140<1,0,+W140/100)) -> 0 | AB140: =IF(Q140>100,IF(X140<1,0,+X140/Q140),IF(X140<1,0,+X140/100)) -> 0 | AD140: =(+Z140+(AA140*2)+(AB140*3))/6 -> 0
A141: C002 | B141: Andrews | D141: Andrews | F141: 7 | G141: =AVERAGE(C141:F141) -> 7 | I141: Andrews | K141: 7 | L141: =AVERAGE(H141:K141) -> 7 | N141: Andrews | P141: 7 | Q141: =AVERAGE(M141:P141) -> 7 | R141: =IF(G141>0,(+G141+(L141*2)+(Q141*3))/6,IF(L141>0,((L141*2)+(Q141*3))/5,Q141)) -> 7 | T141: =+R141/$R$264 -> 3.8541921e-05 | V141: =claims!D141 -> 0 | W141: =claims!E141 -> 0 | X141: =claims!F141 -> 0 | Z141: =IF(G141>100,IF(V141<1,0,+V141/G141),IF(V141<1,0,+V141/100)) -> 0 | AA141: =IF(L141>100,IF(W141<1,0,+W141/L141),IF(W141<1,0,+W141/100)) -> 0 | AB141: =IF(Q141>100,IF(X141<1,0,+X141/Q141),IF(X141<1,0,+X141/100)) -> 0 | AD141: =(+Z141+(AA141*2)+(AB141*3))/6 -> 0
A142: C003 | B142: Angelina | D142: Angelina | F142: 20 | G142: =AVERAGE(C142:F142) -> 20 | I142: Angelina | K142: 20 | L142: =AVERAGE(H142:K142) -> 20 | N142: Angelina | P142: 22 | Q142: =AVERAGE(M142:P142) -> 22 | R142: =IF(G142>0,(+G142+(L142*2)+(Q142*3))/6,IF(L142>0,((L142*2)+(Q142*3))/5,Q142)) -> 21 | T142: =+R142/$R$264 -> 0.00011562576 | V142: =claims!D142 -> 0 | W142: =claims!E142 -> 0 | X142: =claims!F142 -> 0 | Z142: =IF(G142>100,IF(V142<1,0,+V142/G142),IF(V142<1,0,+V142/100)) -> 0 | AA142: =IF(L142>100,IF(W142<1,0,+W142/L142),IF(W142<1,0,+W142/100)) -> 0 | AB142: =IF(Q142>100,IF(X142<1,0,+X142/Q142),IF(X142<1,0,+X142/100)) -> 0 | AD142: =(+Z142+(AA142*2)+(AB142*3))/6 -> 0
A143: C007 | B143: Atascosa - Previously Karnes C128 | D143: Atascosa | F143: 23 | G143: =AVERAGE(C143:F143) -> 23 | I143: Atascosa | K143: 24 | L143: =AVERAGE(H143:K143) -> 24 | N143: Atascosa | P143: 23 | Q143: =AVERAGE(M143:P143) -> 23 | R143: =IF(G143>0,(+G143+(L143*2)+(Q143*3))/6,IF(L143>0,((L143*2)+(Q143*3))/5,Q143)) -> 23.333333 | T143: =+R143/$R$264 -> 0.00012847307 | V143: =claims!D143 -> 0 | W143: =claims!E143 -> 1 | X143: =claims!F143 -> 1 | Z143: =IF(G143>100,IF(V143<1,0,+V143/G143),IF(V143<1,0,+V143/100)) -> 0 | AA143: =IF(L143>100,IF(W143<1,0,+W143/L143),IF(W143<1,0,+W143/100)) -> 0.01 | AB143: =IF(Q143>100,IF(X143<1,0,+X143/Q143),IF(X143<1,0,+X143/100)) -> 0.01 | AD143: =(+Z143+(AA143*2)+(AB143*3))/6 -> 0.0083333333
A144: C009 | B144: Bailey - Merged with Parmer | D144: Bailey | F144: 4 | G144: =AVERAGE(C144:F144) -> 4 | I144: Bailey | K144: 5 | L144: =AVERAGE(H144:K144) -> 5 | N144: Bailey | P144: 5 | Q144: =AVERAGE(M144:P144) -> 5 | R144: =IF(G144>0,(+G144+(L144*2)+(Q144*3))/6,IF(L144>0,((L144*2)+(Q144*3))/5,Q144)) -> 4.8333333 | T144: =+R144/$R$264 -> 2.6612279e-05 | V144: =claims!D144 -> 0 | W144: =claims!E144 -> 0 | X144: =claims!F144 -> 0 | Z144: =IF(G144>100,IF(V144<1,0,+V144/G144),IF(V144<1,0,+V144/100)) -> 0 | AA144: =IF(L144>100,IF(W144<1,0,+W144/L144),IF(W144<1,0,+W144/100)) -> 0 | AB144: =IF(Q144>100,IF(X144<1,0,+X144/Q144),IF(X144<1,0,+X144/100)) -> 0 | AD144: =(+Z144+(AA144*2)+(AB144*3))/6 -> 0
A145: C011 | B145: Bastrop | D145: Bastrop | F145: 23 | G145: =AVERAGE(C145:F145) -> 23 | I145: Bastrop | K145: 24 | L145: =AVERAGE(H145:K145) -> 24 | N145: Bastrop | P145: 24 | Q145: =AVERAGE(M145:P145) -> 24 | R145: =IF(G145>0,(+G145+(L145*2)+(Q145*3))/6,IF(L145>0,((L145*2)+(Q145*3))/5,Q145)) -> 23.833333 | T145: =+R145/$R$264 -> 0.00013122606 | V145: =claims!D145 -> 0 | W145: =claims!E145 -> 0 | X145: =claims!F145 -> 0 | Z145: =IF(G145>100,IF(V145<1,0,+V145/G145),IF(V145<1,0,+V145/100)) -> 0 | AA145: =IF(L145>100,IF(W145<1,0,+W145/L145),IF(W145<1,0,+W145/100)) -> 0 | AB145: =IF(Q145>100,IF(X145<1,0,+X145/Q145),IF(X145<1,0,+X145/100)) -> 0 | AD145: =(+Z145+(AA145*2)+(AB145*3))/6 -> 0
A146: C012 | B146: Baylor | D146: Baylor | F146: 2 | G146: =AVERAGE(C146:F146) -> 2 | I146: Baylor | K146: 2 | L146: =AVERAGE(H146:K146) -> 2 | N146: Baylor | P146: 2 | Q146: =AVERAGE(M146:P146) -> 2 | R146: =IF(G146>0,(+G146+(L146*2)+(Q146*3))/6,IF(L146>0,((L146*2)+(Q146*3))/5,Q146)) -> 2 | T146: =+R146/$R$264 -> 1.1011977e-05 | V146: =claims!D146 -> 0 | W146: =claims!E146 -> 0 | X146: =claims!F146 -> 0 | Z146: =IF(G146>100,IF(V146<1,0,+V146/G146),IF(V146<1,0,+V146/100)) -> 0 | AA146: =IF(L146>100,IF(W146<1,0,+W146/L146),IF(W146<1,0,+W146/100)) -> 0 | AB146: =IF(Q146>100,IF(X146<1,0,+X146/Q146),IF(X146<1,0,+X146/100)) -> 0 | AD146: =(+Z146+(AA146*2)+(AB146*3))/6 -> 0
A147: C014 | B147: Bell | D147: Bell | F147: 63 | G147: =AVERAGE(C147:F147) -> 63 | I147: Bell | K147: 65 | L147: =AVERAGE(H147:K147) -> 65 | N147: Bell | P147: 64 | Q147: =AVERAGE(M147:P147) -> 64 | R147: =IF(G147>0,(+G147+(L147*2)+(Q147*3))/6,IF(L147>0,((L147*2)+(Q147*3))/5,Q147)) -> 64.166667 | T147: =+R147/$R$264 -> 0.00035330094 | V147: =claims!D147 -> 2 | W147: =claims!E147 -> 2 | X147: =claims!F147 -> 1 | Z147: =IF(G147>100,IF(V147<1,0,+V147/G147),IF(V147<1,0,+V147/100)) -> 0.02 | AA147: =IF(L147>100,IF(W147<1,0,+W147/L147),IF(W147<1,0,+W147/100)) -> 0.02 | AB147: =IF(Q147>100,IF(X147<1,0,+X147/Q147),IF(X147<1,0,+X147/100)) -> 0.01 | AD147: =(+Z147+(AA147*2)+(AB147*3))/6 -> 0.015
A148: C015 | B148: Bexar | D148: Bexar | F148: 402.5 | G148: =AVERAGE(C148:F148) -> 402.5 | I148: Bexar | K148: 409 | L148: =AVERAGE(H148:K148) -> 409 | N148: Bexar | P148: 417 | Q148: =AVERAGE(M148:P148) -> 417 | R148: =IF(G148>0,(+G148+(L148*2)+(Q148*3))/6,IF(L148>0,((L148*2)+(Q148*3))/5,Q148)) -> 411.91667 | T148: =+R148/$R$264 -> 0.0022680085 | V148: =claims!D148 -> 4 | W148: =claims!E148 -> 12 | X148: =claims!F148 -> 6 | Z148: =IF(G148>100,IF(V148<1,0,+V148/G148),IF(V148<1,0,+V148/100)) -> 0.0099378882 | AA148: =IF(L148>100,IF(W148<1,0,+W148/L148),IF(W148<1,0,+W148/100)) -> 0.029339853 | AB148: =IF(Q148>100,IF(X148<1,0,+X148/Q148),IF(X148<1,0,+X148/100)) -> 0.014388489 | AD148: =(+Z148+(AA148*2)+(AB148*3))/6 -> 0.01863051
A149: C019 | B149: Bowie | D149: Bowie | F149: 80 | G149: =AVERAGE(C149:F149) -> 80 | I149: Bowie | K149: 79 | L149: =AVERAGE(H149:K149) -> 79 | N149: Bowie | P149: 81 | Q149: =AVERAGE(M149:P149) -> 81 | R149: =IF(G149>0,(+G149+(L149*2)+(Q149*3))/6,IF(L149>0,((L149*2)+(Q149*3))/5,Q149)) -> 80.166667 | T149: =+R149/$R$264 -> 0.00044139676 | V149: =claims!D149 -> 0 | W149: =claims!E149 -> 0 | X149: =claims!F149 -> 0 | Z149: =IF(G149>100,IF(V149<1,0,+V149/G149),IF(V149<1,0,+V149/100)) -> 0 | AA149: =IF(L149>100,IF(W149<1,0,+W149/L149),IF(W149<1,0,+W149/100)) -> 0 | AB149: =IF(Q149>100,IF(X149<1,0,+X149/Q149),IF(X149<1,0,+X149/100)) -> 0 | AD149: =(+Z149+(AA149*2)+(AB149*3))/6 -> 0
A150: C020 | B150: Brazoria | D150: Brazoria | F150: 73.5 | G150: =AVERAGE(C150:F150) -> 73.5 | I150: Brazoria | K150: 78 | L150: =AVERAGE(H150:K150) -> 78 | N150: Brazoria | P150: 77 | Q150: =AVERAGE(M150:P150) -> 77 | R150: =IF(G150>0,(+G150+(L150*2)+(Q150*3))/6,IF(L150>0,((L150*2)+(Q150*3))/5,Q150)) -> 76.75 | T150: =+R150/$R$264 -> 0.00042258463 | V150: =claims!D150 -> 0 | W150: =claims!E150 -> 0 | X150: =claims!F150 -> 0 | Z150: =IF(G150>100,IF(V150<1,0,+V150/G150),IF(V150<1,0,+V150/100)) -> 0 | AA150: =IF(L150>100,IF(W150<1,0,+W150/L150),IF(W150<1,0,+W150/100)) -> 0 | AB150: =IF(Q150>100,IF(X150<1,0,+X150/Q150),IF(X150<1,0,+X150/100)) -> 0 | AD150: =(+Z150+(AA150*2)+(AB150*3))/6 -> 0
A151: C021 | B151: Brazos | D151: Brazos | F151: 43.5 | G151: =AVERAGE(C151:F151) -> 43.5 | I151: Brazos | K151: 46 | L151: =AVERAGE(H151:K151) -> 46 | N151: Brazos | P151: 50.5 | Q151: =AVERAGE(M151:P151) -> 50.5 | R151: =IF(G151>0,(+G151+(L151*2)+(Q151*3))/6,IF(L151>0,((L151*2)+(Q151*3))/5,Q151)) -> 47.833333 | T151: =+R151/$R$264 -> 0.00026336979 | V151: =claims!D151 -> 0 | W151: =claims!E151 -> 0 | X151: =claims!F151 -> 0 | Z151: =IF(G151>100,IF(V151<1,0,+V151/G151),IF(V151<1,0,+V151/100)) -> 0 | AA151: =IF(L151>100,IF(W151<1,0,+W151/L151),IF(W151<1,0,+W151/100)) -> 0 | AB151: =IF(Q151>100,IF(X151<1,0,+X151/Q151),IF(X151<1,0,+X151/100)) -> 0 | AD151: =(+Z151+(AA151*2)+(AB151*3))/6 -> 0
... A197: C117 | B197: Hutchinson | D197: Hutchinson | F197: 5 | G197: =AVERAGE(C197:F197) -> 5 | I197: Hutchinson | K197: 6 | L197: =AVERAGE(H197:K197) -> 6 | N197: Hutchinson | P197: 6 | Q197: =AVERAGE(M197:P197) -> 6 | R197: =IF(G197>0,(+G197+(L197*2)+(Q197*3))/6,IF(L197>0,((L197*2)+(Q197*3))/5,Q197)) -> 5.8333333 | T197: =+R197/$R$264 -> 3.2118267e-05 | V197: =claims!D197 -> 1 | W197: =claims!E197 -> 1 | X197: =claims!F197 -> 0 | Z197: =IF(G197>100,IF(V197<1,0,+V197/G197),IF(V197<1,0,+V197/100)) -> 0.01 | AA197: =IF(L197>100,IF(W197<1,0,+W197/L197),IF(W197<1,0,+W197/100)) -> 0.01 | AB197: =IF(Q197>100,IF(X197<1,0,+X197/Q197),IF(X197<1,0,+X197/100)) -> 0 | AD197: =(+Z197+(AA197*2)+(AB197*3))/6 -> 0.005
A198: C121 | B198: Jasper - Formerly Shelby | D198: Jasper | F198: =21+4 -> 25 | G198: =AVERAGE(C198:F198) -> 25 | I198: Jasper | K198: =19.5+3.5 -> 23 | L198: =AVERAGE(H198:K198) -> 23 | N198: Jasper | P198: 23 | Q198: =AVERAGE(M198:P198) -> 23 | R198: =IF(G198>0,(+G198+(L198*2)+(Q198*3))/6,IF(L198>0,((L198*2)+(Q198*3))/5,Q198)) -> 23.333333 | T198: =+R198/$R$264 -> 0.00012847307 | V198: =claims!D198 -> 0 | W198: =claims!E198 -> 0 | X198: =claims!F198 -> 0 | Z198: =IF(G198>100,IF(V198<1,0,+V198/G198),IF(V198<1,0,+V198/100)) -> 0 | AA198: =IF(L198>100,IF(W198<1,0,+W198/L198),IF(W198<1,0,+W198/100)) -> 0 | AB198: =IF(Q198>100,IF(X198<1,0,+X198/Q198),IF(X198<1,0,+X198/100)) -> 0 | AD198: =(+Z198+(AA198*2)+(AB198*3))/6 -> 0
A199: C123 | B199: Jefferson | D199: Jefferson | F199: 69.5 | G199: =AVERAGE(C199:F199) -> 69.5 | I199: Jefferson | K199: 71 | L199: =AVERAGE(H199:K199) -> 71 | N199: Jefferson | P199: 73 | Q199: =AVERAGE(M199:P199) -> 73 | R199: =IF(G199>0,(+G199+(L199*2)+(Q199*3))/6,IF(L199>0,((L199*2)+(Q199*3))/5,Q199)) -> 71.75 | T199: =+R199/$R$264 -> 0.00039505469 | V199: =claims!D199 -> 1 | W199: =claims!E199 -> 0 | X199: =claims!F199 -> 0 | Z199: =IF(G199>100,IF(V199<1,0,+V199/G199),IF(V199<1,0,+V199/100)) -> 0.01 | AA199: =IF(L199>100,IF(W199<1,0,+W199/L199),IF(W199<1,0,+W199/100)) -> 0 | AB199: =IF(Q199>100,IF(X199<1,0,+X199/Q199),IF(X199<1,0,+X199/100)) -> 0 | AD199: =(+Z199+(AA199*2)+(AB199*3))/6 -> 0.0016666667
A200: C125 | B200: Jim Wells | D200: Jim Wells | F200: 15 | G200: =AVERAGE(C200:F200) -> 15 | I200: Jim Wells | K200: 19 | L200: =AVERAGE(H200:K200) -> 19 | N200: Jim Wells | P200: 17 | Q200: =AVERAGE(M200:P200) -> 17 | R200: =IF(G200>0,(+G200+(L200*2)+(Q200*3))/6,IF(L200>0,((L200*2)+(Q200*3))/5,Q200)) -> 17.333333 | T200: =+R200/$R$264 -> 9.5437138e-05 | V200: =claims!D200 -> 0 | W200: =claims!E200 -> 0 | X200: =claims!F200 -> 0 | Z200: =IF(G200>100,IF(V200<1,0,+V200/G200),IF(V200<1,0,+V200/100)) -> 0 | AA200: =IF(L200>100,IF(W200<1,0,+W200/L200),IF(W200<1,0,+W200/100)) -> 0 | AB200: =IF(Q200>100,IF(X200<1,0,+X200/Q200),IF(X200<1,0,+X200/100)) -> 0 | AD200: =(+Z200+(AA200*2)+(AB200*3))/6 -> 0
A201: C126 | B201: Johnson | D201: Johnson | F201: 49.5 | G201: =AVERAGE(C201:F201) -> 49.5 | I201: Johnson | K201: 53 | L201: =AVERAGE(H201:K201) -> 53 | N201: Johnson | P201: 55.5 | Q201: =AVERAGE(M201:P201) -> 55.5 | R201: =IF(G201>0,(+G201+(L201*2)+(Q201*3))/6,IF(L201>0,((L201*2)+(Q201*3))/5,Q201)) -> 53.666667 | T201: =+R201/$R$264 -> 0.00029548806 | V201: =claims!D201 -> 1 | W201: =claims!E201 -> 1 | X201: =claims!F201 -> 0 | Z201: =IF(G201>100,IF(V201<1,0,+V201/G201),IF(V201<1,0,+V201/100)) -> 0.01 | AA201: =IF(L201>100,IF(W201<1,0,+W201/L201),IF(W201<1,0,+W201/100)) -> 0.01 | AB201: =IF(Q201>100,IF(X201<1,0,+X201/Q201),IF(X201<1,0,+X201/100)) -> 0 | AD201: =(+Z201+(AA201*2)+(AB201*3))/6 -> 0.005
A202: C127 | B202: Jones | D202: Jones | F202: 6.5 | G202: =AVERAGE(C202:F202) -> 6.5 | I202: Jones | K202: 7.5 | L202: =AVERAGE(H202:K202) -> 7.5 | N202: Jones | P202: 7.5 | Q202: =AVERAGE(M202:P202) -> 7.5 | R202: =IF(G202>0,(+G202+(L202*2)+(Q202*3))/6,IF(L202>0,((L202*2)+(Q202*3))/5,Q202)) -> 7.3333333 | T202: =+R202/$R$264 -> 4.0377251e-05 | V202: =claims!D202 -> 0 | W202: =claims!E202 -> 0 | X202: =claims!F202 -> 0 | Z202: =IF(G202>100,IF(V202<1,0,+V202/G202),IF(V202<1,0,+V202/100)) -> 0 | AA202: =IF(L202>100,IF(W202<1,0,+W202/L202),IF(W202<1,0,+W202/100)) -> 0 | AB202: =IF(Q202>100,IF(X202<1,0,+X202/Q202),IF(X202<1,0,+X202/100)) -> 0 | AD202: =(+Z202+(AA202*2)+(AB202*3))/6 -> 0
A203: C129 | B203: Kaufman | D203: Kaufman | F203: 20 | G203: =AVERAGE(C203:F203) -> 20 | I203: Kaufman | K203: 23 | L203: =AVERAGE(H203:K203) -> 23 | N203: Kaufman | P203: 26 | Q203: =AVERAGE(M203:P203) -> 26 | R203: =IF(G203>0,(+G203+(L203*2)+(Q203*3))/6,IF(L203>0,((L203*2)+(Q203*3))/5,Q203)) -> 24 | T203: =+R203/$R$264 -> 0.00013214373 | V203: =claims!D203 -> 0 | W203: =claims!E203 -> 0 | X203: =claims!F203 -> 0 | Z203: =IF(G203>100,IF(V203<1,0,+V203/G203),IF(V203<1,0,+V203/100)) -> 0 | AA203: =IF(L203>100,IF(W203<1,0,+W203/L203),IF(W203<1,0,+W203/100)) -> 0 | AB203: =IF(Q203>100,IF(X203<1,0,+X203/Q203),IF(X203<1,0,+X203/100)) -> 0 | AD203: =(+Z203+(AA203*2)+(AB203*3))/6 -> 0
A204: C130 | B204: Kendall | D204: Kendall | F204: 6.5 | G204: =AVERAGE(C204:F204) -> 6.5 | I204: Kendall | K204: 8.5 | L204: =AVERAGE(H204:K204) -> 8.5 | N204: Kendall | P204: 8 | Q204: =AVERAGE(M204:P204) -> 8 | R204: =IF(G204>0,(+G204+(L204*2)+(Q204*3))/6,IF(L204>0,((L204*2)+(Q204*3))/5,Q204)) -> 7.9166667 | T204: =+R204/$R$264 -> 4.3589077e-05 | V204: =claims!D204 -> 0 | W204: =claims!E204 -> 0 | X204: =claims!F204 -> 0 | Z204: =IF(G204>100,IF(V204<1,0,+V204/G204),IF(V204<1,0,+V204/100)) -> 0 | AA204: =IF(L204>100,IF(W204<1,0,+W204/L204),IF(W204<1,0,+W204/100)) -> 0 | AB204: =IF(Q204>100,IF(X204<1,0,+X204/Q204),IF(X204<1,0,+X204/100)) -> 0 | AD204: =(+Z204+(AA204*2)+(AB204*3))/6 -> 0
A205: C133 | B205: Kerr | D205: Kerr | F205: 20.5 | G205: =AVERAGE(C205:F205) -> 20.5 | I205: Kerr | K205: 21.5 | L205: =AVERAGE(H205:K205) -> 21.5 | N205: Kerr | P205: 21.5 | Q205: =AVERAGE(M205:P205) -> 21.5 | R205: =IF(G205>0,(+G205+(L205*2)+(Q205*3))/6,IF(L205>0,((L205*2)+(Q205*3))/5,Q205)) -> 21.333333 | T205: =+R205/$R$264 -> 0.00011746109 | V205: =claims!D205 -> 0 | W205: =claims!E205 -> 0 | X205: =claims!F205 -> 0 | Z205: =IF(G205>100,IF(V205<1,0,+V205/G205),IF(V205<1,0,+V205/100)) -> 0 | AA205: =IF(L205>100,IF(W205<1,0,+W205/L205),IF(W205<1,0,+W205/100)) -> 0 | AB205: =IF(Q205>100,IF(X205<1,0,+X205/Q205),IF(X205<1,0,+X205/100)) -> 0 | AD205: =(+Z205+(AA205*2)+(AB205*3))/6 -> 0
A206: C137 | B206: Kleberg | D206: Kleberg | F206: 17 | G206: =AVERAGE(C206:F206) -> 17 | I206: Kleberg | K206: 17 | L206: =AVERAGE(H206:K206) -> 17 | N206: Kleberg | P206: 17 | Q206: =AVERAGE(M206:P206) -> 17 | R206: =IF(G206>0,(+G206+(L206*2)+(Q206*3))/6,IF(L206>0,((L206*2)+(Q206*3))/5,Q206)) -> 17 | T206: =+R206/$R$264 -> 9.3601808e-05 | V206: =claims!D206 -> 0 | W206: =claims!E206 -> 0 | X206: =claims!F206 -> 0 | Z206: =IF(G206>100,IF(V206<1,0,+V206/G206),IF(V206<1,0,+V206/100)) -> 0 | AA206: =IF(L206>100,IF(W206<1,0,+W206/L206),IF(W206<1,0,+W206/100)) -> 0 | AB206: =IF(Q206>100,IF(X206<1,0,+X206/Q206),IF(X206<1,0,+X206/100)) -> 0 | AD206: =(+Z206+(AA206*2)+(AB206*3))/6 -> 0
A207: C139 | B207: Lamar | D207: Lamar | F207: 9 | G207: =AVERAGE(C207:F207) -> 9 | I207: Lamar | K207: 9 | L207: =AVERAGE(H207:K207) -> 9 | N207: Lamar | P207: 9 | Q207: =AVERAGE(M207:P207) -> 9 | R207: =IF(G207>0,(+G207+(L207*2)+(Q207*3))/6,IF(L207>0,((L207*2)+(Q207*3))/5,Q207)) -> 9 | T207: =+R207/$R$264 -> 4.9553898e-05 | V207: =claims!D207 -> 0 | W207: =claims!E207 -> 0 | X207: =claims!F207 -> 0 | Z207: =IF(G207>100,IF(V207<1,0,+V207/G207),IF(V207<1,0,+V207/100)) -> 0 | AA207: =IF(L207>100,IF(W207<1,0,+W207/L207),IF(W207<1,0,+W207/100)) -> 0 | AB207: =IF(Q207>100,IF(X207<1,0,+X207/Q207),IF(X207<1,0,+X207/100)) -> 0 | AD207: =(+Z207+(AA207*2)+(AB207*3))/6 -> 0
A208: C140 | B208: Lamb | D208: Lamb | F208: 4 | G208: =AVERAGE(C208:F208) -> 4 | I208: Lamb | K208: 4 | L208: =AVERAGE(H208:K208) -> 4 | N208: Lamb | P208: 4.5 | Q208: =AVERAGE(M208:P208) -> 4.5 | R208: =IF(G208>0,(+G208+(L208*2)+(Q208*3))/6,IF(L208>0,((L208*2)+(Q208*3))/5,Q208)) -> 4.25 | T208: =+R208/$R$264 -> 2.3400452e-05 | V208: =claims!D208 -> 0 | W208: =claims!E208 -> 0 | X208: =claims!F208 -> 0 | Z208: =IF(G208>100,IF(V208<1,0,+V208/G208),IF(V208<1,0,+V208/100)) -> 0 | AA208: =IF(L208>100,IF(W208<1,0,+W208/L208),IF(W208<1,0,+W208/100)) -> 0 | AB208: =IF(Q208>100,IF(X208<1,0,+X208/Q208),IF(X208<1,0,+X208/100)) -> 0 | AD208: =(+Z208+(AA208*2)+(AB208*3))/6 -> 0
A209: C143 | B209: Lavaca | D209: Lavaca | F209: 45.5 | G209: =AVERAGE(C209:F209) -> 45.5 | I209: Lavaca | K209: 42.5 | L209: =AVERAGE(H209:K209) -> 42.5 | N209: Lavaca | P209: 41.5 | Q209: =AVERAGE(M209:P209) -> 41.5 | R209: =IF(G209>0,(+G209+(L209*2)+(Q209*3))/6,IF(L209>0,((L209*2)+(Q209*3))/5,Q209)) -> 42.5 | T209: =+R209/$R$264 -> 0.00023400452 | V209: =claims!D209 -> 0 | W209: =claims!E209 -> 0 | X209: =claims!F209 -> 1 | Z209: =IF(G209>100,IF(V209<1,0,+V209/G209),IF(V209<1,0,+V209/100)) -> 0 | AA209: =IF(L209>100,IF(W209<1,0,+W209/L209),IF(W209<1,0,+W209/100)) -> 0 | AB209: =IF(Q209>100,IF(X209<1,0,+X209/Q209),IF(X209<1,0,+X209/100)) -> 0.01 | AD209: =(+Z209+(AA209*2)+(AB209*3))/6 -> 0.005
A210: C146 | B210: Liberty - Merged with Chambers | D210: Liberty | F210: 12 | G210: =AVERAGE(C210:F210) -> 12 | I210: Liberty | K210: 12 | L210: =AVERAGE(H210:K210) -> 12 | N210: Liberty | P210: 13 | Q210: =AVERAGE(M210:P210) -> 13 | R210: =IF(G210>0,(+G210+(L210*2)+(Q210*3))/6,IF(L210>0,((L210*2)+(Q210*3))/5,Q210)) -> 12.5 | T210: =+R210/$R$264 -> 6.8824859e-05 | V210: =claims!D210 -> 0 | W210: =claims!E210 -> 0 | X210: =claims!F210 -> 0 | Z210: =IF(G210>100,IF(V210<1,0,+V210/G210),IF(V210<1,0,+V210/100)) -> 0 | AA210: =IF(L210>100,IF(W210<1,0,+W210/L210),IF(W210<1,0,+W210/100)) -> 0 | AB210: =IF(Q210>100,IF(X210<1,0,+X210/Q210),IF(X210<1,0,+X210/100)) -> 0 | AD210: =(+Z210+(AA210*2)+(AB210*3))/6 -> 0
... A261: C252 | B261: Young | D261: Young | F261: 7 | G261: =AVERAGE(C261:F261) -> 7 | I261: Young | K261: 7 | L261: =AVERAGE(H261:K261) -> 7 | N261: Young | P261: 7 | Q261: =AVERAGE(M261:P261) -> 7 | R261: =IF(G261>0,(+G261+(L261*2)+(Q261*3))/6,IF(L261>0,((L261*2)+(Q261*3))/5,Q261)) -> 7 | T261: =+R261/$R$264 -> 3.8541921e-05 | V261: =claims!D261 -> 0 | W261: =claims!E261 -> 0 | X261: =claims!F261 -> 0 | Z261: =IF(G261>100,IF(V261<1,0,+V261/G261),IF(V261<1,0,+V261/100)) -> 0 | AA261: =IF(L261>100,IF(W261<1,0,+W261/L261),IF(W261<1,0,+W261/100)) -> 0 | AB261: =IF(Q261>100,IF(X261<1,0,+X261/Q261),IF(X261<1,0,+X261/100)) -> 0 | AD261: =(+Z261+(AA261*2)+(AB261*3))/6 -> 0
...

Sheet claims
I1: raw | L1: modified | P1: adjusted | T1: IFR portion of | X1: With
A2: Agency | D2: FY2022 | E2: FY2023 | F2: FY2024 | I2: average | J2: weighted | K2: IFR | L2: average | M2: cap | P2: average | R2: Assessment | T2: Assessment | V2: % of | X2: 0.02
A3: Code | B3: Name | D3: claims | E3: claims | F3: claims | G3: total | I3: claims | J3: IFR avg. | K3: modifier | L3: claims | M3: adjuster | P3: claims | R3: Percentage | T3: Amount | V3: Payroll | X3: Limit | Z3: Difference
A5: A101 | B5: Texas Senate | D5: 0 | E5: 0 | F5: 0 | G5: =SUM(D5:F5) -> 0 | I5: =AVERAGE(D5:F5) -> 0 | J5: =IFR!AD5 -> 0 | K5: =IF(+J5<$E$267,$I$267,IF(J5>$E$269,$I$269,$I$268)) -> 0.95 | L5: =+I5*K5 -> 0 | M5: 1 | N5: 1 | P5: =+L5*M5*N5 -> 0 | R5: =+P5/$P$264 -> 0 | T5: =+R5*([1]assessment!$J$272*[1]assessment!$E$3) -> 0 | V5: =+T5/[1]payroll!$F5 -> 0 | X5: =IF(V5<$X$2,T5,[1]payroll!$F5*$X$2) -> 0 | Z5: =+T5-X5 -> 0 | AB5: =+X5/T5 -> #DIV/0!
A6: A102 | B6: Texas House of Representatives | D6: 1 | E6: 1 | F6: 1 | G6: =SUM(D6:F6) -> 3 | I6: =AVERAGE(D6:F6) -> 1 | J6: =IFR!AD6 -> 0.0013903513 | K6: =IF(+J6<$E$267,$I$267,IF(J6>$E$269,$I$269,$I$268)) -> 0.95 | L6: =+I6*K6 -> 0.95 | M6: 1 | N6: 1 | P6: =+L6*M6*N6 -> 0.95 | R6: =+P6/$P$264 -> 0.00017176125 | T6: =+R6*([1]assessment!$J$272*[1]assessment!$E$3) -> 1546.5569 | V6: =+T6/[1]payroll!$F6 -> 3.8729642e-05 | X6: =IF(V6<$X$2,T6,[1]payroll!$F6*$X$2) -> 1546.5569 | Z6: =+T6-X6 -> 0 | AB6: =+X6/T6 -> 1
A7: A103 | B7: Legislative Council | D7: 0 | E7: 0 | F7: 0 | G7: =SUM(D7:F7) -> 0 | I7: =AVERAGE(D7:F7) -> 0 | J7: =IFR!AD7 -> 0 | K7: =IF(+J7<$E$267,$I$267,IF(J7>$E$269,$I$269,$I$268)) -> 0.95 | L7: =+I7*K7 -> 0 | M7: 1 | N7: 1 | P7: =+L7*M7*N7 -> 0 | R7: =+P7/$P$264 -> 0 | T7: =+R7*([1]assessment!$J$272*[1]assessment!$E$3) -> 0 | V7: =+T7/[1]payroll!$F7 -> 0 | X7: =IF(V7<$X$2,T7,[1]payroll!$F7*$X$2) -> 0 | Z7: =+T7-X7 -> 0 | AB7: =+X7/T7 -> #DIV/0!
A8: A104 | B8: Legislative Budget Board | D8: 0 | E8: 0 | F8: 0 | G8: =SUM(D8:F8) -> 0 | I8: =AVERAGE(D8:F8) -> 0 | J8: =IFR!AD8 -> 0 | K8: =IF(+J8<$E$267,$I$267,IF(J8>$E$269,$I$269,$I$268)) -> 0.95 | L8: =+I8*K8 -> 0 | M8: 1 | N8: 1 | P8: =+L8*M8*N8 -> 0 | R8: =+P8/$P$264 -> 0 | T8: =+R8*([1]assessment!$J$272*[1]assessment!$E$3) -> 0 | V8: =+T8/[1]payroll!$F8 -> 0 | X8: =IF(V8<$X$2,T8,[1]payroll!$F8*$X$2) -> 0 | Z8: =+T8-X8 -> 0 | AB8: =+X8/T8 -> #DIV/0!
A9: A105 | B9: Legislative Reference Library | D9: 0 | E9: 0 | F9: 0 | G9: =SUM(D9:F9) -> 0 | I9: =AVERAGE(D9:F9) -> 0 | J9: =IFR!AD9 -> 0 | K9: =IF(+J9<$E$267,$I$267,IF(J9>$E$269,$I$269,$I$268)) -> 0.95 | L9: =+I9*K9 -> 0 | M9: 1 | N9: 1 | P9: =+L9*M9*N9 -> 0 | R9: =+P9/$P$264 -> 0 | T9: =+R9*([1]assessment!$J$272*[1]assessment!$E$3) -> 0 | V9: =+T9/[1]payroll!$F9 -> 0 | X9: =IF(V9<$X$2,T9,[1]payroll!$F9*$X$2) -> 0 | Z9: =+T9-X9 -> 0 | AB9: =+X9/T9 -> #DIV/0!
A10: A116 | B10: Sunset Advisory Commission | D10: 0 | E10: 0 | F10: 0 | G10: =SUM(D10:F10) -> 0 | I10: =AVERAGE(D10:F10) -> 0 | J10: =IFR!AD10 -> 0 | K10: =IF(+J10<$E$267,$I$267,IF(J10>$E$269,$I$269,$I$268)) -> 0.95 | L10: =+I10*K10 -> 0 | M10: 1 | N10: 1 | P10: =+L10*M10*N10 -> 0 | R10: =+P10/$P$264 -> 0 | T10: =+R10*([1]assessment!$J$272*[1]assessment!$E$3) -> 0 | V10: =+T10/[1]payroll!$F10 -> 0 | X10: =IF(V10<$X$2,T10,[1]payroll!$F10*$X$2) -> 0 | Z10: =+T10-X10 -> 0 | AB10: =+X10/T10 -> #DIV/0!
A11: A201 | B11: Supreme Court of Texas | D11: 0 | E11: 1 | F11: 0 | G11: =SUM(D11:F11) -> 1 | I11: =AVERAGE(D11:F11) -> 0.33333333 | J11: =IFR!AD11 -> 0.0033333333 | K11: =IF(+J11<$E$267,$I$267,IF(J11>$E$269,$I$269,$I$268)) -> 0.95 | L11: =+I11*K11 -> 0.31666667 | M11: 1 | N11: 1 | P11: =+L11*M11*N11 -> 0.31666667 | R11: =+P11/$P$264 -> 5.7253749e-05 | T11: =+R11*([1]assessment!$J$272*[1]assessment!$E$3) -> 515.51898 | V11: =+T11/[1]payroll!$F11 -> 6.8282331e-05 | X11: =IF(V11<$X$2,T11,[1]payroll!$F11*$X$2) -> 515.51898 | Z11: =+T11-X11 -> 0 | AB11: =+X11/T11 -> 1
A12: A203 | B12: Law Examiners, Board of | D12: 0 | E12: 0 | F12: 0 | G12: =SUM(D12:F12) -> 0 | I12: =AVERAGE(D12:F12) -> 0 | J12: =IFR!AD12 -> 0 | K12: =IF(+J12<$E$267,$I$267,IF(J12>$E$269,$I$269,$I$268)) -> 0.95 | L12: =+I12*K12 -> 0 | M12: 1 | N12: 1 | P12: =+L12*M12*N12 -> 0 | R12: =+P12/$P$264 -> 0 | T12: =+R12*([1]assessment!$J$272*[1]assessment!$E$3) -> 0 | V12: =+T12/[1]payroll!$F12 -> 0 | X12: =IF(V12<$X$2,T12,[1]payroll!$F12*$X$2) -> 0 | Z12: =+T12-X12 -> 0 | AB12: =+X12/T12 -> #DIV/0!
A13: A211 | B13: Court of Criminal Appeals | D13: 0 | E13: 0 | F13: 0 | G13: =SUM(D13:F13) -> 0 | I13: =AVERAGE(D13:F13) -> 0 | J13: =IFR!AD13 -> 0 | K13: =IF(+J13<$E$267,$I$267,IF(J13>$E$269,$I$269,$I$268)) -> 0.95 | L13: =+I13*K13 -> 0 | M13: 1 | N13: 1 | P13: =+L13*M13*N13 -> 0 | R13: =+P13/$P$264 -> 0 | T13: =+R13*([1]assessment!$J$272*[1]assessment!$E$3) -> 0 | V13: =+T13/[1]payroll!$F13 -> 0 | X13: =IF(V13<$X$2,T13,[1]payroll!$F13*$X$2) -> 0 | Z13: =+T13-X13 -> 0 | AB13: =+X13/T13 -> #DIV/0!
A14: A212 | B14: Court Administration, Office of | D14: 0 | E14: 0 | F14: 0 | G14: =SUM(D14:F14) -> 0 | I14: =AVERAGE(D14:F14) -> 0 | J14: =IFR!AD14 -> 0 | K14: =IF(+J14<$E$267,$I$267,IF(J14>$E$269,$I$269,$I$268)) -> 0.95 | L14: =+I14*K14 -> 0 | M14: 1 | N14: 1 | P14: =+L14*M14*N14 -> 0 | R14: =+P14/$P$264 -> 0 | T14: =+R14*([1]assessment!$J$272*[1]assessment!$E$3) -> 0 | V14: =+T14/[1]payroll!$F14 -> 0 | X14: =IF(V14<$X$2,T14,[1]payroll!$F14*$X$2) -> 0 | Z14: =+T14-X14 -> 0 | AB14: =+X14/T14 -> #DIV/0!
A15: A213 | B15: Prosecuting Attorney, State | D15: 0 | E15: 0 | F15: 0 | G15: =SUM(D15:F15) -> 0 | I15: =AVERAGE(D15:F15) -> 0 | J15: =IFR!AD15 -> 0 | K15: =IF(+J15<$E$267,$I$267,IF(J15>$E$269,$I$269,$I$268)) -> 0.95 | L15: =+I15*K15 -> 0 | M15: 1 | N15: 1 | P15: =+L15*M15*N15 -> 0 | R15: =+P15/$P$264 -> 0 | T15: =+R15*([1]assessment!$J$272*[1]assessment!$E$3) -> 0 | V15: =+T15/[1]payroll!$F15 -> 0 | X15: =IF(V15<$X$2,T15,[1]payroll!$F15*$X$2) -> 0 | Z15: =+T15-X15 -> 0 | AB15: =+X15/T15 -> #DIV/0!
A16: A215 | B16: Office of Capital and Forensic Writs | D16: 0 | E16: 0 | F16: 0 | G16: =SUM(D16:F16) -> 0 | I16: =AVERAGE(D16:F16) -> 0 | J16: =IFR!AD16 -> 0 | K16: =IF(+J16<$E$267,$I$267,IF(J16>$E$269,$I$269,$I$268)) -> 0.95 | L16: =+I16*K16 -> 0 | M16: 1 | N16: 1 | P16: =+L16*M16*N16 -> 0 | R16: =+P16/$P$264 -> 0 | T16: =+R16*([1]assessment!$J$272*[1]assessment!$E$3) -> 0 | V16: =+T16/[1]payroll!$F16 -> 0 | X16: =IF(V16<$X$2,T16,[1]payroll!$F16*$X$2) -> 0 | Z16: =+T16-X16 -> 0 | AB16: =+X16/T16 -> #DIV/0!
... A30: A234 | B30: Court of Civil Appeals - Fourteenth District | D30: 0 | E30: 0 | F30: 0 | G30: =SUM(D30:F30) -> 0 | I30: =AVERAGE(D30:F30) -> 0 | J30: =IFR!AD30 -> 0 | K30: =IF(+J30<$E$267,$I$267,IF(J30>$E$269,$I$269,$I$268)) -> 0.95 | L30: =+I30*K30 -> 0 | M30: 1 | N30: 1 | P30: =+L30*M30*N30 -> 0 | R30: =+P30/$P$264 -> 0 | T30: =+R30*([1]assessment!$J$272*[1]assessment!$E$3) -> 0 | V30: =+T30/[1]payroll!$F30 -> 0 | X30: =IF(V30<$X$2,T30,[1]payroll!$F30*$X$2) -> 0 | Z30: =+T30-X30 -> 0 | AB30: =+X30/T30 -> #DIV/0!
A31: A235 | B31: Court of Civil Appeals - Fifteenth District | D31: 0 | E31: 0 | F31: 0 | G31: =SUM(D31:F31) -> 0 | I31: =AVERAGE(D31:F31) -> 0 | J31: =IFR!AD31 -> 0 | K31: =IF(+J31<$E$267,$I$267,IF(J31>$E$269,$I$269,$I$268)) -> 0.95 | L31: =+I31*K31 -> 0 | M31: 1 | P31: =+L31*M31*N31 -> 0 | R31: =+P31/$P$264 -> 0 | T31: =+R31*([1]assessment!$J$272*[1]assessment!$E$3) -> 0 | V31: =+T31/[1]payroll!$F31 -> 0 | X31: =IF(V31<$X$2,T31,[1]payroll!$F31*$X$2) -> 0 | Z31: =+T31-X31 -> 0
A32: A241 | B32: District Courts (Comptroller's Jud. Section) | D32: 1 | E32: 0 | F32: 0 | G32: =SUM(D32:F32) -> 1 | I32: =AVERAGE(D32:F32) -> 0.33333333 | J32: =IFR!AD32 -> 0.00025821778 | K32: =IF(+J32<$E$267,$I$267,IF(J32>$E$269,$I$269,$I$268)) -> 0.95 | L32: =+I32*K32 -> 0.31666667 | M32: 1 | N32: 1 | P32: =+L32*M32*N32 -> 0.31666667 | R32: =+P32/$P$264 -> 5.7253749e-05 | T32: =+R32*([1]assessment!$J$272*[1]assessment!$E$3) -> 515.51898 | V32: =+T32/[1]payroll!$F32 -> 4.8417303e-06 | X32: =IF(V32<$X$2,T32,[1]payroll!$F32*$X$2) -> 515.51898 | Z32: =+T32-X32 -> 0 | AB32: =+X32/T32 -> 1
A33: A242 | B33: Judicial Conduct, State Commission on | D33: 0 | E33: 0 | F33: 0 | G33: =SUM(D33:F33) -> 0 | I33: =AVERAGE(D33:F33) -> 0 | J33: =IFR!AD33 -> 0 | K33: =IF(+J33<$E$267,$I$267,IF(J33>$E$269,$I$269,$I$268)) -> 0.95 | L33: =+I33*K33 -> 0 | M33: 1 | N33: 1 | P33: =+L33*M33*N33 -> 0 | R33: =+P33/$P$264 -> 0 | T33: =+R33*([1]assessment!$J$272*[1]assessment!$E$3) -> 0 | V33: =+T33/[1]payroll!$F33 -> 0 | X33: =IF(V33<$X$2,T33,[1]payroll!$F33*$X$2) -> 0 | Z33: =+T33-X33 -> 0 | AB33: =+X33/T33 -> #DIV/0!
A34: A243 | B34: Law Library, State | D34: 0 | E34: 0 | F34: 0 | G34: =SUM(D34:F34) -> 0 | I34: =AVERAGE(D34:F34) -> 0 | J34: =IFR!AD34 -> 0 | K34: =IF(+J34<$E$267,$I$267,IF(J34>$E$269,$I$269,$I$268)) -> 0.95 | L34: =+I34*K34 -> 0 | M34: 1 | N34: 1 | P34: =+L34*M34*N34 -> 0 | R34: =+P34/$P$264 -> 0 | T34: =+R34*([1]assessment!$J$272*[1]assessment!$E$3) -> 0 | V34: =+T34/[1]payroll!$F34 -> 0 | X34: =IF(V34<$X$2,T34,[1]payroll!$F34*$X$2) -> 0 | Z34: =+T34-X34 -> 0 | AB34: =+X34/T34 -> #DIV/0!
A35: A301 | B35: Governor's Office | D35: 1 | E35: 0 | F35: 0 | G35: =SUM(D35:F35) -> 1 | I35: =AVERAGE(D35:F35) -> 0.33333333 | J35: =IFR!AD35 -> 0.00065327454 | K35: =IF(+J35<$E$267,$I$267,IF(J35>$E$269,$I$269,$I$268)) -> 0.95 | L35: =+I35*K35 -> 0.31666667 | M35: 1 | N35: 1 | P35: =+L35*M35*N35 -> 0.31666667 | R35: =+P35/$P$264 -> 5.7253749e-05 | T35: =+R35*([1]assessment!$J$272*[1]assessment!$E$3) -> 515.51898 | V35: =+T35/[1]payroll!$F35 -> 2.0405114e-05 | X35: =IF(V35<$X$2,T35,[1]payroll!$F35*$X$2) -> 515.51898 | Z35: =+T35-X35 -> 0 | AB35: =+X35/T35 -> 1
A36: A302 | B36: Attorney General, Office of the | D36: =11+1 -> 12 | E36: 8 | F36: 16 | G36: =SUM(D36:F36) -> 36 | I36: =AVERAGE(D36:F36) -> 12 | J36: =IFR!AD36 -> 0.0031097902 | K36: =IF(+J36<$E$267,$I$267,IF(J36>$E$269,$I$269,$I$268)) -> 0.95 | L36: =+I36*K36 -> 11.4 | M36: 1 | N36: 1 | P36: =+L36*M36*N36 -> 11.4 | R36: =+P36/$P$264 -> 0.002061135 | T36: =+R36*([1]assessment!$J$272*[1]assessment!$E$3) -> 18558.683 | V36: =+T36/[1]payroll!$F36 -> 6.8958178e-05 | X36: =IF(V36<$X$2,T36,[1]payroll!$F36*$X$2) -> 18558.683 | Z36: =+T36-X36 -> 0 | AB36: =+X36/T36 -> 1
A37: A303 | B37: Texas Facilities Commission | D37: 9 | E37: 14 | F37: 5 | G37: =SUM(D37:F37) -> 28 | I37: =AVERAGE(D37:F37) -> 9.3333333 | J37: =IFR!AD37 -> 0.022025158 | K37: =IF(+J37<$E$267,$I$267,IF(J37>$E$269,$I$269,$I$268)) -> 0.95 | L37: =+I37*K37 -> 8.8666667 | M37: 1 | N37: 1 | P37: =+L37*M37*N37 -> 8.8666667 | R37: =+P37/$P$264 -> 0.001603105 | T37: =+R37*([1]assessment!$J$272*[1]assessment!$E$3) -> 14434.531 | V37: =+T37/[1]payroll!$F37 -> 0.00055903936 | X37: =IF(V37<$X$2,T37,[1]payroll!$F37*$X$2) -> 14434.531 | Z37: =+T37-X37 -> 0 | AB37: =+X37/T37 -> 1
A38: A304 | B38: Comptroller of Public Accounts, State | D38: =9+2 -> 11 | E38: 7 | F38: 6 | G38: =SUM(D38:F38) -> 24 | I38: =AVERAGE(D38:F38) -> 8 | J38: =IFR!AD38 -> 0.0027482432 | K38: =IF(+J38<$E$267,$I$267,IF(J38>$E$269,$I$269,$I$268)) -> 0.95 | L38: =+I38*K38 -> 7.6 | M38: 1 | N38: 1 | P38: =+L38*M38*N38 -> 7.6 | R38: =+P38/$P$264 -> 0.00137409 | T38: =+R38*([1]assessment!$J$272*[1]assessment!$E$3) -> 12372.456 | V38: =+T38/[1]payroll!$F38 -> 6.0453358e-05 | X38: =IF(V38<$X$2,T38,[1]payroll!$F38*$X$2) -> 12372.456 | Z38: =+T38-X38 -> 0 | AB38: =+X38/T38 -> 1
A39: A305 | B39: General Land Office | D39: 2 | E39: 4 | F39: 6 | G39: =SUM(D39:F39) -> 12 | I39: =AVERAGE(D39:F39) -> 4 | J39: =IFR!AD39 -> 0.0061131694 | K39: =IF(+J39<$E$267,$I$267,IF(J39>$E$269,$I$269,$I$268)) -> 0.95 | L39: =+I39*K39 -> 3.8 | M39: 1 | N39: 1 | P39: =+L39*M39*N39 -> 3.8 | R39: =+P39/$P$264 -> 0.00068704498 | T39: =+R39*([1]assessment!$J$272*[1]assessment!$E$3) -> 6186.2278 | V39: =+T39/[1]payroll!$F39 -> 8.9853638e-05 | X39: =IF(V39<$X$2,T39,[1]payroll!$F39*$X$2) -> 6186.2278 | Z39: =+T39-X39 -> 0 | AB39: =+X39/T39 -> 1
A40: A306 | B40: Library and Archives Commission | D40: 0 | E40: 1 | F40: 2 | G40: =SUM(D40:F40) -> 3 | I40: =AVERAGE(D40:F40) -> 1 | J40: =IFR!AD40 -> 0.0085377697 | K40: =IF(+J40<$E$267,$I$267,IF(J40>$E$269,$I$269,$I$268)) -> 0.95 | L40: =+I40*K40 -> 0.95 | M40: 1 | N40: 1 | P40: =+L40*M40*N40 -> 0.95 | R40: =+P40/$P$264 -> 0.00017176125 | T40: =+R40*([1]assessment!$J$272*[1]assessment!$E$3) -> 1546.5569 | V40: =+T40/[1]payroll!$F40 -> 0.00017257779 | X40: =IF(V40<$X$2,T40,[1]payroll!$F40*$X$2) -> 1546.5569 | Z40: =+T40-X40 -> 0 | AB40: =+X40/T40 -> 1
A41: A307 | B41: Secretary of State | D41: 1 | E41: 0 | F41: 0 | G41: =SUM(D41:F41) -> 1 | I41: =AVERAGE(D41:F41) -> 0.33333333 | J41: =IFR!AD41 -> 0.00091852668 | K41: =IF(+J41<$E$267,$I$267,IF(J41>$E$269,$I$269,$I$268)) -> 0.95 | L41: =+I41*K41 -> 0.31666667 | M41: 1 | N41: 1 | P41: =+L41*M41*N41 -> 0.31666667 | R41: =+P41/$P$264 -> 5.7253749e-05 | T41: =+R41*([1]assessment!$J$272*[1]assessment!$E$3) -> 515.51898 | V41: =+T41/[1]payroll!$F41 -> 3.5525469e-05 | X41: =IF(V41<$X$2,T41,[1]payroll!$F41*$X$2) -> 515.51898 | Z41: =+T41-X41 -> 0 | AB41: =+X41/T41 -> 1
A42: A308 | B42: State Auditor's Office | D42: 0 | E42: 1 | F42: 0 | G42: =SUM(D42:F42) -> 1 | I42: =AVERAGE(D42:F42) -> 0.33333333 | J42: =IFR!AD42 -> 0.001906396 | K42: =IF(+J42<$E$267,$I$267,IF(J42>$E$269,$I$269,$I$268)) -> 0.95 | L42: =+I42*K42 -> 0.31666667 | M42: 1 | N42: 1 | P42: =+L42*M42*N42 -> 0.31666667 | R42: =+P42/$P$264 -> 5.7253749e-05 | T42: =+R42*([1]assessment!$J$272*[1]assessment!$E$3) -> 515.51898 | V42: =+T42/[1]payroll!$F42 -> 3.0455981e-05 | X42: =IF(V42<$X$2,T42,[1]payroll!$F42*$X$2) -> 515.51898 | Z42: =+T42-X42 -> 0 | AB42: =+X42/T42 -> 1
A43: A312 | B43: Securities Board | D43: 0 | E43: 0 | F43: 0 | G43: =SUM(D43:F43) -> 0 | I43: =AVERAGE(D43:F43) -> 0 | J43: =IFR!AD43 -> 0 | K43: =IF(+J43<$E$267,$I$267,IF(J43>$E$269,$I$269,$I$268)) -> 0.95 | L43: =+I43*K43 -> 0 | M43: 1 | N43: 1 | P43: =+L43*M43*N43 -> 0 | R43: =+P43/$P$264 -> 0 | T43: =+R43*([1]assessment!$J$272*[1]assessment!$E$3) -> 0 | V43: =+T43/[1]payroll!$F43 -> 0 | X43: =IF(V43<$X$2,T43,[1]payroll!$F43*$X$2) -> 0 | Z43: =+T43-X43 -> 0 | AB43: =+X43/T43 -> #DIV/0!
A44: A313 | B44: Information Resources, Dept. of | D44: 0 | E44: 0 | F44: 1 | G44: =SUM(D44:F44) -> 1 | I44: =AVERAGE(D44:F44) -> 0.33333333 | J44: =IFR!AD44 -> 0.0020477117 | K44: =IF(+J44<$E$267,$I$267,IF(J44>$E$269,$I$269,$I$268)) -> 0.95 | L44: =+I44*K44 -> 0.31666667 | M44: 1 | N44: 1 | P44: =+L44*M44*N44 -> 0.31666667 | R44: =+P44/$P$264 -> 5.7253749e-05 | T44: =+R44*([1]assessment!$J$272*[1]assessment!$E$3) -> 515.51898 | V44: =+T44/[1]payroll!$F44 -> 2.2526029e-05 | X44: =IF(V44<$X$2,T44,[1]payroll!$F44*$X$2) -> 515.51898 | Z44: =+T44-X44 -> 0 | AB44: =+X44/T44 -> 1
A45: A320 | B45: Texas Workforce Commission | D45: =16+1 -> 17 | E45: 25 | F45: 28 | G45: =SUM(D45:F45) -> 70 | I45: =AVERAGE(D45:F45) -> 23.333333 | J45: =IFR!AD45 -> 0.0053475992 | K45: =IF(+J45<$E$267,$I$267,IF(J45>$E$269,$I$269,$I$268)) -> 0.95 | L45: =+I45*K45 -> 22.166667 | M45: 1 | N45: 1 | P45: =+L45*M45*N45 -> 22.166667 | R45: =+P45/$P$264 -> 0.0040077624 | T45: =+R45*([1]assessment!$J$272*[1]assessment!$E$3) -> 36086.329 | V45: =+T45/[1]payroll!$F45 -> 0.00013979656 | X45: =IF(V45<$X$2,T45,[1]payroll!$F45*$X$2) -> 36086.329 | Z45: =+T45-X45 -> 0 | AB45: =+X45/T45 -> 1
A46: A326 | B46: Texas Emergency Services Retirement System | D46: 0 | E46: 0 | F46: 0 | G46: =SUM(D46:F46) -> 0 | I46: =AVERAGE(D46:F46) -> 0 | J46: =IFR!AD46 -> 0 | K46: =IF(+J46<$E$267,$I$267,IF(J46>$E$269,$I$269,$I$268)) -> 0.95 | L46: =+I46*K46 -> 0 | M46: 1 | N46: 1 | P46: =+L46*M46*N46 -> 0 | R46: =+P46/$P$264 -> 0 | T46: =+R46*([1]assessment!$J$272*[1]assessment!$E$3) -> 0 | V46: =+T46/[1]payroll!$F46 -> 0 | X46: =IF(V46<$X$2,T46,[1]payroll!$F46*$X$2) -> 0 | Z46: =+T46-X46 -> 0 | AB46: =+X46/T46 -> #DIV/0!
A47: A329 | B47: Real Estate Commission | D47: 0 | E47: 0 | F47: 0 | G47: =SUM(D47:F47) -> 0 | I47: =AVERAGE(D47:F47) -> 0 | J47: =IFR!AD47 -> 0 | K47: =IF(+J47<$E$267,$I$267,IF(J47>$E$269,$I$269,$I$268)) -> 0.95 | L47: =+I47*K47 -> 0 | M47: 1 | N47: 1 | P47: =+L47*M47*N47 -> 0 | R47: =+P47/$P$264 -> 0 | T47: =+R47*([1]assessment!$J$272*[1]assessment!$E$3) -> 0 | V47: =+T47/[1]payroll!$F47 -> 0 | X47: =IF(V47<$X$2,T47,[1]payroll!$F47*$X$2) -> 0 | Z47: =+T47-X47 -> 0 | AB47: =+X47/T47 -> #DIV/0!
A48: A332 | B48: Housing and Community Affairs, Dept. of | D48: 1 | E48: 1 | F48: 0 | G48: =SUM(D48:F48) -> 2 | I48: =AVERAGE(D48:F48) -> 0.66666667 | J48: =IFR!AD48 -> 0.0014674343 | K48: =IF(+J48<$E$267,$I$267,IF(J48>$E$269,$I$269,$I$268)) -> 0.95 | L48: =+I48*K48 -> 0.63333333 | M48: 1 | N48: 1 | P48: =+L48*M48*N48 -> 0.63333333 | R48: =+P48/$P$264 -> 0.0001145075 | T48: =+R48*([1]assessment!$J$272*[1]assessment!$E$3) -> 1031.038 | V48: =+T48/[1]payroll!$F48 -> 3.4875443e-05 | X48: =IF(V48<$X$2,T48,[1]payroll!$F48*$X$2) -> 1031.038 | Z48: =+T48-X48 -> 0 | AB48: =+X48/T48 -> 1
A49: A338 | B49: Pension Review Board, State | D49: 0 | E49: 0 | F49: 0 | G49: =SUM(D49:F49) -> 0 | I49: =AVERAGE(D49:F49) -> 0 | J49: =IFR!AD49 -> 0 | K49: =IF(+J49<$E$267,$I$267,IF(J49>$E$269,$I$269,$I$268)) -> 0.95 | L49: =+I49*K49 -> 0 | M49: 1 | N49: 1 | P49: =+L49*M49*N49 -> 0 | R49: =+P49/$P$264 -> 0 | T49: =+R49*([1]assessment!$J$272*[1]assessment!$E$3) -> 0 | V49: =+T49/[1]payroll!$F49 -> 0 | X49: =IF(V49<$X$2,T49,[1]payroll!$F49*$X$2) -> 0 | Z49: =+T49-X49 -> 0 | AB49: =+X49/T49 -> #DIV/0!
A50: A347 | B50: Public Finance Authority | D50: 0 | E50: 0 | F50: 0 | G50: =SUM(D50:F50) -> 0 | I50: =AVERAGE(D50:F50) -> 0 | J50: =IFR!AD50 -> 0 | K50: =IF(+J50<$E$267,$I$267,IF(J50>$E$269,$I$269,$I$268)) -> 0.95 | L50: =+I50*K50 -> 0 | M50: 1 | N50: 1 | P50: =+L50*M50*N50 -> 0 | R50: =+P50/$P$264 -> 0 | T50: =+R50*([1]assessment!$J$272*[1]assessment!$E$3) -> 0 | V50: =+T50/[1]payroll!$F50 -> 0 | X50: =IF(V50<$X$2,T50,[1]payroll!$F50*$X$2) -> 0 | Z50: =+T50-X50 -> 0 | AB50: =+X50/T50 -> #DIV/0!
A51: A352 | B51: Bond Review Board | D51: 0 | E51: 0 | F51: 0 | G51: =SUM(D51:F51) -> 0 | I51: =AVERAGE(D51:F51) -> 0 | J51: =IFR!AD51 -> 0 | K51: =IF(+J51<$E$267,$I$267,IF(J51>$E$269,$I$269,$I$268)) -> 0.95 | L51: =+I51*K51 -> 0 | M51: 1 | N51: 1 | P51: =+L51*M51*N51 -> 0 | R51: =+P51/$P$264 -> 0 | T51: =+R51*([1]assessment!$J$272*[1]assessment!$E$3) -> 0 | V51: =+T51/[1]payroll!$F51 -> 0 | X51: =IF(V51<$X$2,T51,[1]payroll!$F51*$X$2) -> 0 | Z51: =+T51-X51 -> 0 | AB51: =+X51/T51 -> #DIV/0!
A52: A356 | B52: Ethics Commission | D52: 0 | E52: 0 | F52: 0 | G52: =SUM(D52:F52) -> 0 | I52: =AVERAGE(D52:F52) -> 0 | J52: =IFR!AD52 -> 0 | K52: =IF(+J52<$E$267,$I$267,IF(J52>$E$269,$I$269,$I$268)) -> 0.95 | L52: =+I52*K52 -> 0 | M52: 1 | N52: 1 | P52: =+L52*M52*N52 -> 0 | R52: =+P52/$P$264 -> 0 | T52: =+R52*([1]assessment!$J$272*[1]assessment!$E$3) -> 0 | V52: =+T52/[1]payroll!$F52 -> 0 | X52: =IF(V52<$X$2,T52,[1]payroll!$F52*$X$2) -> 0 | Z52: =+T52-X52 -> 0 | AB52: =+X52/T52 -> #DIV/0!
A53: A359 | B53: Office of Public Insurance Counsel | D53: 0 | E53: 0 | F53: 0 | G53: =SUM(D53:F53) -> 0 | I53: =AVERAGE(D53:F53) -> 0 | J53: =IFR!AD53 -> 0 | K53: =IF(+J53<$E$267,$I$267,IF(J53>$E$269,$I$269,$I$268)) -> 0.95 | L53: =+I53*K53 -> 0 | M53: 1 | N53: 1 | P53: =+L53*M53*N53 -> 0 | R53: =+P53/$P$264 -> 0 | T53: =+R53*([1]assessment!$J$272*[1]assessment!$E$3) -> 0 | V53: =+T53/[1]payroll!$F53 -> 0 | X53: =IF(V53<$X$2,T53,[1]payroll!$F53*$X$2) -> 0 | Z53: =+T53-X53 -> 0 | AB53: =+X53/T53 -> #DIV/0!
A54: A360 | B54: State Office of Administrative Hearings | D54: 0 | E54: 0 | F54: 1 | G54: =SUM(D54:F54) -> 1 | I54: =AVERAGE(D54:F54) -> 0.33333333 | J54: =IFR!AD54 -> 0.0046136101 | K54: =IF(+J54<$E$267,$I$267,IF(J54>$E$269,$I$269,$I$268)) -> 0.95 | L54: =+I54*K54 -> 0.31666667 | M54: 1 | N54: 1 | P54: =+L54*M54*N54 -> 0.31666667 | R54: =+P54/$P$264 -> 5.7253749e-05 | T54: =+R54*([1]assessment!$J$272*[1]assessment!$E$3) -> 515.51898 | V54: =+T54/[1]payroll!$F54 -> 5.455698e-05 | X54: =IF(V54<$X$2,T54,[1]payroll!$F54*$X$2) -> 515.51898 | Z54: =+T54-X54 -> 0 | AB54: =+X54/T54 -> 1
A55: A364 | B55: Health Professions Council | D55: 0 | E55: 0 | F55: 0 | G55: =SUM(D55:F55) -> 0 | I55: =AVERAGE(D55:F55) -> 0 | J55: =IFR!AD55 -> 0 | K55: =IF(+J55<$E$267,$I$267,IF(J55>$E$269,$I$269,$I$268)) -> 0.95 | L55: =+I55*K55 -> 0 | M55: 1 | N55: 1 | P55: =+L55*M55*N55 -> 0 | R55: =+P55/$P$264 -> 0 | T55: =+R55*([1]assessment!$J$272*[1]assessment!$E$3) -> 0 | V55: =+T55/[1]payroll!$F55 -> 0 | X55: =IF(V55<$X$2,T55,[1]payroll!$F55*$X$2) -> 0 | Z55: =+T55-X55 -> 0 | AB55: =+X55/T55 -> #DIV/0!
A56: A401 | B56: Texas Military Department | D56: =98+6 -> 104 | E56: 61 | F56: 100 | G56: =SUM(D56:F56) -> 265 | I56: =AVERAGE(D56:F56) -> 88.333333 | J56: =IFR!AD56 -> 0.16016782 | K56: =IF(+J56<$E$267,$I$267,IF(J56>$E$269,$I$269,$I$268)) -> 1.05 | L56: =+I56*K56 -> 92.75 | M56: 1 | N56: 1 | P56: =+L56*M56*N56 -> 92.75 | R56: =+P56/$P$264 -> 0.016769322 | T56: =+R56*([1]assessment!$J$272*[1]assessment!$E$3) -> 150992.8 | V56: =+T56/[1]payroll!$F56 -> 0.00029464754 | X56: =IF(V56<$X$2,T56,[1]payroll!$F56*$X$2) -> 150992.8 | Z56: =+T56-X56 -> 0 | AB56: =+X56/T56 -> 1
A57: A403 | B57: Veterans Commission | D57: 1 | E57: 2 | F57: 1 | G57: =SUM(D57:F57) -> 4 | I57: =AVERAGE(D57:F57) -> 1.3333333 | J57: =IFR!AD57 -> 0.0031205359 | K57: =IF(+J57<$E$267,$I$267,IF(J57>$E$269,$I$269,$I$268)) -> 0.95 | L57: =+I57*K57 -> 1.2666667 | M57: 1 | N57: 1 | P57: =+L57*M57*N57 -> 1.2666667 | R57: =+P57/$P$264 -> 0.00022901499 | T57: =+R57*([1]assessment!$J$272*[1]assessment!$E$3) -> 2062.0759 | V57: =+T57/[1]payroll!$F57 -> 8.4541636e-05 | X57: =IF(V57<$X$2,T57,[1]payroll!$F57*$X$2) -> 2062.0759 | Z57: =+T57-X57 -> 0 | AB57: =+X57/T57 -> 1
A58: A405 | B58: Public Safety, Department of | D58: 479 | E58: 483 | F58: 487 | G58: =SUM(D58:F58) -> 1449 | I58: =AVERAGE(D58:F58) -> 483 | J58: =IFR!AD58 -> 0.047192132 | K58: =IF(+J58<$E$267,$I$267,IF(J58>$E$269,$I$269,$I$268)) -> 1 | L58: =+I58*K58 -> 483 | M58: 1 | N58: 1 | P58: =+L58*M58*N58 -> 483 | R58: =+P58/$P$264 -> 0.087327033 | T58: =+R58*([1]assessment!$J$272*[1]assessment!$E$3) -> 786302.11 | V58: =+T58/[1]payroll!$F58 -> 0.0011051289 | X58: =IF(V58<$X$2,T58,[1]payroll!$F58*$X$2) -> 786302.11 | Z58: =+T58-X58 -> 0 | AB58: =+X58/T58 -> 1
A59: A407 | B59: Law Enforcement Commission | D59: 0 | E59: 0 | F59: 0 | G59: =SUM(D59:F59) -> 0 | I59: =AVERAGE(D59:F59) -> 0 | J59: =IFR!AD59 -> 0 | K59: =IF(+J59<$E$267,$I$267,IF(J59>$E$269,$I$269,$I$268)) -> 0.95 | L59: =+I59*K59 -> 0 | M59: 1 | N59: 1 | P59: =+L59*M59*N59 -> 0 | R59: =+P59/$P$264 -> 0 | T59: =+R59*([1]assessment!$J$272*[1]assessment!$E$3) -> 0 | V59: =+T59/[1]payroll!$F59 -> 0 | X59: =IF(V59<$X$2,T59,[1]payroll!$F59*$X$2) -> 0 | Z59: =+T59-X59 -> 0 | AB59: =+X59/T59 -> #DIV/0!
A60: A409 | B60: Jail Standards, Commission on | D60: 0 | E60: 0 | F60: 0 | G60: =SUM(D60:F60) -> 0 | I60: =AVERAGE(D60:F60) -> 0 | J60: =IFR!AD60 -> 0 | K60: =IF(+J60<$E$267,$I$267,IF(J60>$E$269,$I$269,$I$268)) -> 0.95 | L60: =+I60*K60 -> 0 | M60: 1 | N60: 1 | P60: =+L60*M60*N60 -> 0 | R60: =+P60/$P$264 -> 0 | T60: =+R60*([1]assessment!$J$272*[1]assessment!$E$3) -> 0 | V60: =+T60/[1]payroll!$F60 -> 0 | X60: =IF(V60<$X$2,T60,[1]payroll!$F60*$X$2) -> 0 | Z60: =+T60-X60 -> 0 | AB60: =+X60/T60 -> #DIV/0!
A61: A411 | B61: Fire Protection, Commission on | D61: 0 | E61: 1 | F61: 0 | G61: =SUM(D61:F61) -> 1 | I61: =AVERAGE(D61:F61) -> 0.33333333 | J61: =IFR!AD61 -> 0.0033333333 | K61: =IF(+J61<$E$267,$I$267,IF(J61>$E$269,$I$269,$I$268)) -> 0.95 | L61: =+I61*K61 -> 0.31666667 | M61: 1 | N61: 1 | P61: =+L61*M61*N61 -> 0.31666667 | R61: =+P61/$P$264 -> 5.7253749e-05 | T61: =+R61*([1]assessment!$J$272*[1]assessment!$E$3) -> 515.51898 | V61: =+T61/[1]payroll!$F61 -> 0.00022874976 | X61: =IF(V61<$X$2,T61,[1]payroll!$F61*$X$2) -> 515.51898 | Z61: =+T61-X61 -> 0 | AB61: =+X61/T61 -> 1
A62: A448 | B62: Office of Injured Employee Counsel | D62: 0 | E62: 1 | F62: 0 | G62: =SUM(D62:F62) -> 1 | I62: =AVERAGE(D62:F62) -> 0.33333333 | J62: =IFR!AD62 -> 0.0025440438 | K62: =IF(+J62<$E$267,$I$267,IF(J62>$E$269,$I$269,$I$268)) -> 0.95 | L62: =+I62*K62 -> 0.31666667 | M62: 1 | N62: 1 | P62: =+L62*M62*N62 -> 0.31666667 | R62: =+P62/$P$264 -> 5.7253749e-05 | T62: =+R62*([1]assessment!$J$272*[1]assessment!$E$3) -> 515.51898 | V62: =+T62/[1]payroll!$F62 -> 6.6161791e-05 | X62: =IF(V62<$X$2,T62,[1]payroll!$F62*$X$2) -> 515.51898 | Z62: =+T62-X62 -> 0 | AB62: =+X62/T62 -> 1
A63: A450 | B63: Dept of Savings and Mortgage Lending | D63: 0 | E63: 0 | F63: 0 | G63: =SUM(D63:F63) -> 0 | I63: =AVERAGE(D63:F63) -> 0 | J63: =IFR!AD63 -> 0 | K63: =IF(+J63<$E$267,$I$267,IF(J63>$E$269,$I$269,$I$268)) -> 0.95 | L63: =+I63*K63 -> 0 | M63: 1 | N63: 1 | P63: =+L63*M63*N63 -> 0 | R63: =+P63/$P$264 -> 0 | T63: =+R63*([1]assessment!$J$272*[1]assessment!$E$3) -> 0 | V63: =+T63/[1]payroll!$F63 -> 0 | X63: =IF(V63<$X$2,T63,[1]payroll!$F63*$X$2) -> 0 | Z63: =+T63-X63 -> 0 | AB63: =+X63/T63 -> #DIV/0!
A64: A451 | B64: Banking, State Department of | D64: 0 | E64: 0 | F64: 0 | G64: =SUM(D64:F64) -> 0 | I64: =AVERAGE(D64:F64) -> 0 | J64: =IFR!AD64 -> 0 | K64: =IF(+J64<$E$267,$I$267,IF(J64>$E$269,$I$269,$I$268)) -> 0.95 | L64: =+I64*K64 -> 0 | M64: 1 | N64: 1 | P64: =+L64*M64*N64 -> 0 | R64: =+P64/$P$264 -> 0 | T64: =+R64*([1]assessment!$J$272*[1]assessment!$E$3) -> 0 | V64: =+T64/[1]payroll!$F64 -> 0 | X64: =IF(V64<$X$2,T64,[1]payroll!$F64*$X$2) -> 0 | Z64: =+T64-X64 -> 0 | AB64: =+X64/T64 -> #DIV/0!
A65: A452 | B65: Licensing and Regulation, Dept. of | D65: 2 | E65: =6+1 -> 7 | F65: =3+2 -> 5 | G65: =SUM(D65:F65) -> 14 | I65: =AVERAGE(D65:F65) -> 4.6666667 | J65: =IFR!AD65 -> 0.0065553678 | K65: =IF(+J65<$E$267,$I$267,IF(J65>$E$269,$I$269,$I$268)) -> 0.95 | L65: =+I65*K65 -> 4.4333333 | M65: 1 | N65: 1 | P65: =+L65*M65*N65 -> 4.4333333 | R65: =+P65/$P$264 -> 0.00080155248 | T65: =+R65*([1]assessment!$J$272*[1]assessment!$E$3) -> 7217.2657 | V65: =+T65/[1]payroll!$F65 -> 0.00012748719 | X65: =IF(V65<$X$2,T65,[1]payroll!$F65*$X$2) -> 7217.2657 | Z65: =+T65-X65 -> 0 | AB65: =+X65/T65 -> 1
A66: A454 | B66: Insurance, Department of | D66: 5 | E66: 8 | F66: 3 | G66: =SUM(D66:F66) -> 16 | I66: =AVERAGE(D66:F66) -> 5.3333333 | J66: =IFR!AD66 -> 0.0041226551 | K66: =IF(+J66<$E$267,$I$267,IF(J66>$E$269,$I$269,$I$268)) -> 0.95 | L66: =+I66*K66 -> 5.0666667 | M66: 1 | N66: 1 | P66: =+L66*M66*N66 -> 5.0666667 | R66: =+P66/$P$264 -> 0.00091605998 | T66: =+R66*([1]assessment!$J$272*[1]assessment!$E$3) -> 8248.3037 | V66: =+T66/[1]payroll!$F66 -> 9.5507044e-05 | X66: =IF(V66<$X$2,T66,[1]payroll!$F66*$X$2) -> 8248.3037 | Z66: =+T66-X66 -> 0 | AB66: =+X66/T66 -> 1
A67: A455 | B67: Railroad Commission | D67: 3 | E67: 2 | F67: 3 | G67: =SUM(D67:F67) -> 8 | I67: =AVERAGE(D67:F67) -> 2.6666667 | J67: =IFR!AD67 -> 0.0027597547 | K67: =IF(+J67<$E$267,$I$267,IF(J67>$E$269,$I$269,$I$268)) -> 0.95 | L67: =+I67*K67 -> 2.5333333 | M67: 1 | N67: 1 | P67: =+L67*M67*N67 -> 2.5333333 | R67: =+P67/$P$264 -> 0.00045802999 | T67: =+R67*([1]assessment!$J$272*[1]assessment!$E$3) -> 4124.1519 | V67: =+T67/[1]payroll!$F67 -> 5.6485616e-05 | X67: =IF(V67<$X$2,T67,[1]payroll!$F67*$X$2) -> 4124.1519 | Z67: =+T67-X67 -> 0 | AB67: =+X67/T67 -> 1
A68: A456 | B68: Plumbing Examiners, State Board of | D68: 0 | E68: 0 | F68: 0 | G68: =SUM(D68:F68) -> 0 | I68: =AVERAGE(D68:F68) -> 0 | J68: =IFR!AD68 -> 0 | K68: =IF(+J68<$E$267,$I$267,IF(J68>$E$269,$I$269,$I$268)) -> 0.95 | L68: =+I68*K68 -> 0 | M68: 1 | N68: 1 | P68: =+L68*M68*N68 -> 0 | R68: =+P68/$P$264 -> 0 | T68: =+R68*([1]assessment!$J$272*[1]assessment!$E$3) -> 0 | V68: =+T68/[1]payroll!$F68 -> 0 | X68: =IF(V68<$X$2,T68,[1]payroll!$F68*$X$2) -> 0 | Z68: =+T68-X68 -> 0 | AB68: =+X68/T68 -> #DIV/0!
A69: A457 | B69: Public Accountancy, State Board of | D69: 0 | E69: 1 | F69: 0 | G69: =SUM(D69:F69) -> 1 | I69: =AVERAGE(D69:F69) -> 0.33333333 | J69: =IFR!AD69 -> 0.0033333333 | K69: =IF(+J69<$E$267,$I$267,IF(J69>$E$269,$I$269,$I$268)) -> 0.95 | L69: =+I69*K69 -> 0.31666667 | M69: 1 | N69: 1 | P69: =+L69*M69*N69 -> 0.31666667 | R69: =+P69/$P$264 -> 5.7253749e-05 | T69: =+R69*([1]assessment!$J$272*[1]assessment!$E$3) -> 515.51898 | V69: =+T69/[1]payroll!$F69 -> 0.0001630277 | X69: =IF(V69<$X$2,T69,[1]payroll!$F69*$X$2) -> 515.51898 | Z69: =+T69-X69 -> 0 | AB69: =+X69/T69 -> 1
A70: A458 | B70: Alcoholic Beverage Commission | D70: 12 | E70: 12 | F70: 13 | G70: =SUM(D70:F70) -> 37 | I70: =AVERAGE(D70:F70) -> 12.333333 | J70: =IFR!AD70 -> 0.023613599 | K70: =IF(+J70<$E$267,$I$267,IF(J70>$E$269,$I$269,$I$268)) -> 0.95 | L70: =+I70*K70 -> 11.716667 | M70: 1 | N70: 1 | P70: =+L70*M70*N70 -> 11.716667 | R70: =+P70/$P$264 -> 0.0021183887 | T70: =+R70*([1]assessment!$J$272*[1]assessment!$E$3) -> 19074.202 | V70: =+T70/[1]payroll!$F70 -> 0.00049852001 | X70: =IF(V70<$X$2,T70,[1]payroll!$F70*$X$2) -> 19074.202 | Z70: =+T70-X70 -> 0 | AB70: =+X70/T70 -> 1
A71: A459 | B71: Architectural Examiners, Board of | D71: 0 | E71: 0 | F71: 0 | G71: =SUM(D71:F71) -> 0 | I71: =AVERAGE(D71:F71) -> 0 | J71: =IFR!AD71 -> 0 | K71: =IF(+J71<$E$267,$I$267,IF(J71>$E$269,$I$269,$I$268)) -> 0.95 | L71: =+I71*K71 -> 0 | M71: 1 | N71: 1 | P71: =+L71*M71*N71 -> 0 | R71: =+P71/$P$264 -> 0 | T71: =+R71*([1]assessment!$J$272*[1]assessment!$E$3) -> 0 | V71: =+T71/[1]payroll!$F71 -> 0 | X71: =IF(V71<$X$2,T71,[1]payroll!$F71*$X$2) -> 0 | Z71: =+T71-X71 -> 0 | AB71: =+X71/T71 -> #DIV/0!
A72: A460 | B72: Professional Engineers and Land Surveyors, Texas Board of | D72: 0 | E72: 0 | F72: 0 | G72: =SUM(D72:F72) -> 0 | I72: =AVERAGE(D72:F72) -> 0 | J72: =IFR!AD72 -> 0 | K72: =IF(+J72<$E$267,$I$267,IF(J72>$E$269,$I$269,$I$268)) -> 0.95 | L72: =+I72*K72 -> 0 | M72: 1 | N72: 1 | P72: =+L72*M72*N72 -> 0 | R72: =+P72/$P$264 -> 0 | T72: =+R72*([1]assessment!$J$272*[1]assessment!$E$3) -> 0 | V72: =+T72/[1]payroll!$F72 -> 0 | X72: =IF(V72<$X$2,T72,[1]payroll!$F72*$X$2) -> 0 | Z72: =+T72-X72 -> 0 | AB72: =+X72/T72 -> #DIV/0!
A73: A466 | B73: Consumer Credit Commissioner, Office of | D73: 0 | E73: 0 | F73: 0 | G73: =SUM(D73:F73) -> 0 | I73: =AVERAGE(D73:F73) -> 0 | J73: =IFR!AD73 -> 0 | K73: =IF(+J73<$E$267,$I$267,IF(J73>$E$269,$I$269,$I$268)) -> 0.95 | L73: =+I73*K73 -> 0 | M73: 1 | N73: 1 | P73: =+L73*M73*N73 -> 0 | R73: =+P73/$P$264 -> 0 | T73: =+R73*([1]assessment!$J$272*[1]assessment!$E$3) -> 0 | V73: =+T73/[1]payroll!$F73 -> 0 | X73: =IF(V73<$X$2,T73,[1]payroll!$F73*$X$2) -> 0 | Z73: =+T73-X73 -> 0 | AB73: =+X73/T73 -> #DIV/0!
A74: A469 | B74: Credit Union Department | D74: 0 | E74: 0 | F74: 0 | G74: =SUM(D74:F74) -> 0 | I74: =AVERAGE(D74:F74) -> 0 | J74: =IFR!AD74 -> 0 | K74: =IF(+J74<$E$267,$I$267,IF(J74>$E$269,$I$269,$I$268)) -> 0.95 | L74: =+I74*K74 -> 0 | M74: 1 | N74: 1 | P74: =+L74*M74*N74 -> 0 | R74: =+P74/$P$264 -> 0 | T74: =+R74*([1]assessment!$J$272*[1]assessment!$E$3) -> 0 | V74: =+T74/[1]payroll!$F74 -> 0 | X74: =IF(V74<$X$2,T74,[1]payroll!$F74*$X$2) -> 0 | Z74: =+T74-X74 -> 0 | AB74: =+X74/T74 -> #DIV/0!
A75: A473 | B75: Public Utility Commission of Texas | D75: 0 | E75: 0 | F75: 1 | G75: =SUM(D75:F75) -> 1 | I75: =AVERAGE(D75:F75) -> 0.33333333 | J75: =IFR!AD75 -> 0.002143393 | K75: =IF(+J75<$E$267,$I$267,IF(J75>$E$269,$I$269,$I$268)) -> 0.95 | L75: =+I75*K75 -> 0.31666667 | M75: 1 | N75: 1 | P75: =+L75*M75*N75 -> 0.31666667 | R75: =+P75/$P$264 -> 5.7253749e-05 | T75: =+R75*([1]assessment!$J$272*[1]assessment!$E$3) -> 515.51898 | V75: =+T75/[1]payroll!$F75 -> 2.4490699e-05 | X75: =IF(V75<$X$2,T75,[1]payroll!$F75*$X$2) -> 515.51898 | Z75: =+T75-X75 -> 0 | AB75: =+X75/T75 -> 1
A76: A475 | B76: Public Utility Counsel, Office of | D76: 0 | E76: 0 | F76: 0 | G76: =SUM(D76:F76) -> 0 | I76: =AVERAGE(D76:F76) -> 0 | J76: =IFR!AD76 -> 0 | K76: =IF(+J76<$E$267,$I$267,IF(J76>$E$269,$I$269,$I$268)) -> 0.95 | L76: =+I76*K76 -> 0 | M76: 1 | N76: 1 | P76: =+L76*M76*N76 -> 0 | R76: =+P76/$P$264 -> 0 | T76: =+R76*([1]assessment!$J$272*[1]assessment!$E$3) -> 0 | V76: =+T76/[1]payroll!$F76 -> 0 | X76: =IF(V76<$X$2,T76,[1]payroll!$F76*$X$2) -> 0 | Z76: =+T76-X76 -> 0 | AB76: =+X76/T76 -> #DIV/0!
A77: A476 | B77: Racing Commission | D77: 0 | E77: 0 | F77: 0 | G77: =SUM(D77:F77) -> 0 | I77: =AVERAGE(D77:F77) -> 0 | J77: =IFR!AD77 -> 0 | K77: =IF(+J77<$E$267,$I$267,IF(J77>$E$269,$I$269,$I$268)) -> 0.95 | L77: =+I77*K77 -> 0 | M77: 1 | N77: 1 | P77: =+L77*M77*N77 -> 0 | R77: =+P77/$P$264 -> 0 | T77: =+R77*([1]assessment!$J$272*[1]assessment!$E$3) -> 0 | V77: =+T77/[1]payroll!$F77 -> 0 | X77: =IF(V77<$X$2,T77,[1]payroll!$F77*$X$2) -> 0 | Z77: =+T77-X77 -> 0 | AB77: =+X77/T77 -> #DIV/0!
... A88: A515 | B88: Pharmacy, Board of | D88: 0 | E88: 3 | F88: 0 | G88: =SUM(D88:F88) -> 3 | I88: =AVERAGE(D88:F88) -> 1 | J88: =IFR!AD88 -> 0.01 | K88: =IF(+J88<$E$267,$I$267,IF(J88>$E$269,$I$269,$I$268)) -> 0.95 | L88: =+I88*K88 -> 0.95 | M88: 1 | N88: 1 | P88: =+L88*M88*N88 -> 0.95 | R88: =+P88/$P$264 -> 0.00017176125 | T88: =+R88*([1]assessment!$J$272*[1]assessment!$E$3) -> 1546.5569 | V88: =+T88/[1]payroll!$F88 -> 0.00023900234 | X88: =IF(V88<$X$2,T88,[1]payroll!$F88*$X$2) -> 1546.5569 | Z88: =+T88-X88 -> 0 | AB88: =+X88/T88 -> 1
A89: A529 | B89: Health & Human Services Commission | D89: 1470 | E89: =1624+10 -> 1634 | F89: 2073 | G89: =SUM(D89:F89) -> 5177 | I89: =AVERAGE(D89:F89) -> 1725.6667 | J89: =IFR!AD89 -> 0.051701087 | K89: =IF(+J89<$E$267,$I$267,IF(J89>$E$269,$I$269,$I$268)) -> 1 | L89: =+I89*K89 -> 1725.6667 | M89: 1 | N89: 1 | P89: =+L89*M89*N89 -> 1725.6667 | R89: =+P89/$P$264 -> 0.3120028 | T89: =+R89*([1]assessment!$J$272*[1]assessment!$E$3) -> 2809307.1 | V89: =+T89/[1]payroll!$F89 -> 0.0014453672 | X89: =IF(V89<$X$2,T89,[1]payroll!$F89*$X$2) -> 2809307.1 | Z89: =+T89-X89 -> 0 | AB89: =+X89/T89 -> 1
A90: A530 | B90: Dept. of Family and Protective Services | D90: =230+2 -> 232 | E90: =251+1 -> 252 | F90: 219 | G90: =SUM(D90:F90) -> 703 | I90: =AVERAGE(D90:F90) -> 234.33333 | J90: =IFR!AD90 -> 0.019498553 | K90: =IF(+J90<$E$267,$I$267,IF(J90>$E$269,$I$269,$I$268)) -> 0.95 | L90: =+I90*K90 -> 222.61667 | M90: 1 | N90: 1 | P90: =+L90*M90*N90 -> 222.61667 | R90: =+P90/$P$264 -> 0.040249385 | T90: =+R90*([1]assessment!$J$272*[1]assessment!$E$3) -> 362409.84 | V90: =+T90/[1]payroll!$F90 -> 0.00054783776 | X90: =IF(V90<$X$2,T90,[1]payroll!$F90*$X$2) -> 362409.84 | Z90: =+T90-X90 -> 0 | AB90: =+X90/T90 -> 1
A91: A533 | B91: Physical & Occup Therapy Examr, Exec Counc | D91: 0 | E91: 0 | F91: 0 | G91: =SUM(D91:F91) -> 0 | I91: =AVERAGE(D91:F91) -> 0 | J91: =IFR!AD91 -> 0 | K91: =IF(+J91<$E$267,$I$267,IF(J91>$E$269,$I$269,$I$268)) -> 0.95 | L91: =+I91*K91 -> 0 | M91: 1 | N91: 1 | P91: =+L91*M91*N91 -> 0 | R91: =+P91/$P$264 -> 0 | T91: =+R91*([1]assessment!$J$272*[1]assessment!$E$3) -> 0 | V91: =+T91/[1]payroll!$F91 -> 0 | X91: =IF(V91<$X$2,T91,[1]payroll!$F91*$X$2) -> 0 | Z91: =+T91-X91 -> 0 | AB91: =+X91/T91 -> #DIV/0!
A92: A537 | B92: Dept. of State Health Services | D92: =25+1 -> 26 | E92: 25 | F92: 32 | G92: =SUM(D92:F92) -> 83 | I92: =AVERAGE(D92:F92) -> 27.666667 | J92: =IFR!AD92 -> 0.0079209948 | K92: =IF(+J92<$E$267,$I$267,IF(J92>$E$269,$I$269,$I$268)) -> 0.95 | L92: =+I92*K92 -> 26.283333 | M92: 1 | N92: 1 | P92: =+L92*M92*N92 -> 26.283333 | R92: =+P92/$P$264 -> 0.0047520611 | T92: =+R92*([1]assessment!$J$272*[1]assessment!$E$3) -> 42788.075 | V92: =+T92/[1]payroll!$F92 -> 0.00018950011 | X92: =IF(V92<$X$2,T92,[1]payroll!$F92*$X$2) -> 42788.075 | Z92: =+T92-X92 -> 0 | AB92: =+X92/T92 -> 1
A93: A542 | B93: Cancer Prevention and Research Institute | D93: 0 | E93: 0 | F93: 0 | G93: =SUM(D93:F93) -> 0 | I93: =AVERAGE(D93:F93) -> 0 | J93: =IFR!AD93 -> 0 | K93: =IF(+J93<$E$267,$I$267,IF(J93>$E$269,$I$269,$I$268)) -> 0.95 | L93: =+I93*K93 -> 0 | M93: 1 | N93: 1 | P93: =+L93*M93*N93 -> 0 | R93: =+P93/$P$264 -> 0 | T93: =+R93*([1]assessment!$J$272*[1]assessment!$E$3) -> 0 | V93: =+T93/[1]payroll!$F93 -> 0 | X93: =IF(V93<$X$2,T93,[1]payroll!$F93*$X$2) -> 0 | Z93: =+T93-X93 -> 0 | AB93: =+X93/T93 -> #DIV/0!
A94: A551 | B94: Agriculture, Department of | D94: =14+1 -> 15 | E94: 3 | F94: 17 | G94: =SUM(D94:F94) -> 35 | I94: =AVERAGE(D94:F94) -> 11.666667 | J94: =IFR!AD94 -> 0.019318784 | K94: =IF(+J94<$E$267,$I$267,IF(J94>$E$269,$I$269,$I$268)) -> 0.95 | L94: =+I94*K94 -> 11.083333 | M94: 1 | N94: 1 | P94: =+L94*M94*N94 -> 11.083333 | R94: =+P94/$P$264 -> 0.0020038812 | T94: =+R94*([1]assessment!$J$272*[1]assessment!$E$3) -> 18043.164 | V94: =+T94/[1]payroll!$F94 -> 0.00043682473 | X94: =IF(V94<$X$2,T94,[1]payroll!$F94*$X$2) -> 18043.164 | Z94: =+T94-X94 -> 0 | AB94: =+X94/T94 -> 1
A95: A554 | B95: Animal Health Commission | D95: =5+1 -> 6 | E95: 9 | F95: 7 | G95: =SUM(D95:F95) -> 22 | I95: =AVERAGE(D95:F95) -> 7.3333333 | J95: =IFR!AD95 -> 0.04157472 | K95: =IF(+J95<$E$267,$I$267,IF(J95>$E$269,$I$269,$I$268)) -> 1 | L95: =+I95*K95 -> 7.3333333 | M95: 1 | N95: 1 | P95: =+L95*M95*N95 -> 7.3333333 | R95: =+P95/$P$264 -> 0.0013258763 | T95: =+R95*([1]assessment!$J$272*[1]assessment!$E$3) -> 11938.334 | V95: =+T95/[1]payroll!$F95 -> 0.0010920666 | X95: =IF(V95<$X$2,T95,[1]payroll!$F95*$X$2) -> 11938.334 | Z95: =+T95-X95 -> 0 | AB95: =+X95/T95 -> 1
A96: A578 | B96: Veterinary Medical Examiners | D96: 0 | E96: 0 | F96: 0 | G96: =SUM(D96:F96) -> 0 | I96: =AVERAGE(D96:F96) -> 0 | J96: =IFR!AD96 -> 0 | K96: =IF(+J96<$E$267,$I$267,IF(J96>$E$269,$I$269,$I$268)) -> 0.95 | L96: =+I96*K96 -> 0 | M96: 1 | N96: 1 | P96: =+L96*M96*N96 -> 0 | R96: =+P96/$P$264 -> 0 | T96: =+R96*([1]assessment!$J$272*[1]assessment!$E$3) -> 0 | V96: =+T96/[1]payroll!$F96 -> 0 | X96: =IF(V96<$X$2,T96,[1]payroll!$F96*$X$2) -> 0 | Z96: =+T96-X96 -> 0 | AB96: =+X96/T96 -> #DIV/0!
A97: A580 | B97: Water Development Board | D97: 0 | E97: 1 | F97: 1 | G97: =SUM(D97:F97) -> 2 | I97: =AVERAGE(D97:F97) -> 0.66666667 | J97: =IFR!AD97 -> 0.0020186339 | K97: =IF(+J97<$E$267,$I$267,IF(J97>$E$269,$I$269,$I$268)) -> 0.95 | L97: =+I97*K97 -> 0.63333333 | M97: 1 | N97: 1 | P97: =+L97*M97*N97 -> 0.63333333 | R97: =+P97/$P$264 -> 0.0001145075 | T97: =+R97*([1]assessment!$J$272*[1]assessment!$E$3) -> 1031.038 | V97: =+T97/[1]payroll!$F97 -> 3.1439586e-05 | X97: =IF(V97<$X$2,T97,[1]payroll!$F97*$X$2) -> 1031.038 | Z97: =+T97-X97 -> 0 | AB97: =+X97/T97 -> 1
A98: A582 | B98: Texas Comm. on Environmental Quality | D98: 5 | E98: 7 | F98: 19 | G98: =SUM(D98:F98) -> 31 | I98: =AVERAGE(D98:F98) -> 10.333333 | J98: =IFR!AD98 -> 0.0045327323 | K98: =IF(+J98<$E$267,$I$267,IF(J98>$E$269,$I$269,$I$268)) -> 0.95 | L98: =+I98*K98 -> 9.8166667 | M98: 1 | N98: 1 | P98: =+L98*M98*N98 -> 9.8166667 | R98: =+P98/$P$264 -> 0.0017748662 | T98: =+R98*([1]assessment!$J$272*[1]assessment!$E$3) -> 15981.088 | V98: =+T98/[1]payroll!$F98 -> 8.3663049e-05 | X98: =IF(V98<$X$2,T98,[1]payroll!$F98*$X$2) -> 15981.088 | Z98: =+T98-X98 -> 0 | AB98: =+X98/T98 -> 1
A99: A592 | B99: Soil & Water Conservation Board | D99: 0 | E99: 0 | F99: 0 | G99: =SUM(D99:F99) -> 0 | I99: =AVERAGE(D99:F99) -> 0 | J99: =IFR!AD99 -> 0 | K99: =IF(+J99<$E$267,$I$267,IF(J99>$E$269,$I$269,$I$268)) -> 0.95 | L99: =+I99*K99 -> 0 | M99: 1 | N99: 1 | P99: =+L99*M99*N99 -> 0 | R99: =+P99/$P$264 -> 0 | T99: =+R99*([1]assessment!$J$272*[1]assessment!$E$3) -> 0 | V99: =+T99/[1]payroll!$F99 -> 0 | X99: =IF(V99<$X$2,T99,[1]payroll!$F99*$X$2) -> 0 | Z99: =+T99-X99 -> 0 | AB99: =+X99/T99 -> #DIV/0!
A100: A608 | B100: Department of Motor Vehicles | D100: 5 | E100: 5 | F100: 1 | G100: =SUM(D100:F100) -> 11 | I100: =AVERAGE(D100:F100) -> 3.6666667 | J100: =IFR!AD100 -> 0.0040850635 | K100: =IF(+J100<$E$267,$I$267,IF(J100>$E$269,$I$269,$I$268)) -> 0.95 | L100: =+I100*K100 -> 3.4833333 | M100: 1 | N100: 1 | P100: =+L100*M100*N100 -> 3.4833333 | R100: =+P100/$P$264 -> 0.00062979123 | T100: =+R100*([1]assessment!$J$272*[1]assessment!$E$3) -> 5670.7088 | V100: =+T100/[1]payroll!$F100 -> 0.00011761805 | X100: =IF(V100<$X$2,T100,[1]payroll!$F100*$X$2) -> 5670.7088 | Z100: =+T100-X100 -> 0 | AB100: =+X100/T100 -> 1
A101: A644 | B101: Texas Juvenile Justice Department | D101: 220 | E101: =278+3 -> 281 | F101: 351 | G101: =SUM(D101:F101) -> 852 | I101: =AVERAGE(D101:F101) -> 284 | J101: =IFR!AD101 -> 0.15393453 | K101: =IF(+J101<$E$267,$I$267,IF(J101>$E$269,$I$269,$I$268)) -> 1.05 | L101: =+I101*K101 -> 298.2 | M101: 1 | N101: 1 | P101: =+L101*M101*N101 -> 298.2 | R101: =+P101/$P$264 -> 0.053914951 | T101: =+R101*([1]assessment!$J$272*[1]assessment!$E$3) -> 485456.09 | V101: =+T101/[1]payroll!$F101 -> 0.004054934 | X101: =IF(V101<$X$2,T101,[1]payroll!$F101*$X$2) -> 485456.09 | Z101: =+T101-X101 -> 0 | AB101: =+X101/T101 -> 1
A102: A696 | B102: Criminal Justice, Department of | D102: 2223 | E102: 1662 | F102: 1717 | G102: =SUM(D102:F102) -> 5602 | I102: =AVERAGE(D102:F102) -> 1867.3333 | J102: =IFR!AD102 -> 0.059274375 | K102: =IF(+J102<$E$267,$I$267,IF(J102>$E$269,$I$269,$I$268)) -> 1 | L102: =+I102*K102 -> 1867.3333 | M102: 1 | N102: 1 | P102: =+L102*M102*N102 -> 1867.3333 | R102: =+P102/$P$264 -> 0.33761632 | T102: =+R102*([1]assessment!$J$272*[1]assessment!$E$3) -> 3039934 | V102: =+T102/[1]payroll!$F102 -> 0.0020311581 | X102: =IF(V102<$X$2,T102,[1]payroll!$F102*$X$2) -> 3039934 | Z102: =+T102-X102 -> 0 | AB102: =+X102/T102 -> 1
A103: WSD | B103: Windham School District | D103: 9 | E103: 6 | F103: 1 | G103: =SUM(D103:F103) -> 16 | I103: =AVERAGE(D103:F103) -> 5.3333333 | J103: =IFR!AD103 -> 0.004511578 | K103: =IF(+J103<$E$267,$I$267,IF(J103>$E$269,$I$269,$I$268)) -> 0.95 | L103: =+I103*K103 -> 5.0666667 | M103: 1 | N103: 1 | P103: =+L103*M103*N103 -> 5.0666667 | R103: =+P103/$P$264 -> 0.00091605998 | T103: =+R103*([1]assessment!$J$272*[1]assessment!$E$3) -> 8248.3037 | V103: =+T103/[1]payroll!$F103 -> 0.00014498185 | X103: =IF(V103<$X$2,T103,[1]payroll!$F103*$X$2) -> 8248.3037 | Z103: =+T103-X103 -> 0 | AB103: =+X103/T103 -> 1
A104: A701 | B104: Education Agency, Texas | D104: 0 | E104: 3 | F104: 1 | G104: =SUM(D104:F104) -> 4 | I104: =AVERAGE(D104:F104) -> 1.3333333 | J104: =IFR!AD104 -> 0.0013100118 | K104: =IF(+J104<$E$267,$I$267,IF(J104>$E$269,$I$269,$I$268)) -> 0.95 | L104: =+I104*K104 -> 1.2666667 | M104: 1 | N104: 1 | P104: =+L104*M104*N104 -> 1.2666667 | R104: =+P104/$P$264 -> 0.00022901499 | T104: =+R104*([1]assessment!$J$272*[1]assessment!$E$3) -> 2062.0759 | V104: =+T104/[1]payroll!$F104 -> 1.9047872e-05 | X104: =IF(V104<$X$2,T104,[1]payroll!$F104*$X$2) -> 2062.0759 | Z104: =+T104-X104 -> 0 | AB104: =+X104/T104 -> 1
A105: A706 | B105: Texas Permanent School Fund Corporation | D105: 0 | E105: 0 | F105: 0 | G105: =SUM(D105:F105) -> 0 | I105: =AVERAGE(D105:F105) -> 0 | J105: =IFR!AD105 -> 0 | K105: =IF(+J105<$E$267,$I$267,IF(J105>$E$269,$I$269,$I$268)) -> 0.95 | L105: =+I105*K105 -> 0 | M105: 1 | P105: =+L105*M105*N105 -> 0 | R105: =+P105/$P$264 -> 0 | T105: =+R105*([1]assessment!$J$272*[1]assessment!$E$3) -> 0 | V105: =+T105/[1]payroll!$F105 -> 0 | X105: =IF(V105<$X$2,T105,[1]payroll!$F105*$X$2) -> 0 | Z105: =+T105-X105 -> 0 | AB105: =+X105/T105 -> #DIV/0!
A106: A717 | B106: Texas Southern University | D106: =15+2 -> 17 | E106: 16 | F106: 8 | G106: =SUM(D106:F106) -> 41 | I106: =AVERAGE(D106:F106) -> 13.666667 | J106: =IFR!AD106 -> 0.010975869 | K106: =IF(+J106<$E$267,$I$267,IF(J106>$E$269,$I$269,$I$268)) -> 0.95 | L106: =+I106*K106 -> 12.983333 | M106: 1 | N106: 1 | P106: =+L106*M106*N106 -> 12.983333 | R106: =+P106/$P$264 -> 0.0023474037 | T106: =+R106*([1]assessment!$J$272*[1]assessment!$E$3) -> 21136.278 | V106: =+T106/[1]payroll!$F106 -> 0.0002406334 | X106: =IF(V106<$X$2,T106,[1]payroll!$F106*$X$2) -> 21136.278 | Z106: =+T106-X106 -> 0 | AB106: =+X106/T106 -> 1
A107: A719 | B107: Texas State Technical College - System | D107: 19 | E107: 23 | F107: 19 | G107: =SUM(D107:F107) -> 61 | I107: =AVERAGE(D107:F107) -> 20.333333 | J107: =IFR!AD107 -> 0.011929427 | K107: =IF(+J107<$E$267,$I$267,IF(J107>$E$269,$I$269,$I$268)) -> 0.95 | L107: =+I107*K107 -> 19.316667 | M107: 1 | N107: 1 | P107: =+L107*M107*N107 -> 19.316667 | R107: =+P107/$P$264 -> 0.0034924787 | T107: =+R107*([1]assessment!$J$272*[1]assessment!$E$3) -> 31446.658 | V107: =+T107/[1]payroll!$F107 -> 0.00027769663 | X107: =IF(V107<$X$2,T107,[1]payroll!$F107*$X$2) -> 31446.658 | Z107: =+T107-X107 -> 0 | AB107: =+X107/T107 -> 1
A108: A730 | B108: University of Houston | D108: 66 | E108: =73+1 -> 74 | F108: 80 | G108: =SUM(D108:F108) -> 220 | I108: =AVERAGE(D108:F108) -> 73.333333 | J108: =IFR!AD108 -> 0.011249808 | K108: =IF(+J108<$E$267,$I$267,IF(J108>$E$269,$I$269,$I$268)) -> 0.95 | L108: =+I108*K108 -> 69.666667 | M108: 1 | N108: 1 | P108: =+L108*M108*N108 -> 69.666667 | R108: =+P108/$P$264 -> 0.012595825 | T108: =+R108*([1]assessment!$J$272*[1]assessment!$E$3) -> 113414.18 | V108: =+T108/[1]payroll!$F108 -> 0.00019172998 | X108: =IF(V108<$X$2,T108,[1]payroll!$F108*$X$2) -> 113414.18 | Z108: =+T108-X108 -> 0 | AB108: =+X108/T108 -> 1
A109: A731 | B109: Texas Woman's University | D109: =28+1 -> 29 | E109: 32 | F109: 30 | G109: =SUM(D109:F109) -> 91 | I109: =AVERAGE(D109:F109) -> 30.333333 | J109: =IFR!AD109 -> 0.016550453 | K109: =IF(+J109<$E$267,$I$267,IF(J109>$E$269,$I$269,$I$268)) -> 0.95 | L109: =+I109*K109 -> 28.816667 | M109: 1 | N109: 1 | P109: =+L109*M109*N109 -> 28.816667 | R109: =+P109/$P$264 -> 0.0052100911 | T109: =+R109*([1]assessment!$J$272*[1]assessment!$E$3) -> 46912.227 | V109: =+T109/[1]payroll!$F109 -> 0.00036041488 | X109: =IF(V109<$X$2,T109,[1]payroll!$F109*$X$2) -> 46912.227 | Z109: =+T109-X109 -> 0 | AB109: =+X109/T109 -> 1
A110: A733 | B110: Texas Tech University | D110: =96+5 -> 101 | E110: =97+8 -> 105 | F110: =101+9 -> 110 | G110: =SUM(D110:F110) -> 316 | I110: =AVERAGE(D110:F110) -> 105.33333 | J110: =IFR!AD110 -> 0.014396508 | K110: =IF(+J110<$E$267,$I$267,IF(J110>$E$269,$I$269,$I$268)) -> 0.95 | L110: =+I110*K110 -> 100.06667 | M110: 1 | N110: 1 | P110: =+L110*M110*N110 -> 100.06667 | R110: =+P110/$P$264 -> 0.018092185 | T110: =+R110*([1]assessment!$J$272*[1]assessment!$E$3) -> 162904 | V110: =+T110/[1]payroll!$F110 -> 0.00031539017 | X110: =IF(V110<$X$2,T110,[1]payroll!$F110*$X$2) -> 162904 | Z110: =+T110-X110 -> 0 | AB110: =+X110/T110 -> 1
A111: A734 | B111: Lamar University - Beaumont | D111: 10 | E111: 17 | F111: 17 | G111: =SUM(D111:F111) -> 44 | I111: =AVERAGE(D111:F111) -> 14.666667 | J111: =IFR!AD111 -> 0.011299116 | K111: =IF(+J111<$E$267,$I$267,IF(J111>$E$269,$I$269,$I$268)) -> 0.95 | L111: =+I111*K111 -> 13.933333 | M111: 1 | N111: 1 | P111: =+L111*M111*N111 -> 13.933333 | R111: =+P111/$P$264 -> 0.0025191649 | T111: =+R111*([1]assessment!$J$272*[1]assessment!$E$3) -> 22682.835 | V111: =+T111/[1]payroll!$F111 -> 0.00023918314 | X111: =IF(V111<$X$2,T111,[1]payroll!$F111*$X$2) -> 22682.835 | Z111: =+T111-X111 -> 0 | AB111: =+X111/T111 -> 1
A112: A735 | B112: Midwestern State University | D112: 9 | E112: 12 | F112: 5 | G112: =SUM(D112:F112) -> 26 | I112: =AVERAGE(D112:F112) -> 8.6666667 | J112: =IFR!AD112 -> 0.01097815 | K112: =IF(+J112<$E$267,$I$267,IF(J112>$E$269,$I$269,$I$268)) -> 0.95 | L112: =+I112*K112 -> 8.2333333 | M112: 1 | N112: 1 | P112: =+L112*M112*N112 -> 8.2333333 | R112: =+P112/$P$264 -> 0.0014885975 | T112: =+R112*([1]assessment!$J$272*[1]assessment!$E$3) -> 13403.494 | V112: =+T112/[1]payroll!$F112 -> 0.00031072385 | X112: =IF(V112<$X$2,T112,[1]payroll!$F112*$X$2) -> 13403.494 | Z112: =+T112-X112 -> 0 | AB112: =+X112/T112 -> 1
A113: A737 | B113: Angelo State University | D113: 6 | E113: 5 | F113: 2 | G113: =SUM(D113:F113) -> 13 | I113: =AVERAGE(D113:F113) -> 4.3333333 | J113: =IFR!AD113 -> 0.0037233776 | K113: =IF(+J113<$E$267,$I$267,IF(J113>$E$269,$I$269,$I$268)) -> 0.95 | L113: =+I113*K113 -> 4.1166667 | M113: 1 | N113: 1 | P113: =+L113*M113*N113 -> 4.1166667 | R113: =+P113/$P$264 -> 0.00074429873 | T113: =+R113*([1]assessment!$J$272*[1]assessment!$E$3) -> 6701.7468 | V113: =+T113/[1]payroll!$F113 -> 0.00011646606 | X113: =IF(V113<$X$2,T113,[1]payroll!$F113*$X$2) -> 6701.7468 | Z113: =+T113-X113 -> 0 | AB113: =+X113/T113 -> 1
A114: A739 | B114: Texas Tech University Health Sciences Center | D114: 25 | E114: 38 | F114: 35 | G114: =SUM(D114:F114) -> 98 | I114: =AVERAGE(D114:F114) -> 32.666667 | J114: =IFR!AD114 -> 0.0072138721 | K114: =IF(+J114<$E$267,$I$267,IF(J114>$E$269,$I$269,$I$268)) -> 0.95 | L114: =+I114*K114 -> 31.033333 | M114: 1 | N114: 1 | P114: =+L114*M114*N114 -> 31.033333 | R114: =+P114/$P$264 -> 0.0056108674 | T114: =+R114*([1]assessment!$J$272*[1]assessment!$E$3) -> 50520.86 | V114: =+T114/[1]payroll!$F114 -> 0.00012143392 | X114: =IF(V114<$X$2,T114,[1]payroll!$F114*$X$2) -> 50520.86 | Z114: =+T114-X114 -> 0 | AB114: =+X114/T114 -> 1
A115: A752 | B115: University of North Texas | D115: 75 | E115: 80 | F115: 61 | G115: =SUM(D115:F115) -> 216 | I115: =AVERAGE(D115:F115) -> 72 | J115: =IFR!AD115 -> 0.011678459 | K115: =IF(+J115<$E$267,$I$267,IF(J115>$E$269,$I$269,$I$268)) -> 0.95 | L115: =+I115*K115 -> 68.4 | M115: 1 | N115: 1 | P115: =+L115*M115*N115 -> 68.4 | R115: =+P115/$P$264 -> 0.01236681 | T115: =+R115*([1]assessment!$J$272*[1]assessment!$E$3) -> 111352.1 | V115: =+T115/[1]payroll!$F115 -> 0.00028816426 | X115: =IF(V115<$X$2,T115,[1]payroll!$F115*$X$2) -> 111352.1 | Z115: =+T115-X115 -> 0 | AB115: =+X115/T115 -> 1
A116: A753 | B116: Sam Houston State University | D116: 21 | E116: 27 | F116: 16 | G116: =SUM(D116:F116) -> 64 | I116: =AVERAGE(D116:F116) -> 21.333333 | J116: =IFR!AD116 -> 0.0069812921 | K116: =IF(+J116<$E$267,$I$267,IF(J116>$E$269,$I$269,$I$268)) -> 0.95 | L116: =+I116*K116 -> 20.266667 | M116: 1 | N116: 1 | P116: =+L116*M116*N116 -> 20.266667 | R116: =+P116/$P$264 -> 0.0036642399 | T116: =+R116*([1]assessment!$J$272*[1]assessment!$E$3) -> 32993.215 | V116: =+T116/[1]payroll!$F116 -> 0.00016756314 | X116: =IF(V116<$X$2,T116,[1]payroll!$F116*$X$2) -> 32993.215 | Z116: =+T116-X116 -> 0 | AB116: =+X116/T116 -> 1
A117: A754 | B117: Texas State University | D117: =43+1 -> 44 | E117: 45 | F117: 56 | G117: =SUM(D117:F117) -> 145 | I117: =AVERAGE(D117:F117) -> 48.333333 | J117: =IFR!AD117 -> 0.010842544 | K117: =IF(+J117<$E$267,$I$267,IF(J117>$E$269,$I$269,$I$268)) -> 0.95 | L117: =+I117*K117 -> 45.916667 | M117: 1 | N117: 1 | P117: =+L117*M117*N117 -> 45.916667 | R117: =+P117/$P$264 -> 0.0083017935 | T117: =+R117*([1]assessment!$J$272*[1]assessment!$E$3) -> 74750.252 | V117: =+T117/[1]payroll!$F117 -> 0.00021877147 | X117: =IF(V117<$X$2,T117,[1]payroll!$F117*$X$2) -> 74750.252 | Z117: =+T117-X117 -> 0 | AB117: =+X117/T117 -> 1
A118: A756 | B118: Sul Ross State University | D118: =6+1 -> 7 | E118: 6 | F118: 6 | G118: =SUM(D118:F118) -> 19 | I118: =AVERAGE(D118:F118) -> 6.3333333 | J118: =IFR!AD118 -> 0.01584184 | K118: =IF(+J118<$E$267,$I$267,IF(J118>$E$269,$I$269,$I$268)) -> 0.95 | L118: =+I118*K118 -> 6.0166667 | M118: 1 | N118: 1 | P118: =+L118*M118*N118 -> 6.0166667 | R118: =+P118/$P$264 -> 0.0010878212 | T118: =+R118*([1]assessment!$J$272*[1]assessment!$E$3) -> 9794.8607 | V118: =+T118/[1]payroll!$F118 -> 0.00043679889 | X118: =IF(V118<$X$2,T118,[1]payroll!$F118*$X$2) -> 9794.8607 | Z118: =+T118-X118 -> 0 | AB118: =+X118/T118 -> 1
A119: A758 | B119: Texas State University System Administration | D119: 0 | E119: 0 | F119: 0 | G119: =SUM(D119:F119) -> 0 | I119: =AVERAGE(D119:F119) -> 0 | J119: =IFR!AD119 -> 0 | K119: =IF(+J119<$E$267,$I$267,IF(J119>$E$269,$I$269,$I$268)) -> 0.95 | L119: =+I119*K119 -> 0 | M119: 1 | N119: 1 | P119: =+L119*M119*N119 -> 0 | R119: =+P119/$P$264 -> 0 | T119: =+R119*([1]assessment!$J$272*[1]assessment!$E$3) -> 0 | V119: =+T119/[1]payroll!$F119 -> 0 | X119: =IF(V119<$X$2,T119,[1]payroll!$F119*$X$2) -> 0 | Z119: =+T119-X119 -> 0 | AB119: =+X119/T119 -> #DIV/0!
A120: A759 | B120: University of Houston - Clear Lake | D120: 15 | E120: 12 | F120: 9 | G120: =SUM(D120:F120) -> 36 | I120: =AVERAGE(D120:F120) -> 12 | J120: =IFR!AD120 -> 0.010238976 | K120: =IF(+J120<$E$267,$I$267,IF(J120>$E$269,$I$269,$I$268)) -> 0.95 | L120: =+I120*K120 -> 11.4 | M120: 1 | N120: 1 | P120: =+L120*M120*N120 -> 11.4 | R120: =+P120/$P$264 -> 0.002061135 | T120: =+R120*([1]assessment!$J$272*[1]assessment!$E$3) -> 18558.683 | V120: =+T120/[1]payroll!$F120 -> 0.00024496828 | X120: =IF(V120<$X$2,T120,[1]payroll!$F120*$X$2) -> 18558.683 | Z120: =+T120-X120 -> 0 | AB120: =+X120/T120 -> 1
A121: A763 | B121: Univ. of North Texas Health Science Center | D121: 14 | E121: 21 | F121: 21 | G121: =SUM(D121:F121) -> 56 | I121: =AVERAGE(D121:F121) -> 18.666667 | J121: =IFR!AD121 -> 0.014445835 | K121: =IF(+J121<$E$267,$I$267,IF(J121>$E$269,$I$269,$I$268)) -> 0.95 | L121: =+I121*K121 -> 17.733333 | M121: 1 | N121: 1 | P121: =+L121*M121*N121 -> 17.733333 | R121: =+P121/$P$264 -> 0.0032062099 | T121: =+R121*([1]assessment!$J$272*[1]assessment!$E$3) -> 28869.063 | V121: =+T121/[1]payroll!$F121 -> 0.00022888178 | X121: =IF(V121<$X$2,T121,[1]payroll!$F121*$X$2) -> 28869.063 | Z121: =+T121-X121 -> 0 | AB121: =+X121/T121 -> 1
A122: A769 | B122: University of North Texas System Administration | D122: 0 | E122: 1 | F122: 0 | G122: =SUM(D122:F122) -> 1 | I122: =AVERAGE(D122:F122) -> 0.33333333 | J122: =IFR!AD122 -> 0.00092760076 | K122: =IF(+J122<$E$267,$I$267,IF(J122>$E$269,$I$269,$I$268)) -> 0.95 | L122: =+I122*K122 -> 0.31666667 | M122: 1 | N122: 1 | P122: =+L122*M122*N122 -> 0.31666667 | R122: =+P122/$P$264 -> 5.7253749e-05 | T122: =+R122*([1]assessment!$J$272*[1]assessment!$E$3) -> 515.51898 | V122: =+T122/[1]payroll!$F122 -> 1.4996352e-05 | X122: =IF(V122<$X$2,T122,[1]payroll!$F122*$X$2) -> 515.51898 | Z122: =+T122-X122 -> 0 | AB122: =+X122/T122 -> 1
A123: A771 | B123: Blind and Visually Impaired, School for the | D123: 8 | E123: 9 | F123: 11 | G123: =SUM(D123:F123) -> 28 | I123: =AVERAGE(D123:F123) -> 9.3333333 | J123: =IFR!AD123 -> 0.030194366 | K123: =IF(+J123<$E$267,$I$267,IF(J123>$E$269,$I$269,$I$268)) -> 0.95 | L123: =+I123*K123 -> 8.8666667 | M123: 1 | N123: 1 | P123: =+L123*M123*N123 -> 8.8666667 | R123: =+P123/$P$264 -> 0.001603105 | T123: =+R123*([1]assessment!$J$272*[1]assessment!$E$3) -> 14434.531 | V123: =+T123/[1]payroll!$F123 -> 0.00058490865 | X123: =IF(V123<$X$2,T123,[1]payroll!$F123*$X$2) -> 14434.531 | Z123: =+T123-X123 -> 0 | AB123: =+X123/T123 -> 1
A124: A772 | B124: Deaf, School for the | D124: 17 | E124: 21 | F124: 15 | G124: =SUM(D124:F124) -> 53 | I124: =AVERAGE(D124:F124) -> 17.666667 | J124: =IFR!AD124 -> 0.041731561 | K124: =IF(+J124<$E$267,$I$267,IF(J124>$E$269,$I$269,$I$268)) -> 1 | L124: =+I124*K124 -> 17.666667 | M124: 1 | N124: 1 | P124: =+L124*M124*N124 -> 17.666667 | R124: =+P124/$P$264 -> 0.0031941565 | T124: =+R124*([1]assessment!$J$272*[1]assessment!$E$3) -> 28760.533 | V124: =+T124/[1]payroll!$F124 -> 0.00095344774 | X124: =IF(V124<$X$2,T124,[1]payroll!$F124*$X$2) -> 28760.533 | Z124: =+T124-X124 -> 0 | AB124: =+X124/T124 -> 1
...

Sheet costs
N1: PAYOUT portion of | R1: With
A2: Agency | G2: raw | H2: cap | J2: adjusted | L2: Assessment | N2: Assessment | P2: % of | R2: 0.04
A3: Code | B3: Name | C3: FY2022 | D3: FY2023 | E3: FY2024 | G3: avg. | H3: adjuster | J3: avg. | L3: Percentage | N3: Amount | P3: Payroll | R3: Limit | T3: Difference
A5: A101 | B5: Texas Senate | C5: 0 | D5: 0 | E5: 0 | G5: =IF(SUM(C5:E5)>0,AVERAGE(C5:E5),0) -> 0 | H5: 1 | J5: =+G5*H5 -> 0 | L5: =+J5/$J$264 -> 0 | N5: =L5*([1]assessment!$J$272*[1]assessment!$F$3) -> 0 | P5: =N5/[1]payroll!$F5 -> 0 | R5: =IF(P5<$R$2,N5,[1]payroll!$F5*$R$2) -> 0 | T5: =+N5-R5 -> 0 | V5: =+R5/N5 -> #DIV/0!
A6: A102 | B6: Texas House of Representatives | C6: 160 | D6: 183.86 | E6: 0 | G6: =IF(SUM(C6:E6)>0,AVERAGE(C6:E6),0) -> 114.62 | H6: 1 | J6: =+G6*H6 -> 114.62 | L6: =+J6/$J$264 -> 3.1655143e-06 | N6: =L6*([1]assessment!$J$272*[1]assessment!$F$3) -> 114.01054 | P6: =N6/[1]payroll!$F6 -> 2.8551082e-06 | R6: =IF(P6<$R$2,N6,[1]payroll!$F6*$R$2) -> 114.01054 | T6: =+N6-R6 -> 0 | V6: =+R6/N6 -> 1
A7: A103 | B7: Legislative Council | C7: 0 | D7: 0 | E7: 0 | G7: =IF(SUM(C7:E7)>0,AVERAGE(C7:E7),0) -> 0 | H7: 1 | J7: =+G7*H7 -> 0 | L7: =+J7/$J$264 -> 0 | N7: =L7*([1]assessment!$J$272*[1]assessment!$F$3) -> 0 | P7: =N7/[1]payroll!$F7 -> 0 | R7: =IF(P7<$R$2,N7,[1]payroll!$F7*$R$2) -> 0 | T7: =+N7-R7 -> 0 | V7: =+R7/N7 -> #DIV/0!
A8: A104 | B8: Legislative Budget Board | C8: 0 | D8: 0 | E8: 0 | G8: =IF(SUM(C8:E8)>0,AVERAGE(C8:E8),0) -> 0 | H8: 1 | J8: =+G8*H8 -> 0 | L8: =+J8/$J$264 -> 0 | N8: =L8*([1]assessment!$J$272*[1]assessment!$F$3) -> 0 | P8: =N8/[1]payroll!$F8 -> 0 | R8: =IF(P8<$R$2,N8,[1]payroll!$F8*$R$2) -> 0 | T8: =+N8-R8 -> 0 | V8: =+R8/N8 -> #DIV/0!
A9: A105 | B9: Legislative Reference Library | C9: 0 | D9: 0 | E9: 0 | G9: =IF(SUM(C9:E9)>0,AVERAGE(C9:E9),0) -> 0 | H9: 1 | J9: =+G9*H9 -> 0 | L9: =+J9/$J$264 -> 0 | N9: =L9*([1]assessment!$J$272*[1]assessment!$F$3) -> 0 | P9: =N9/[1]payroll!$F9 -> 0 | R9: =IF(P9<$R$2,N9,[1]payroll!$F9*$R$2) -> 0 | T9: =+N9-R9 -> 0 | V9: =+R9/N9 -> #DIV/0!
A10: A116 | B10: Sunset Advisory Commission | C10: 0 | D10: 0 | E10: 0 | G10: =IF(SUM(C10:E10)>0,AVERAGE(C10:E10),0) -> 0 | H10: 1 | J10: =+G10*H10 -> 0 | L10: =+J10/$J$264 -> 0 | N10: =L10*([1]assessment!$J$272*[1]assessment!$F$3) -> 0 | P10: =N10/[1]payroll!$F10 -> 0 | R10: =IF(P10<$R$2,N10,[1]payroll!$F10*$R$2) -> 0 | T10: =+N10-R10 -> 0 | V10: =+R10/N10 -> #DIV/0!
A11: A201 | B11: Supreme Court of Texas | C11: 0 | D11: 646.95 | E11: 0 | G11: =IF(SUM(C11:E11)>0,AVERAGE(C11:E11),0) -> 215.65 | H11: 1 | J11: =+G11*H11 -> 215.65 | L11: =+J11/$J$264 -> 5.9557072e-06 | N11: =L11*([1]assessment!$J$272*[1]assessment!$F$3) -> 214.50334 | P11: =N11/[1]payroll!$F11 -> 2.8411734e-05 | R11: =IF(P11<$R$2,N11,[1]payroll!$F11*$R$2) -> 214.50334 | T11: =+N11-R11 -> 0 | V11: =+R11/N11 -> 1
A12: A203 | B12: Law Examiners, Board of | C12: 0 | D12: 0 | E12: 0 | G12: =IF(SUM(C12:E12)>0,AVERAGE(C12:E12),0) -> 0 | H12: 1 | J12: =+G12*H12 -> 0 | L12: =+J12/$J$264 -> 0 | N12: =L12*([1]assessment!$J$272*[1]assessment!$F$3) -> 0 | P12: =N12/[1]payroll!$F12 -> 0 | R12: =IF(P12<$R$2,N12,[1]payroll!$F12*$R$2) -> 0 | T12: =+N12-R12 -> 0 | V12: =+R12/N12 -> #DIV/0!
A13: A211 | B13: Court of Criminal Appeals | C13: 0 | D13: 0 | E13: 0 | G13: =IF(SUM(C13:E13)>0,AVERAGE(C13:E13),0) -> 0 | H13: 1 | J13: =+G13*H13 -> 0 | L13: =+J13/$J$264 -> 0 | N13: =L13*([1]assessment!$J$272*[1]assessment!$F$3) -> 0 | P13: =N13/[1]payroll!$F13 -> 0 | R13: =IF(P13<$R$2,N13,[1]payroll!$F13*$R$2) -> 0 | T13: =+N13-R13 -> 0 | V13: =+R13/N13 -> #DIV/0!
A14: A212 | B14: Court Administration, Office of | C14: 0 | D14: 0 | E14: 0 | G14: =IF(SUM(C14:E14)>0,AVERAGE(C14:E14),0) -> 0 | H14: 1 | J14: =+G14*H14 -> 0 | L14: =+J14/$J$264 -> 0 | N14: =L14*([1]assessment!$J$272*[1]assessment!$F$3) -> 0 | P14: =N14/[1]payroll!$F14 -> 0 | R14: =IF(P14<$R$2,N14,[1]payroll!$F14*$R$2) -> 0 | T14: =+N14-R14 -> 0 | V14: =+R14/N14 -> #DIV/0!
A15: A213 | B15: Prosecuting Attorney, State | C15: 0 | D15: 0 | E15: 0 | G15: =IF(SUM(C15:E15)>0,AVERAGE(C15:E15),0) -> 0 | H15: 1 | J15: =+G15*H15 -> 0 | L15: =+J15/$J$264 -> 0 | N15: =L15*([1]assessment!$J$272*[1]assessment!$F$3) -> 0 | P15: =N15/[1]payroll!$F15 -> 0 | R15: =IF(P15<$R$2,N15,[1]payroll!$F15*$R$2) -> 0 | T15: =+N15-R15 -> 0 | V15: =+R15/N15 -> #DIV/0!
A16: A215 | B16: Office of Capital and Forensic Writs | C16: 0 | D16: 0 | E16: 0 | G16: =IF(SUM(C16:E16)>0,AVERAGE(C16:E16),0) -> 0 | H16: 1 | J16: =+G16*H16 -> 0 | L16: =+J16/$J$264 -> 0 | N16: =L16*([1]assessment!$J$272*[1]assessment!$F$3) -> 0 | P16: =N16/[1]payroll!$F16 -> 0 | R16: =IF(P16<$R$2,N16,[1]payroll!$F16*$R$2) -> 0 | T16: =+N16-R16 -> 0 | V16: =+R16/N16 -> #DIV/0!
... A30: A234 | B30: Court of Civil Appeals - Fourteenth District | C30: 0 | D30: 0 | E30: 0 | G30: =IF(SUM(C30:E30)>0,AVERAGE(C30:E30),0) -> 0 | H30: 1 | J30: =+G30*H30 -> 0 | L30: =+J30/$J$264 -> 0 | N30: =L30*([1]assessment!$J$272*[1]assessment!$F$3) -> 0 | P30: =N30/[1]payroll!$F30 -> 0 | R30: =IF(P30<$R$2,N30,[1]payroll!$F30*$R$2) -> 0 | T30: =+N30-R30 -> 0 | V30: =+R30/N30 -> #DIV/0!
A31: A235 | B31: Court of Civil Appeals - Fifteenth District | C31: 0 | D31: 0 | E31: 0 | G31: =IF(SUM(C31:E31)>0,AVERAGE(C31:E31),0) -> 0 | H31: 1 | J31: =+G31*H31 -> 0 | L31: =+J31/$J$264 -> 0 | N31: =L31*([1]assessment!$J$272*[1]assessment!$F$3) -> 0 | P31: =N31/[1]payroll!$F31 -> 0 | R31: =IF(P31<$R$2,N31,[1]payroll!$F31*$R$2) -> 0 | T31: =+N31-R31 -> 0
A32: A241 | B32: District Courts (Comptroller's Jud. Section) | C32: 782838.61 | D32: 1149804.6 | E32: 3427637.7 | G32: =IF(SUM(C32:E32)>0,AVERAGE(C32:E32),0) -> 1786760.3 | H32: 1 | J32: =+G32*H32 -> 1786760.3 | L32: =+J32/$J$264 -> 0.049345797 | N32: =L32*([1]assessment!$J$272*[1]assessment!$F$3) -> 1777259.7 | P32: =N32/[1]payroll!$F32 -> 0.01669194 | R32: =IF(P32<$R$2,N32,[1]payroll!$F32*$R$2) -> 1777259.7 | T32: =+N32-R32 -> 0 | V32: =+R32/N32 -> 1
A33: A242 | B33: Judicial Conduct, State Commission on | C33: 0 | D33: 0 | E33: 0 | G33: =IF(SUM(C33:E33)>0,AVERAGE(C33:E33),0) -> 0 | H33: 1 | J33: =+G33*H33 -> 0 | L33: =+J33/$J$264 -> 0 | N33: =L33*([1]assessment!$J$272*[1]assessment!$F$3) -> 0 | P33: =N33/[1]payroll!$F33 -> 0 | R33: =IF(P33<$R$2,N33,[1]payroll!$F33*$R$2) -> 0 | T33: =+N33-R33 -> 0 | V33: =+R33/N33 -> #DIV/0!
A34: A243 | B34: Law Library, State | C34: 0 | D34: 0 | E34: 0 | G34: =IF(SUM(C34:E34)>0,AVERAGE(C34:E34),0) -> 0 | H34: 1 | J34: =+G34*H34 -> 0 | L34: =+J34/$J$264 -> 0 | N34: =L34*([1]assessment!$J$272*[1]assessment!$F$3) -> 0 | P34: =N34/[1]payroll!$F34 -> 0 | R34: =IF(P34<$R$2,N34,[1]payroll!$F34*$R$2) -> 0 | T34: =+N34-R34 -> 0 | V34: =+R34/N34 -> #DIV/0!
A35: A301 | B35: Governor's Office | C35: 535.4 | D35: 0 | E35: 0 | G35: =IF(SUM(C35:E35)>0,AVERAGE(C35:E35),0) -> 178.46667 | H35: 1 | J35: =+G35*H35 -> 178.46667 | L35: =+J35/$J$264 -> 4.9287976e-06 | N35: =L35*([1]assessment!$J$272*[1]assessment!$F$3) -> 177.51772 | P35: =N35/[1]payroll!$F35 -> 7.0264518e-06 | R35: =IF(P35<$R$2,N35,[1]payroll!$F35*$R$2) -> 177.51772 | T35: =+N35-R35 -> 0 | V35: =+R35/N35 -> 1
A36: A302 | B36: Attorney General, Office of the | C36: 110828.24 | D36: 68744.35 | E36: 35525.65 | G36: =IF(SUM(C36:E36)>0,AVERAGE(C36:E36),0) -> 71699.413 | H36: 1 | J36: =+G36*H36 -> 71699.413 | L36: =+J36/$J$264 -> 0.0019801563 | N36: =L36*([1]assessment!$J$272*[1]assessment!$F$3) -> 71318.172 | P36: =N36/[1]payroll!$F36 -> 0.00026499569 | R36: =IF(P36<$R$2,N36,[1]payroll!$F36*$R$2) -> 71318.172 | T36: =+N36-R36 -> 0 | V36: =+R36/N36 -> 1
A37: A303 | B37: Texas Facilities Commission | C37: 78019.31 | D37: 59867.38 | E37: 55923.78 | G37: =IF(SUM(C37:E37)>0,AVERAGE(C37:E37),0) -> 64603.49 | H37: 1 | J37: =+G37*H37 -> 64603.49 | L37: =+J37/$J$264 -> 0.0017841849 | N37: =L37*([1]assessment!$J$272*[1]assessment!$F$3) -> 64259.979 | P37: =N37/[1]payroll!$F37 -> 0.0024887443 | R37: =IF(P37<$R$2,N37,[1]payroll!$F37*$R$2) -> 64259.979 | T37: =+N37-R37 -> 0 | V37: =+R37/N37 -> 1
A38: A304 | B38: Comptroller of Public Accounts, State | C38: 101465.2 | D38: 70789.27 | E38: 55185.35 | G38: =IF(SUM(C38:E38)>0,AVERAGE(C38:E38),0) -> 75813.273 | H38: 1 | J38: =+G38*H38 -> 75813.273 | L38: =+J38/$J$264 -> 0.0020937707 | N38: =L38*([1]assessment!$J$272*[1]assessment!$F$3) -> 75410.157 | P38: =N38/[1]payroll!$F38 -> 0.00036846341 | R38: =IF(P38<$R$2,N38,[1]payroll!$F38*$R$2) -> 75410.157 | T38: =+N38-R38 -> 0 | V38: =+R38/N38 -> 1
A39: A305 | B39: General Land Office | C39: 1389.94 | D39: 4763.45 | E39: 484.22 | G39: =IF(SUM(C39:E39)>0,AVERAGE(C39:E39),0) -> 2212.5367 | H39: 1 | J39: =+G39*H39 -> 2212.5367 | L39: =+J39/$J$264 -> 6.1104663e-05 | N39: =L39*([1]assessment!$J$272*[1]assessment!$F$3) -> 2200.7721 | P39: =N39/[1]payroll!$F39 -> 3.1965745e-05 | R39: =IF(P39<$R$2,N39,[1]payroll!$F39*$R$2) -> 2200.7721 | T39: =+N39-R39 -> 0 | V39: =+R39/N39 -> 1
A40: A306 | B40: Library and Archives Commission | C40: 1171.48 | D40: 2686.25 | E40: 2629.79 | G40: =IF(SUM(C40:E40)>0,AVERAGE(C40:E40),0) -> 2162.5067 | H40: 1 | J40: =+G40*H40 -> 2162.5067 | L40: =+J40/$J$264 -> 5.9722961e-05 | N40: =L40*([1]assessment!$J$272*[1]assessment!$F$3) -> 2151.0081 | P40: =N40/[1]payroll!$F40 -> 0.00024002752 | R40: =IF(P40<$R$2,N40,[1]payroll!$F40*$R$2) -> 2151.0081 | T40: =+N40-R40 -> 0 | V40: =+R40/N40 -> 1
A41: A307 | B41: Secretary of State | C41: 11363.78 | D41: 730.6 | E41: 0 | G41: =IF(SUM(C41:E41)>0,AVERAGE(C41:E41),0) -> 4031.46 | H41: 1 | J41: =+G41*H41 -> 4031.46 | L41: =+J41/$J$264 -> 0.00011133872 | N41: =L41*([1]assessment!$J$272*[1]assessment!$F$3) -> 4010.0238 | P41: =N41/[1]payroll!$F41 -> 0.00027633896 | R41: =IF(P41<$R$2,N41,[1]payroll!$F41*$R$2) -> 4010.0238 | T41: =+N41-R41 -> 0 | V41: =+R41/N41 -> 1
A42: A308 | B42: State Auditor's Office | C42: 0 | D42: 0 | E42: 3486.35 | G42: =IF(SUM(C42:E42)>0,AVERAGE(C42:E42),0) -> 1162.1167 | H42: 1 | J42: =+G42*H42 -> 1162.1167 | L42: =+J42/$J$264 -> 3.2094721e-05 | N42: =L42*([1]assessment!$J$272*[1]assessment!$F$3) -> 1155.9374 | P42: =N42/[1]payroll!$F42 -> 6.8290809e-05 | R42: =IF(P42<$R$2,N42,[1]payroll!$F42*$R$2) -> 1155.9374 | T42: =+N42-R42 -> 0 | V42: =+R42/N42 -> 1
A43: A312 | B43: Securities Board | C43: 0 | D43: 0 | E43: 0 | G43: =IF(SUM(C43:E43)>0,AVERAGE(C43:E43),0) -> 0 | H43: 1 | J43: =+G43*H43 -> 0 | L43: =+J43/$J$264 -> 0 | N43: =L43*([1]assessment!$J$272*[1]assessment!$F$3) -> 0 | P43: =N43/[1]payroll!$F43 -> 0 | R43: =IF(P43<$R$2,N43,[1]payroll!$F43*$R$2) -> 0 | T43: =+N43-R43 -> 0 | V43: =+R43/N43 -> #DIV/0!
A44: A313 | B44: Information Resources, Dept. of | C44: 0 | D44: 0 | E44: 328.51 | G44: =IF(SUM(C44:E44)>0,AVERAGE(C44:E44),0) -> 109.50333 | H44: 1 | J44: =+G44*H44 -> 109.50333 | L44: =+J44/$J$264 -> 3.0242049e-06 | N44: =L44*([1]assessment!$J$272*[1]assessment!$F$3) -> 108.92108 | P44: =N44/[1]payroll!$F44 -> 4.7593968e-06 | R44: =IF(P44<$R$2,N44,[1]payroll!$F44*$R$2) -> 108.92108 | T44: =+N44-R44 -> 0 | V44: =+R44/N44 -> 1
A45: A320 | B45: Texas Workforce Commission | C45: =125448.5+3422.9 -> 128871.4 | D45: 164371.8 | E45: 410835.94 | G45: =IF(SUM(C45:E45)>0,AVERAGE(C45:E45),0) -> 234693.05 | H45: 1 | J45: =+G45*H45 -> 234693.05 | L45: =+J45/$J$264 -> 0.0064816279 | N45: =L45*([1]assessment!$J$272*[1]assessment!$F$3) -> 233445.13 | P45: =N45/[1]payroll!$F45 -> 0.00090435431 | R45: =IF(P45<$R$2,N45,[1]payroll!$F45*$R$2) -> 233445.13 | T45: =+N45-R45 -> 0 | V45: =+R45/N45 -> 1
A46: A326 | B46: Texas Emergency Services Retirement System | C46: 0 | D46: 0 | E46: 0 | G46: =IF(SUM(C46:E46)>0,AVERAGE(C46:E46),0) -> 0 | H46: 1 | J46: =+G46*H46 -> 0 | L46: =+J46/$J$264 -> 0 | N46: =L46*([1]assessment!$J$272*[1]assessment!$F$3) -> 0 | P46: =N46/[1]payroll!$F46 -> 0 | R46: =IF(P46<$R$2,N46,[1]payroll!$F46*$R$2) -> 0 | T46: =+N46-R46 -> 0 | V46: =+R46/N46 -> #DIV/0!
A47: A329 | B47: Real Estate Commission | C47: 0 | D47: 0 | E47: 0 | G47: =IF(SUM(C47:E47)>0,AVERAGE(C47:E47),0) -> 0 | H47: 1 | J47: =+G47*H47 -> 0 | L47: =+J47/$J$264 -> 0 | N47: =L47*([1]assessment!$J$272*[1]assessment!$F$3) -> 0 | P47: =N47/[1]payroll!$F47 -> 0 | R47: =IF(P47<$R$2,N47,[1]payroll!$F47*$R$2) -> 0 | T47: =+N47-R47 -> 0 | V47: =+R47/N47 -> #DIV/0!
A48: A332 | B48: Housing and Community Affairs, Dept. of | C48: =10920.61+308 -> 11228.61 | D48: 4156.92 | E48: 0 | G48: =IF(SUM(C48:E48)>0,AVERAGE(C48:E48),0) -> 5128.51 | H48: 1 | J48: =+G48*H48 -> 5128.51 | L48: =+J48/$J$264 -> 0.00014163647 | N48: =L48*([1]assessment!$J$272*[1]assessment!$F$3) -> 5101.2406 | P48: =N48/[1]payroll!$F48 -> 0.00017255235 | R48: =IF(P48<$R$2,N48,[1]payroll!$F48*$R$2) -> 5101.2406 | T48: =+N48-R48 -> 0 | V48: =+R48/N48 -> 1
A49: A338 | B49: Pension Review Board, State | C49: 0 | D49: 0 | E49: 0 | G49: =IF(SUM(C49:E49)>0,AVERAGE(C49:E49),0) -> 0 | H49: 1 | J49: =+G49*H49 -> 0 | L49: =+J49/$J$264 -> 0 | N49: =L49*([1]assessment!$J$272*[1]assessment!$F$3) -> 0 | P49: =N49/[1]payroll!$F49 -> 0 | R49: =IF(P49<$R$2,N49,[1]payroll!$F49*$R$2) -> 0 | T49: =+N49-R49 -> 0 | V49: =+R49/N49 -> #DIV/0!
A50: A347 | B50: Public Finance Authority | C50: 0 | D50: 0 | E50: 0 | G50: =IF(SUM(C50:E50)>0,AVERAGE(C50:E50),0) -> 0 | H50: 1 | J50: =+G50*H50 -> 0 | L50: =+J50/$J$264 -> 0 | N50: =L50*([1]assessment!$J$272*[1]assessment!$F$3) -> 0 | P50: =N50/[1]payroll!$F50 -> 0 | R50: =IF(P50<$R$2,N50,[1]payroll!$F50*$R$2) -> 0 | T50: =+N50-R50 -> 0 | V50: =+R50/N50 -> #DIV/0!
A51: A352 | B51: Bond Review Board | C51: 0 | D51: 0 | E51: 0 | G51: =IF(SUM(C51:E51)>0,AVERAGE(C51:E51),0) -> 0 | H51: 1 | J51: =+G51*H51 -> 0 | L51: =+J51/$J$264 -> 0 | N51: =L51*([1]assessment!$J$272*[1]assessment!$F$3) -> 0 | P51: =N51/[1]payroll!$F51 -> 0 | R51: =IF(P51<$R$2,N51,[1]payroll!$F51*$R$2) -> 0 | T51: =+N51-R51 -> 0 | V51: =+R51/N51 -> #DIV/0!
A52: A356 | B52: Ethics Commission | C52: 0 | D52: 0 | E52: 0 | G52: =IF(SUM(C52:E52)>0,AVERAGE(C52:E52),0) -> 0 | H52: 1 | J52: =+G52*H52 -> 0 | L52: =+J52/$J$264 -> 0 | N52: =L52*([1]assessment!$J$272*[1]assessment!$F$3) -> 0 | P52: =N52/[1]payroll!$F52 -> 0 | R52: =IF(P52<$R$2,N52,[1]payroll!$F52*$R$2) -> 0 | T52: =+N52-R52 -> 0 | V52: =+R52/N52 -> #DIV/0!
A53: A359 | B53: Office of Public Insurance Counsel | C53: 0 | D53: 0 | E53: 0 | G53: =IF(SUM(C53:E53)>0,AVERAGE(C53:E53),0) -> 0 | H53: 1 | J53: =+G53*H53 -> 0 | L53: =+J53/$J$264 -> 0 | N53: =L53*([1]assessment!$J$272*[1]assessment!$F$3) -> 0 | P53: =N53/[1]payroll!$F53 -> 0 | R53: =IF(P53<$R$2,N53,[1]payroll!$F53*$R$2) -> 0 | T53: =+N53-R53 -> 0 | V53: =+R53/N53 -> #DIV/0!
A54: A360 | B54: State Office of Administrative Hearings | C54: 0 | D54: 0 | E54: 2084.2 | G54: =IF(SUM(C54:E54)>0,AVERAGE(C54:E54),0) -> 694.73333 | H54: 1 | J54: =+G54*H54 -> 694.73333 | L54: =+J54/$J$264 -> 1.9186776e-05 | N54: =L54*([1]assessment!$J$272*[1]assessment!$F$3) -> 691.03928 | P54: =N54/[1]payroll!$F54 -> 7.3132159e-05 | R54: =IF(P54<$R$2,N54,[1]payroll!$F54*$R$2) -> 691.03928 | T54: =+N54-R54 -> 0 | V54: =+R54/N54 -> 1
A55: A364 | B55: Health Professions Council | C55: 0 | D55: 0 | E55: 0 | G55: =IF(SUM(C55:E55)>0,AVERAGE(C55:E55),0) -> 0 | H55: 1 | J55: =+G55*H55 -> 0 | L55: =+J55/$J$264 -> 0 | N55: =L55*([1]assessment!$J$272*[1]assessment!$F$3) -> 0 | P55: =N55/[1]payroll!$F55 -> 0 | R55: =IF(P55<$R$2,N55,[1]payroll!$F55*$R$2) -> 0 | T55: =+N55-R55 -> 0 | V55: =+R55/N55 -> #DIV/0!
A56: A401 | B56: Texas Military Department | C56: =367135.3+1500 -> 368635.3 | D56: 564382.78 | E56: 454253.3 | G56: =IF(SUM(C56:E56)>0,AVERAGE(C56:E56),0) -> 462423.79 | H56: 1 | J56: =+G56*H56 -> 462423.79 | L56: =+J56/$J$264 -> 0.012770975 | N56: =L56*([1]assessment!$J$272*[1]assessment!$F$3) -> 459964.98 | P56: =N56/[1]payroll!$F56 -> 0.00089757627 | R56: =IF(P56<$R$2,N56,[1]payroll!$F56*$R$2) -> 459964.98 | T56: =+N56-R56 -> 0 | V56: =+R56/N56 -> 1
A57: A403 | B57: Veterans Commission | C57: 1631.33 | D57: 26892.95 | E57: 6518.73 | G57: =IF(SUM(C57:E57)>0,AVERAGE(C57:E57),0) -> 11681.003 | H57: 1 | J57: =+G57*H57 -> 11681.003 | L57: =+J57/$J$264 -> 0.00032259975 | N57: =L57*([1]assessment!$J$272*[1]assessment!$F$3) -> 11618.893 | P57: =N57/[1]payroll!$F57 -> 0.00047635502 | R57: =IF(P57<$R$2,N57,[1]payroll!$F57*$R$2) -> 11618.893 | T57: =+N57-R57 -> 0 | V57: =+R57/N57 -> 1
A58: A405 | B58: Public Safety, Department of | C58: 2465901.6 | D58: 2813987 | E58: 2558173.6 | G58: =IF(SUM(C58:E58)>0,AVERAGE(C58:E58),0) -> 2612687.4 | H58: 1 | J58: =+G58*H58 -> 2612687.4 | L58: =+J58/$J$264 -> 0.072155813 | N58: =L58*([1]assessment!$J$272*[1]assessment!$F$3) -> 2598795.2 | P58: =N58/[1]payroll!$F58 -> 0.0036525447 | R58: =IF(P58<$R$2,N58,[1]payroll!$F58*$R$2) -> 2598795.2 | T58: =+N58-R58 -> 0 | V58: =+R58/N58 -> 1
A59: A407 | B59: Law Enforcement Commission | C59: 0 | D59: 0 | E59: 0 | G59: =IF(SUM(C59:E59)>0,AVERAGE(C59:E59),0) -> 0 | H59: 1 | J59: =+G59*H59 -> 0 | L59: =+J59/$J$264 -> 0 | N59: =L59*([1]assessment!$J$272*[1]assessment!$F$3) -> 0 | P59: =N59/[1]payroll!$F59 -> 0 | R59: =IF(P59<$R$2,N59,[1]payroll!$F59*$R$2) -> 0 | T59: =+N59-R59 -> 0 | V59: =+R59/N59 -> #DIV/0!
A60: A409 | B60: Jail Standards, Commission on | C60: 0 | D60: 0 | E60: 0 | G60: =IF(SUM(C60:E60)>0,AVERAGE(C60:E60),0) -> 0 | H60: 1 | J60: =+G60*H60 -> 0 | L60: =+J60/$J$264 -> 0 | N60: =L60*([1]assessment!$J$272*[1]assessment!$F$3) -> 0 | P60: =N60/[1]payroll!$F60 -> 0 | R60: =IF(P60<$R$2,N60,[1]payroll!$F60*$R$2) -> 0 | T60: =+N60-R60 -> 0 | V60: =+R60/N60 -> #DIV/0!
A61: A411 | B61: Fire Protection, Commission on | C61: 0 | D61: 181.76 | E61: 0 | G61: =IF(SUM(C61:E61)>0,AVERAGE(C61:E61),0) -> 60.586667 | H61: 1 | J61: =+G61*H61 -> 60.586667 | L61: =+J61/$J$264 -> 1.6732504e-06 | N61: =L61*([1]assessment!$J$272*[1]assessment!$F$3) -> 60.264514 | P61: =N61/[1]payroll!$F61 -> 2.6741e-05 | R61: =IF(P61<$R$2,N61,[1]payroll!$F61*$R$2) -> 60.264514 | T61: =+N61-R61 -> 0 | V61: =+R61/N61 -> 1
A62: A448 | B62: Office of Injured Employee Counsel | C62: 0 | D62: 241.85 | E62: 180 | G62: =IF(SUM(C62:E62)>0,AVERAGE(C62:E62),0) -> 140.61667 | H62: 1 | J62: =+G62*H62 -> 140.61667 | L62: =+J62/$J$264 -> 3.8834764e-06 | N62: =L62*([1]assessment!$J$272*[1]assessment!$F$3) -> 139.86898 | P62: =N62/[1]payroll!$F62 -> 1.7950808e-05 | R62: =IF(P62<$R$2,N62,[1]payroll!$F62*$R$2) -> 139.86898 | T62: =+N62-R62 -> 0 | V62: =+R62/N62 -> 1
A63: A450 | B63: Dept of Savings and Mortgage Lending | C63: 0 | D63: 0 | E63: 0 | G63: =IF(SUM(C63:E63)>0,AVERAGE(C63:E63),0) -> 0 | H63: 1 | J63: =+G63*H63 -> 0 | L63: =+J63/$J$264 -> 0 | N63: =L63*([1]assessment!$J$272*[1]assessment!$F$3) -> 0 | P63: =N63/[1]payroll!$F63 -> 0 | R63: =IF(P63<$R$2,N63,[1]payroll!$F63*$R$2) -> 0 | T63: =+N63-R63 -> 0 | V63: =+R63/N63 -> #DIV/0!
A64: A451 | B64: Banking, State Department of | C64: 36464.49 | D64: 30563.61 | E64: 33891.77 | G64: =IF(SUM(C64:E64)>0,AVERAGE(C64:E64),0) -> 33639.957 | H64: 1 | J64: =+G64*H64 -> 33639.957 | L64: =+J64/$J$264 -> 0.00092905046 | N64: =L64*([1]assessment!$J$272*[1]assessment!$F$3) -> 33461.086 | P64: =N64/[1]payroll!$F64 -> 0.0016651204 | R64: =IF(P64<$R$2,N64,[1]payroll!$F64*$R$2) -> 33461.086 | T64: =+N64-R64 -> 0 | V64: =+R64/N64 -> 1
A65: A452 | B65: Licensing and Regulation, Dept. of | C65: 8415.62 | D65: -5243.82 | E65: =5025+4612.62 -> 9637.62 | G65: =IF(SUM(C65:E65)>0,AVERAGE(C65:E65),0) -> 4269.8067 | H65: 1 | J65: =+G65*H65 -> 4269.8067 | L65: =+J65/$J$264 -> 0.00011792125 | N65: =L65*([1]assessment!$J$272*[1]assessment!$F$3) -> 4247.1032 | P65: =N65/[1]payroll!$F65 -> 7.5021661e-05 | R65: =IF(P65<$R$2,N65,[1]payroll!$F65*$R$2) -> 4247.1032 | T65: =+N65-R65 -> 0 | V65: =+R65/N65 -> 1
A66: A454 | B66: Insurance, Department of | C66: 78561.75 | D66: 79657.26 | E66: =62493.72-152.5 -> 62341.22 | G66: =IF(SUM(C66:E66)>0,AVERAGE(C66:E66),0) -> 73520.077 | H66: 1 | J66: =+G66*H66 -> 73520.077 | L66: =+J66/$J$264 -> 0.0020304384 | N66: =L66*([1]assessment!$J$272*[1]assessment!$F$3) -> 73129.154 | P66: =N66/[1]payroll!$F66 -> 0.0008467619 | R66: =IF(P66<$R$2,N66,[1]payroll!$F66*$R$2) -> 73129.154 | T66: =+N66-R66 -> 0 | V66: =+R66/N66 -> 1
A67: A455 | B67: Railroad Commission | C67: 6827.18 | D67: 1130.38 | E67: 20439.12 | G67: =IF(SUM(C67:E67)>0,AVERAGE(C67:E67),0) -> 9465.56 | H67: 1 | J67: =+G67*H67 -> 9465.56 | L67: =+J67/$J$264 -> 0.00026141481 | N67: =L67*([1]assessment!$J$272*[1]assessment!$F$3) -> 9415.2295 | P67: =N67/[1]payroll!$F67 -> 0.0001289538 | R67: =IF(P67<$R$2,N67,[1]payroll!$F67*$R$2) -> 9415.2295 | T67: =+N67-R67 -> 0 | V67: =+R67/N67 -> 1
A68: A456 | B68: Plumbing Examiners, State Board of | C68: 0 | D68: 0 | E68: 0 | G68: =IF(SUM(C68:E68)>0,AVERAGE(C68:E68),0) -> 0 | H68: 1 | J68: =+G68*H68 -> 0 | L68: =+J68/$J$264 -> 0 | N68: =L68*([1]assessment!$J$272*[1]assessment!$F$3) -> 0 | P68: =N68/[1]payroll!$F68 -> 0 | R68: =IF(P68<$R$2,N68,[1]payroll!$F68*$R$2) -> 0 | T68: =+N68-R68 -> 0 | V68: =+R68/N68 -> #DIV/0!
A69: A457 | B69: Public Accountancy, State Board of | C69: 0 | D69: 7079.61 | E69: 9214.13 | G69: =IF(SUM(C69:E69)>0,AVERAGE(C69:E69),0) -> 5431.2467 | H69: 1 | J69: =+G69*H69 -> 5431.2467 | L69: =+J69/$J$264 -> 0.00014999729 | N69: =L69*([1]assessment!$J$272*[1]assessment!$F$3) -> 5402.3675 | P69: =N69/[1]payroll!$F69 -> 0.0017084444 | R69: =IF(P69<$R$2,N69,[1]payroll!$F69*$R$2) -> 5402.3675 | T69: =+N69-R69 -> 0 | V69: =+R69/N69 -> 1
A70: A458 | B70: Alcoholic Beverage Commission | C70: 43954.79 | D70: 24151.74 | E70: 66777.84 | G70: =IF(SUM(C70:E70)>0,AVERAGE(C70:E70),0) -> 44961.457 | H70: 1 | J70: =+G70*H70 -> 44961.457 | L70: =+J70/$J$264 -> 0.0012417216 | N70: =L70*([1]assessment!$J$272*[1]assessment!$F$3) -> 44722.387 | P70: =N70/[1]payroll!$F70 -> 0.0011688565 | R70: =IF(P70<$R$2,N70,[1]payroll!$F70*$R$2) -> 44722.387 | T70: =+N70-R70 -> 0 | V70: =+R70/N70 -> 1
A71: A459 | B71: Architectural Examiners, Board of | C71: 0 | D71: 0 | E71: 0 | G71: =IF(SUM(C71:E71)>0,AVERAGE(C71:E71),0) -> 0 | H71: 1 | J71: =+G71*H71 -> 0 | L71: =+J71/$J$264 -> 0 | N71: =L71*([1]assessment!$J$272*[1]assessment!$F$3) -> 0 | P71: =N71/[1]payroll!$F71 -> 0 | R71: =IF(P71<$R$2,N71,[1]payroll!$F71*$R$2) -> 0 | T71: =+N71-R71 -> 0 | V71: =+R71/N71 -> #DIV/0!
A72: A460 | B72: Professional Engineers and Land Surveyors, Texas Board of | C72: 0 | D72: 0 | E72: 0 | G72: =IF(SUM(C72:E72)>0,AVERAGE(C72:E72),0) -> 0 | H72: 1 | J72: =+G72*H72 -> 0 | L72: =+J72/$J$264 -> 0 | N72: =L72*([1]assessment!$J$272*[1]assessment!$F$3) -> 0 | P72: =N72/[1]payroll!$F72 -> 0 | R72: =IF(P72<$R$2,N72,[1]payroll!$F72*$R$2) -> 0 | T72: =+N72-R72 -> 0 | V72: =+R72/N72 -> #DIV/0!
A73: A466 | B73: Consumer Credit Commissioner, Office of | C73: 0 | D73: 0 | E73: 0 | G73: =IF(SUM(C73:E73)>0,AVERAGE(C73:E73),0) -> 0 | H73: 1 | J73: =+G73*H73 -> 0 | L73: =+J73/$J$264 -> 0 | N73: =L73*([1]assessment!$J$272*[1]assessment!$F$3) -> 0 | P73: =N73/[1]payroll!$F73 -> 0 | R73: =IF(P73<$R$2,N73,[1]payroll!$F73*$R$2) -> 0 | T73: =+N73-R73 -> 0 | V73: =+R73/N73 -> #DIV/0!
A74: A469 | B74: Credit Union Department | C74: 0 | D74: 0 | E74: 0 | G74: =IF(SUM(C74:E74)>0,AVERAGE(C74:E74),0) -> 0 | H74: 1 | J74: =+G74*H74 -> 0 | L74: =+J74/$J$264 -> 0 | N74: =L74*([1]assessment!$J$272*[1]assessment!$F$3) -> 0 | P74: =N74/[1]payroll!$F74 -> 0 | R74: =IF(P74<$R$2,N74,[1]payroll!$F74*$R$2) -> 0 | T74: =+N74-R74 -> 0 | V74: =+R74/N74 -> #DIV/0!
A75: A473 | B75: Public Utility Commission of Texas | C75: 0 | D75: 0 | E75: 534.24 | G75: =IF(SUM(C75:E75)>0,AVERAGE(C75:E75),0) -> 178.08 | H75: 1 | J75: =+G75*H75 -> 178.08 | L75: =+J75/$J$264 -> 4.9181189e-06 | N75: =L75*([1]assessment!$J$272*[1]assessment!$F$3) -> 177.13311 | P75: =N75/[1]payroll!$F75 -> 8.4150414e-06 | R75: =IF(P75<$R$2,N75,[1]payroll!$F75*$R$2) -> 177.13311 | T75: =+N75-R75 -> 0 | V75: =+R75/N75 -> 1
A76: A475 | B76: Public Utility Counsel, Office of | C76: 0 | D76: 0 | E76: 0 | G76: =IF(SUM(C76:E76)>0,AVERAGE(C76:E76),0) -> 0 | H76: 1 | J76: =+G76*H76 -> 0 | L76: =+J76/$J$264 -> 0 | N76: =L76*([1]assessment!$J$272*[1]assessment!$F$3) -> 0 | P76: =N76/[1]payroll!$F76 -> 0 | R76: =IF(P76<$R$2,N76,[1]payroll!$F76*$R$2) -> 0 | T76: =+N76-R76 -> 0 | V76: =+R76/N76 -> #DIV/0!
A77: A476 | B77: Racing Commission | C77: 0 | D77: 0 | E77: 0 | G77: =IF(SUM(C77:E77)>0,AVERAGE(C77:E77),0) -> 0 | H77: 1 | J77: =+G77*H77 -> 0 | L77: =+J77/$J$264 -> 0 | N77: =L77*([1]assessment!$J$272*[1]assessment!$F$3) -> 0 | P77: =N77/[1]payroll!$F77 -> 0 | R77: =IF(P77<$R$2,N77,[1]payroll!$F77*$R$2) -> 0 | T77: =+N77-R77 -> 0 | V77: =+R77/N77 -> #DIV/0!
A78: A477 | B78: Commission on State Emergency Communication | C78: 0 | D78: 0 | E78: 0 | G78: =IF(SUM(C78:E78)>0,AVERAGE(C78:E78),0) -> 0 | H78: 1 | J78: =+G78*H78 -> 0 | L78: =+J78/$J$264 -> 0 | N78: =L78*([1]assessment!$J$272*[1]assessment!$F$3) -> 0 | P78: =N78/[1]payroll!$F78 -> 0 | R78: =IF(P78<$R$2,N78,[1]payroll!$F78*$R$2) -> 0 | T78: =+N78-R78 -> 0 | V78: =+R78/N78 -> #DIV/0!
... A88: A515 | B88: Pharmacy, Board of | C88: 0 | D88: 618.06 | E88: 180 | G88: =IF(SUM(C88:E88)>0,AVERAGE(C88:E88),0) -> 266.02 | H88: 1 | J88: =+G88*H88 -> 266.02 | L88: =+J88/$J$264 -> 7.3467991e-06 | N88: =L88*([1]assessment!$J$272*[1]assessment!$F$3) -> 264.60551 | P88: =N88/[1]payroll!$F88 -> 4.0891697e-05 | R88: =IF(P88<$R$2,N88,[1]payroll!$F88*$R$2) -> 264.60551 | T88: =+N88-R88 -> 0 | V88: =+R88/N88 -> 1
A89: A529 | B89: Health & Human Services Commission | C89: =64126.44+112+5842882.88+56784.66+16603.11+2250.11+110+6253.29+4261.91+46713.26+470+5599.08+3016.71+6042.02+22986.13+970+4660.38+10088.78+1210.68+15637.63+4977.41+4501.75+3079.27+30+40016.18+4556.72+2300.3+8930.09 -> 6179170.8 | D89: =55475.1+6371231.99+131878.63+13132.96+1125.47+4991.71+18368.74+47852.34+995.48+22775.32+502+479.14+7520.14+5319.14+3215.67+4369.53+23154.62+949.36+9024.56 -> 6722361.9 | E89: =57485.6+8402952.17+47791.45+55090.72+4443.12-67.7+49832.37-152.5+1392.74+22373.97+474.64+6147.99+5732.06+1404.66+1634.86+35053.59+903.1+8632 -> 8701124.8 | G89: =IF(SUM(C89:E89)>0,AVERAGE(C89:E89),0) -> 7200885.8 | H89: 1 | J89: =+G89*H89 -> 7200885.8 | L89: =+J89/$J$264 -> 0.19887024 | N89: =L89*([1]assessment!$J$272*[1]assessment!$F$3) -> 7162597.1 | P89: =N89/[1]payroll!$F89 -> 0.0036851018 | R89: =IF(P89<$R$2,N89,[1]payroll!$F89*$R$2) -> 7162597.1 | T89: =+N89-R89 -> 0 | V89: =+R89/N89 -> 1
A90: A530 | B90: Dept. of Family and Protective Services | C90: 1090148 | D90: 511088.26 | E90: 755596.93 | G90: =IF(SUM(C90:E90)>0,AVERAGE(C90:E90),0) -> 785611.07 | H90: 1 | J90: =+G90*H90 -> 785611.07 | L90: =+J90/$J$264 -> 0.021696589 | N90: =L90*([1]assessment!$J$272*[1]assessment!$F$3) -> 781433.8 | P90: =N90/[1]payroll!$F90 -> 0.0011812564 | R90: =IF(P90<$R$2,N90,[1]payroll!$F90*$R$2) -> 781433.8 | T90: =+N90-R90 -> 0 | V90: =+R90/N90 -> 1
A91: A533 | B91: Physical & Occup Therapy Examr, Exec Counc | C91: 0 | D91: 0 | E91: 0 | G91: =IF(SUM(C91:E91)>0,AVERAGE(C91:E91),0) -> 0 | H91: 1 | J91: =+G91*H91 -> 0 | L91: =+J91/$J$264 -> 0 | N91: =L91*([1]assessment!$J$272*[1]assessment!$F$3) -> 0 | P91: =N91/[1]payroll!$F91 -> 0 | R91: =IF(P91<$R$2,N91,[1]payroll!$F91*$R$2) -> 0 | T91: =+N91-R91 -> 0 | V91: =+R91/N91 -> #DIV/0!
A92: A537 | B92: Dept. of State Health Services | C92: =49113.28+162995.48+27943.6+787.9 -> 240840.26 | D92: =136161.41+35938.77+26924.89 -> 199025.07 | E92: =60278.67+92590.39+26416 -> 179285.06 | G92: =IF(SUM(C92:E92)>0,AVERAGE(C92:E92),0) -> 206383.46 | H92: 1 | J92: =+G92*H92 -> 206383.46 | L92: =+J92/$J$264 -> 0.0056997889 | N92: =L92*([1]assessment!$J$272*[1]assessment!$F$3) -> 205286.08 | P92: =N92/[1]payroll!$F92 -> 0.00090917232 | R92: =IF(P92<$R$2,N92,[1]payroll!$F92*$R$2) -> 205286.08 | T92: =+N92-R92 -> 0 | V92: =+R92/N92 -> 1
A93: A542 | B93: Cancer Prevention and Research Institute | C93: 0 | D93: 0 | E93: 0 | G93: =IF(SUM(C93:E93)>0,AVERAGE(C93:E93),0) -> 0 | H93: 1 | J93: =+G93*H93 -> 0 | L93: =+J93/$J$264 -> 0 | N93: =L93*([1]assessment!$J$272*[1]assessment!$F$3) -> 0 | P93: =N93/[1]payroll!$F93 -> 0 | R93: =IF(P93<$R$2,N93,[1]payroll!$F93*$R$2) -> 0 | T93: =+N93-R93 -> 0 | V93: =+R93/N93 -> #DIV/0!
A94: A551 | B94: Agriculture, Department of | C94: 75758.68 | D94: 17319.42 | E94: 23519.87 | G94: =IF(SUM(C94:E94)>0,AVERAGE(C94:E94),0) -> 38865.99 | H94: 1 | J94: =+G94*H94 -> 38865.99 | L94: =+J94/$J$264 -> 0.0010733803 | N94: =L94*([1]assessment!$J$272*[1]assessment!$F$3) -> 38659.331 | P94: =N94/[1]payroll!$F94 -> 0.00093594181 | R94: =IF(P94<$R$2,N94,[1]payroll!$F94*$R$2) -> 38659.331 | T94: =+N94-R94 -> 0 | V94: =+R94/N94 -> 1
A95: A554 | B95: Animal Health Commission | C95: 125483.81 | D95: 43107.58 | E95: 29127.86 | G95: =IF(SUM(C95:E95)>0,AVERAGE(C95:E95),0) -> 65906.417 | H95: 1 | J95: =+G95*H95 -> 65906.417 | L95: =+J95/$J$264 -> 0.0018201684 | N95: =L95*([1]assessment!$J$272*[1]assessment!$F$3) -> 65555.978 | P95: =N95/[1]payroll!$F95 -> 0.0059967738 | R95: =IF(P95<$R$2,N95,[1]payroll!$F95*$R$2) -> 65555.978 | T95: =+N95-R95 -> 0 | V95: =+R95/N95 -> 1
A96: A578 | B96: Veterinary Medical Examiners | C96: 0 | D96: 0 | E96: 0 | G96: =IF(SUM(C96:E96)>0,AVERAGE(C96:E96),0) -> 0 | H96: 1 | J96: =+G96*H96 -> 0 | L96: =+J96/$J$264 -> 0 | N96: =L96*([1]assessment!$J$272*[1]assessment!$F$3) -> 0 | P96: =N96/[1]payroll!$F96 -> 0 | R96: =IF(P96<$R$2,N96,[1]payroll!$F96*$R$2) -> 0 | T96: =+N96-R96 -> 0 | V96: =+R96/N96 -> #DIV/0!
A97: A580 | B97: Water Development Board | C97: 0 | D97: 0 | E97: 557.81 | G97: =IF(SUM(C97:E97)>0,AVERAGE(C97:E97),0) -> 185.93667 | H97: 1 | J97: =+G97*H97 -> 185.93667 | L97: =+J97/$J$264 -> 5.1351001e-06 | N97: =L97*([1]assessment!$J$272*[1]assessment!$F$3) -> 184.948 | P97: =N97/[1]payroll!$F97 -> 5.6396454e-06 | R97: =IF(P97<$R$2,N97,[1]payroll!$F97*$R$2) -> 184.948 | T97: =+N97-R97 -> 0 | V97: =+R97/N97 -> 1
A98: A582 | B98: Texas Comm. on Environmental Quality | C98: 3795.21 | D98: 7307.41 | E98: 42369.29 | G98: =IF(SUM(C98:E98)>0,AVERAGE(C98:E98),0) -> 17823.97 | H98: 1 | J98: =+G98*H98 -> 17823.97 | L98: =+J98/$J$264 -> 0.00049225294 | N98: =L98*([1]assessment!$J$272*[1]assessment!$F$3) -> 17729.196 | P98: =N98/[1]payroll!$F98 -> 9.2814617e-05 | R98: =IF(P98<$R$2,N98,[1]payroll!$F98*$R$2) -> 17729.196 | T98: =+N98-R98 -> 0 | V98: =+R98/N98 -> 1
A99: A592 | B99: Soil & Water Conservation Board | C99: 0 | D99: 0 | E99: 0 | G99: =IF(SUM(C99:E99)>0,AVERAGE(C99:E99),0) -> 0 | H99: 1 | J99: =+G99*H99 -> 0 | L99: =+J99/$J$264 -> 0 | N99: =L99*([1]assessment!$J$272*[1]assessment!$F$3) -> 0 | P99: =N99/[1]payroll!$F99 -> 0 | R99: =IF(P99<$R$2,N99,[1]payroll!$F99*$R$2) -> 0 | T99: =+N99-R99 -> 0 | V99: =+R99/N99 -> #DIV/0!
A100: A608 | B100: Department of Motor Vehicles | C100: 49183.59 | D100: 84231.88 | E100: 87367.28 | G100: =IF(SUM(C100:E100)>0,AVERAGE(C100:E100),0) -> 73594.25 | H100: 1 | J100: =+G100*H100 -> 73594.25 | L100: =+J100/$J$264 -> 0.0020324869 | N100: =L100*([1]assessment!$J$272*[1]assessment!$F$3) -> 73202.933 | P100: =N100/[1]payroll!$F100 -> 0.0015183263 | R100: =IF(P100<$R$2,N100,[1]payroll!$F100*$R$2) -> 73202.933 | T100: =+N100-R100 -> 0 | V100: =+R100/N100 -> 1
A101: A644 | B101: Texas Juvenile Justice Department | C101: =1789343.55+4768+308+52995.95 -> 1847415.5 | D101: =1693181.55+67869.47 -> 1761051 | E101: =1926339.78+53395.72 -> 1979735.5 | G101: =IF(SUM(C101:E101)>0,AVERAGE(C101:E101),0) -> 1862734 | H101: 1 | J101: =+G101*H101 -> 1862734 | L101: =+J101/$J$264 -> 0.051443998 | N101: =L101*([1]assessment!$J$272*[1]assessment!$F$3) -> 1852829.4 | P101: =N101/[1]payroll!$F101 -> 0.015476376 | R101: =IF(P101<$R$2,N101,[1]payroll!$F101*$R$2) -> 1852829.4 | T101: =+N101-R101 -> 0 | V101: =+R101/N101 -> 1
A102: A696 | B102: Criminal Justice, Department of | C102: =15941741.7+253.74 -> 15941995 | D102: 17309253 | E102: 16427795 | G102: =IF(SUM(C102:E102)>0,AVERAGE(C102:E102),0) -> 16559681 | H102: 1 | J102: =+G102*H102 -> 16559681 | L102: =+J102/$J$264 -> 0.45733648 | N102: =L102*([1]assessment!$J$272*[1]assessment!$F$3) -> 16471630 | P102: =N102/[1]payroll!$F102 -> 0.011005661 | R102: =IF(P102<$R$2,N102,[1]payroll!$F102*$R$2) -> 16471630 | T102: =+N102-R102 -> 0 | V102: =+R102/N102 -> 1
A103: WSD | B103: Windham School District | C103: 66684.58 | D103: 39883.65 | E103: 128155.51 | G103: =IF(SUM(C103:E103)>0,AVERAGE(C103:E103),0) -> 78241.247 | H103: 1 | J103: =+G103*H103 -> 78241.247 | L103: =+J103/$J$264 -> 0.0021608252 | N103: =L103*([1]assessment!$J$272*[1]assessment!$F$3) -> 77825.221 | P103: =N103/[1]payroll!$F103 -> 0.0013679473 | R103: =IF(P103<$R$2,N103,[1]payroll!$F103*$R$2) -> 77825.221 | T103: =+N103-R103 -> 0 | V103: =+R103/N103 -> 1
A104: A701 | B104: Education Agency, Texas | C104: 1465.98 | D104: 1354.02 | E104: 2898.87 | G104: =IF(SUM(C104:E104)>0,AVERAGE(C104:E104),0) -> 1906.29 | H104: 1 | J104: =+G104*H104 -> 1906.29 | L104: =+J104/$J$264 -> 5.2646905e-05 | N104: =L104*([1]assessment!$J$272*[1]assessment!$F$3) -> 1896.1538 | P104: =N104/[1]payroll!$F104 -> 1.7515211e-05 | R104: =IF(P104<$R$2,N104,[1]payroll!$F104*$R$2) -> 1896.1538 | T104: =+N104-R104 -> 0 | V104: =+R104/N104 -> 1
A105: A706 | B105: Texas Permanent School Fund Corporation | C105: 0 | D105: 0 | E105: 0 | G105: =IF(SUM(C105:E105)>0,AVERAGE(C105:E105),0) -> 0 | H105: 1 | J105: =+G105*H105 -> 0 | L105: =+J105/$J$264 -> 0 | N105: =L105*([1]assessment!$J$272*[1]assessment!$F$3) -> 0 | P105: =N105/[1]payroll!$F105 -> 0 | R105: =IF(P105<$R$2,N105,[1]payroll!$F105*$R$2) -> 0 | T105: =+N105-R105 -> 0 | V105: =+R105/N105 -> #DIV/0!
A106: A717 | B106: Texas Southern University | C106: 87089.95 | D106: 140002.92 | E106: 77797.19 | G106: =IF(SUM(C106:E106)>0,AVERAGE(C106:E106),0) -> 101630.02 | H106: 1 | J106: =+G106*H106 -> 101630.02 | L106: =+J106/$J$264 -> 0.0028067639 | N106: =L106*([1]assessment!$J$272*[1]assessment!$F$3) -> 101089.63 | P106: =N106/[1]payroll!$F106 -> 0.0011508905 | R106: =IF(P106<$R$2,N106,[1]payroll!$F106*$R$2) -> 101089.63 | T106: =+N106-R106 -> 0 | V106: =+R106/N106 -> 1
A107: A719 | B107: Texas State Technical College - System | C107: 99759.08 | D107: 65669.21 | E107: 67743.21 | G107: =IF(SUM(C107:E107)>0,AVERAGE(C107:E107),0) -> 77723.833 | H107: 1 | J107: =+G107*H107 -> 77723.833 | L107: =+J107/$J$264 -> 0.0021465355 | N107: =L107*([1]assessment!$J$272*[1]assessment!$F$3) -> 77310.559 | P107: =N107/[1]payroll!$F107 -> 0.0006827079 | R107: =IF(P107<$R$2,N107,[1]payroll!$F107*$R$2) -> 77310.559 | T107: =+N107-R107 -> 0 | V107: =+R107/N107 -> 1
A108: A730 | B108: University of Houston | C108: 322583.12 | D108: 375535.38 | E108: 342937.41 | G108: =IF(SUM(C108:E108)>0,AVERAGE(C108:E108),0) -> 347018.64 | H108: 1 | J108: =+G108*H108 -> 347018.64 | L108: =+J108/$J$264 -> 0.0095837764 | N108: =L108*([1]assessment!$J$272*[1]assessment!$F$3) -> 345173.46 | P108: =N108/[1]payroll!$F108 -> 0.00058352583 | R108: =IF(P108<$R$2,N108,[1]payroll!$F108*$R$2) -> 345173.46 | T108: =+N108-R108 -> 0 | V108: =+R108/N108 -> 1
A109: A731 | B109: Texas Woman's University | C109: 111066.06 | D109: 104852.15 | E109: 185189.51 | G109: =IF(SUM(C109:E109)>0,AVERAGE(C109:E109),0) -> 133702.57 | H109: 1 | J109: =+G109*H109 -> 133702.57 | L109: =+J109/$J$264 -> 0.0036925267 | N109: =L109*([1]assessment!$J$272*[1]assessment!$F$3) -> 132991.65 | P109: =N109/[1]payroll!$F109 -> 0.0010217415 | R109: =IF(P109<$R$2,N109,[1]payroll!$F109*$R$2) -> 132991.65 | T109: =+N109-R109 -> 0 | V109: =+R109/N109 -> 1
A110: A733 | B110: Texas Tech University | C110: =382250.17+3658.89 -> 385909.06 | D110: =616985.74+10256.03 -> 627241.77 | E110: =959287.99+27648.42 -> 986936.41 | G110: =IF(SUM(C110:E110)>0,AVERAGE(C110:E110),0) -> 666695.75 | H110: 1 | J110: =+G110*H110 -> 666695.75 | L110: =+J110/$J$264 -> 0.018412449 | N110: =L110*([1]assessment!$J$272*[1]assessment!$F$3) -> 663150.78 | P110: =N110/[1]payroll!$F110 -> 0.0012838926 | R110: =IF(P110<$R$2,N110,[1]payroll!$F110*$R$2) -> 663150.78 | T110: =+N110-R110 -> 0 | V110: =+R110/N110 -> 1
A111: A734 | B111: Lamar University - Beaumont | C111: 28180.05 | D111: 17709.58 | E111: 88688.78 | G111: =IF(SUM(C111:E111)>0,AVERAGE(C111:E111),0) -> 44859.47 | H111: 1 | J111: =+G111*H111 -> 44859.47 | L111: =+J111/$J$264 -> 0.001238905 | N111: =L111*([1]assessment!$J$272*[1]assessment!$F$3) -> 44620.942 | P111: =N111/[1]payroll!$F111 -> 0.00047051336 | R111: =IF(P111<$R$2,N111,[1]payroll!$F111*$R$2) -> 44620.942 | T111: =+N111-R111 -> 0 | V111: =+R111/N111 -> 1
A112: A735 | B112: Midwestern State University | C112: 29865.26 | D112: 50343.79 | E112: 25152.42 | G112: =IF(SUM(C112:E112)>0,AVERAGE(C112:E112),0) -> 35120.49 | H112: 1 | J112: =+G112*H112 -> 35120.49 | L112: =+J112/$J$264 -> 0.00096993904 | N112: =L112*([1]assessment!$J$272*[1]assessment!$F$3) -> 34933.747 | P112: =N112/[1]payroll!$F112 -> 0.00080984472 | R112: =IF(P112<$R$2,N112,[1]payroll!$F112*$R$2) -> 34933.747 | T112: =+N112-R112 -> 0 | V112: =+R112/N112 -> 1
A113: A737 | B113: Angelo State University | C113: 37610.54 | D113: 32991.1 | E113: 6932.52 | G113: =IF(SUM(C113:E113)>0,AVERAGE(C113:E113),0) -> 25844.72 | H113: 1 | J113: =+G113*H113 -> 25844.72 | L113: =+J113/$J$264 -> 0.00071376575 | N113: =L113*([1]assessment!$J$272*[1]assessment!$F$3) -> 25707.298 | P113: =N113/[1]payroll!$F113 -> 0.00044675334 | R113: =IF(P113<$R$2,N113,[1]payroll!$F113*$R$2) -> 25707.298 | T113: =+N113-R113 -> 0 | V113: =+R113/N113 -> 1
A114: A739 | B114: Texas Tech University Health Sciences Center | C114: 41137.33 | D114: 113124.12 | E114: 170159.42 | G114: =IF(SUM(C114:E114)>0,AVERAGE(C114:E114),0) -> 108140.29 | H114: 1 | J114: =+G114*H114 -> 108140.29 | L114: =+J114/$J$264 -> 0.0029865611 | N114: =L114*([1]assessment!$J$272*[1]assessment!$F$3) -> 107565.28 | P114: =N114/[1]payroll!$F114 -> 0.00025854813 | R114: =IF(P114<$R$2,N114,[1]payroll!$F114*$R$2) -> 107565.28 | T114: =+N114-R114 -> 0 | V114: =+R114/N114 -> 1
A115: A752 | B115: University of North Texas | C115: 324664.57 | D115: 308578.22 | E115: 295139.12 | G115: =IF(SUM(C115:E115)>0,AVERAGE(C115:E115),0) -> 309460.64 | H115: 1 | J115: =+G115*H115 -> 309460.64 | L115: =+J115/$J$264 -> 0.0085465195 | N115: =L115*([1]assessment!$J$272*[1]assessment!$F$3) -> 307815.17 | P115: =N115/[1]payroll!$F115 -> 0.00079658427 | R115: =IF(P115<$R$2,N115,[1]payroll!$F115*$R$2) -> 307815.17 | T115: =+N115-R115 -> 0 | V115: =+R115/N115 -> 1
A116: A753 | B116: Sam Houston State University | C116: 91792.03 | D116: 115506.67 | E116: 89309.44 | G116: =IF(SUM(C116:E116)>0,AVERAGE(C116:E116),0) -> 98869.38 | H116: 1 | J116: =+G116*H116 -> 98869.38 | L116: =+J116/$J$264 -> 0.002730522 | N116: =L116*([1]assessment!$J$272*[1]assessment!$F$3) -> 98343.67 | P116: =N116/[1]payroll!$F116 -> 0.00049945947 | R116: =IF(P116<$R$2,N116,[1]payroll!$F116*$R$2) -> 98343.67 | T116: =+N116-R116 -> 0 | V116: =+R116/N116 -> 1
A117: A754 | B117: Texas State University | C117: 223198.47 | D117: 193532.96 | E117: 231112.07 | G117: =IF(SUM(C117:E117)>0,AVERAGE(C117:E117),0) -> 215947.83 | H117: 1 | J117: =+G117*H117 -> 215947.83 | L117: =+J117/$J$264 -> 0.0059639326 | N117: =L117*([1]assessment!$J$272*[1]assessment!$F$3) -> 214799.59 | P117: =N117/[1]payroll!$F117 -> 0.0006286537 | R117: =IF(P117<$R$2,N117,[1]payroll!$F117*$R$2) -> 214799.59 | T117: =+N117-R117 -> 0 | V117: =+R117/N117 -> 1
A118: A756 | B118: Sul Ross State University | C118: 8636.17 | D118: 16071.09 | E118: 42917.57 | G118: =IF(SUM(C118:E118)>0,AVERAGE(C118:E118),0) -> 22541.61 | H118: 1 | J118: =+G118*H118 -> 22541.61 | L118: =+J118/$J$264 -> 0.00062254221 | N118: =L118*([1]assessment!$J$272*[1]assessment!$F$3) -> 22421.751 | P118: =N118/[1]payroll!$F118 -> 0.00099989132 | R118: =IF(P118<$R$2,N118,[1]payroll!$F118*$R$2) -> 22421.751 | T118: =+N118-R118 -> 0 | V118: =+R118/N118 -> 1
A119: A758 | B119: Texas State University System Administration | C119: 0 | D119: 0 | E119: 0 | G119: =IF(SUM(C119:E119)>0,AVERAGE(C119:E119),0) -> 0 | H119: 1 | J119: =+G119*H119 -> 0 | L119: =+J119/$J$264 -> 0 | N119: =L119*([1]assessment!$J$272*[1]assessment!$F$3) -> 0 | P119: =N119/[1]payroll!$F119 -> 0 | R119: =IF(P119<$R$2,N119,[1]payroll!$F119*$R$2) -> 0 | T119: =+N119-R119 -> 0 | V119: =+R119/N119 -> #DIV/0!
A120: A759 | B120: University of Houston - Clear Lake | C120: 54227.47 | D120: 63941.05 | E120: 214892.61 | G120: =IF(SUM(C120:E120)>0,AVERAGE(C120:E120),0) -> 111020.38 | H120: 1 | J120: =+G120*H120 -> 111020.38 | L120: =+J120/$J$264 -> 0.0030661018 | N120: =L120*([1]assessment!$J$272*[1]assessment!$F$3) -> 110430.06 | P120: =N120/[1]payroll!$F120 -> 0.001457639 | R120: =IF(P120<$R$2,N120,[1]payroll!$F120*$R$2) -> 110430.06 | T120: =+N120-R120 -> 0 | V120: =+R120/N120 -> 1
A121: A763 | B121: Univ. of North Texas Health Science Center | C121: 122033.02 | D121: 154077.32 | E121: 95434.92 | G121: =IF(SUM(C121:E121)>0,AVERAGE(C121:E121),0) -> 123848.42 | H121: 1 | J121: =+G121*H121 -> 123848.42 | L121: =+J121/$J$264 -> 0.0034203799 | N121: =L121*([1]assessment!$J$272*[1]assessment!$F$3) -> 123189.89 | P121: =N121/[1]payroll!$F121 -> 0.00097668295 | R121: =IF(P121<$R$2,N121,[1]payroll!$F121*$R$2) -> 123189.89 | T121: =+N121-R121 -> 0 | V121: =+R121/N121 -> 1
A122: A769 | B122: University of North Texas System Administration | C122: 0 | D122: 1500.88 | E122: 20020.07 | G122: =IF(SUM(C122:E122)>0,AVERAGE(C122:E122),0) -> 7173.65 | H122: 1 | J122: =+G122*H122 -> 7173.65 | L122: =+J122/$J$264 -> 0.00019811806 | N122: =L122*([1]assessment!$J$272*[1]assessment!$F$3) -> 7135.5061 | P122: =N122/[1]payroll!$F122 -> 0.00020757056 | R122: =IF(P122<$R$2,N122,[1]payroll!$F122*$R$2) -> 7135.5061 | T122: =+N122-R122 -> 0 | V122: =+R122/N122 -> 1
... A261: C252 | B261: Young | C261: 0 | D261: 0 | E261: 0 | G261: =IF(SUM(C261:E261)>0,AVERAGE(C261:E261),0) -> 0 | H261: 1 | J261: =+G261*H261 -> 0 | L261: =+J261/$J$264 -> 0 | N261: =L261*([1]assessment!$J$272*[1]assessment!$F$3) -> 0 | P261: =N261/[1]payroll!$F261 -> 0 | R261: =IF(P261<$R$2,N261,[1]payroll!$F261*$R$2) -> 0 | T261: =+N261-R261 -> 0 | V261: =+R261/N261 -> #DIV/0!
...
